Workbook
Name TICKER: #REF!

Sheet SPLASH

Sheet STATISTICS
B2: =E17 -> 234 | C2: 0 | D2: DD-25-10A
C4: Transaction count
C5: CR | D5: 1 | E5: =COUNT(CR!G:G,">0") -> 4
C6: PJ | D6: =D5+1 -> 2 | E6: =COUNT(PJ!G:G,">0") -> 5
C7: CCJ | D7: =D6+1 -> 3 | E7: =COUNT(CCJ!G:G,">0") -> 8
C8: WJ | D8: =D7+1 -> 4 | E8: =COUNT(WJ!H:H,">0") -> 7
C9: CD | D9: =D8+1 -> 5 | E9: =COUNTIF(CD!L:L,"<0") -> 10
C10: SJ | D10: =D9+1 -> 6 | E10: =COUNTIF(SJ!L:L,">0") -> 5
C11: GJ | D11: =D10+1 -> 7 | E11: =COUNT(GJ!H:H,">0") -> 0
C12: BK_CDN | D12: =D11+1 -> 8 | E12: =COUNT(BK_CDN!K:K,">0") -> 78
C13: BK_US | D13: =D12+1 -> 9 | E13: =COUNT(BK_US!K:K,">0") -> 27
C14: BALFWD | D14: =D13+1 -> 10 | E14: =COUNT(BALFWD!G:G,">0") -> 90
C17: TOTAL | E17: =SUM(E5:E16) -> 234
C21: Failed login attempts
C23: Version ID | E23: DD-25-10A

Sheet REGISTRATION
B3: E Z LEDGERS INC. REGISTRATION | D3: Status
B5: Enter your registration key | C5: A5A33e9k | D5: =IF(C5="","❌ UNREGISTERED",IF(OR(C5="EZLEDGER2024",C5="ACCTPRO25",C5="BUDGETMASTER",C5="INVEST2024",C5="A5A33e9k",C5="A5M33e9k"),"✅ REGISTERED","❌ INVALID KEY")) -> ✅ REGISTERED

Sheet TABLE OF CONTENTS
C2: =UPPER(COA!B2) -> ANONYMOUS COMPANY
C3: ="FOR THE YEAR ENDED "&UPPER(TEXT(COA!$B$4,"MMMM DD, YYYY")) -> FOR THE YEAR ENDED DECEMBER 31, 2025
C4: INDEX
C7: WORKSHEET | D7: CONTENT | E7: CATEGORY
C9: Splash | D9: Go to Splash
C10: FS_2YRS | D10: COMPARATIVE 2 YEAR FINANICAL STATEMENTS | E10: FINANICAL STATEMENTS
C11: FS_5YRS | D11: COMPARATIVE 5 YEAR FINANICAL STATEMENTS
C12: Ai PROMPT AND RESPONSE | D12: Ai PROMPT AND RESPONSE | E12: AI PROMPT AND RESPONSE
C13: TB_FS | D13: GENERAL LEDGER TRAIL BALANCE BY FSLINE | E13: POWER QUERY REPORTS
C14: PT_TB | D14: GENERAL LEDGER TRAIL BALANCE
C15: PT_GL | D15: GENERAL LEDGER
C16: A | D16: CASH | E16: LEAD SHEETS
C17: A1 | D17: BANK RECONCILATION
C18: B | D18: MARKETABLE SECURITIES -HOLDINGS
C19: B.1 | D19: MARKETABLE SECURITIES TRADES
C20: C | D20: ACCOUNTS RECEIVABLE
C21: C.1 | D21: ACCOUNTS RECEIVABLE LISTING
C22: U | D22: CAPITAL ASSETS
C23: U1 | D23: CAPITAL ASSETS CONTINUITY SCHEDULE
C24: BB | D24: ACCOUNTS PAYABLE
C25: BB1 | D25: ACCOUNTS PAYABLE LISTING
C26: DD | D26: GOVERNMENT REMITTANCES
C27: FF | D27: CORPORATE INCOME TAX
C28: GG | D28: DUE TO RELATED PARTIES
... C30: UU | D30: SHAREHOLDERS' EQUITY
C31: T_Wksheet | D31: WORKING PAPER TEMPLATE | E31: TEMPLATES
C32: RPT_CHEQUE | D32: CHEQUE TEMPLATE
C33: RPT INVOICE | D33: INVOICE TEMPLATE
C34: CR | D34: CASH RECEIPTS JOURNAL | E34: BOOKS OF ORGINAL ENTRY
C35: PJ | D35: PURCHASE JOURNAL
C36: CCJ | D36: CREDIT CARD JOURNAL | BB36: =CR!BC1
C37: WJ | D37: WAGE JOURNAL
C38: WJ_SUM | D38: WAGE SUM JOURNAL
C39: CD | D39: CHEQUE DISBURSEMENTS JOURNALS
C40: SJ | D40: SALES JOURNAL
C41: GJ | D41: GENERAL JOURNAL
C42: BK_CDN | D42: CANADIAN BROKER JOURNAL
C43: BK_US | D43: US BROKER JOURNAL
C44: BALFWD | D44: OPENING BALANCES
C45: COA | D45: CHART OF ACCOUNTS | E45: MASTER FILES
C46: VENDORS | D46: VENDOR MASTER FILE
C47: SYMBOLS | D47: MASTER SYMBOL FILE
C48: Broker_mapping | D48: MAPPING OF BROKERS TRANSACTIONS TO TRANSACTION TYPE
C49: STAFF | D49: EMPLOYEE MASTER FILE
C50: CUSTOMERS | D50: MASTER CUSTOMER FILE

Sheet CC
A1: =D16 -> 243 | B1: 0 | C1: DD-25-10A
B3: Transaction count
B4: CR | C4: 1 | D4: =COUNT(CR!G:G,">0") -> 4
B5: PJ | C5: =C4+1 -> 2 | D5: =COUNT(PJ!G:G,">0") -> 5
B6: CCJ | C6: =C5+1 -> 3 | D6: =COUNT(CCJ!J:J,">0") -> 16
B7: WJ | C7: =C6+1 -> 4 | D7: =COUNT(WJ!H:H,">0") -> 7
B8: CD | C8: =C7+1 -> 5 | D8: =COUNTIF(CD!L6:L41,"<0") -> 10
B9: SJ | C9: =C8+1 -> 6 | D9: =COUNTIF(SJ!L9:L35,">0") -> 4
B10: GJ | C10: =C9+1 -> 7 | D10: =COUNT(GJ!G:G,">0") -> 14
B11: BK_CDN | C11: =C10+1 -> 8 | D11: =COUNT(BK_CDN!J:J,">0") -> 67
B12: BK_US | C12: =C11+1 -> 9 | D12: =COUNT(BK_US!J:J,">0") -> 26
B13: BALFWD | C13: =C12+1 -> 10 | D13: =COUNT(BALFWD!G:G,">0") -> 90
B16: TOTAL | D16: =SUM(D4:D15) -> 243
B20: Failed login attempts
B22: Version ID | D22: DD-25-10A

Sheet AL
A1: A1: Timestamp | B1: B1: LicenseKeyAttempt | C1: C1: EventType | D1: D1: Result | E1: E1: Details | F1: F1: ExpirationInfo
A2: 45958.579 | B2: No input | C2: Registration | D2: Failed | E2: No license key entered
A3: 45958.58 | B3: No input | C3: Registration | D3: Failed | E3: No license key entered
A4: 45958.695 | B4: No input | C4: Registration | D4: Failed | E4: No license key entered
A5: 45958.737 | B5: mFCwBh60 | C5: Registration | D5: Failed | E5: Invalid type - 3rd char: C
A6: 45958.738 | B6: A5M33e9k | C6: Registration | D6: Success | E6: Type: M, Days: 31 | F6: Expires: 2025-11-28

Sheet L1
A1: LicenseKey | B1: RegistrationDate | C1: ExpirationDate | D1: LicenseType | E1: Status
A2: A5M33e9k | B2: 45958 | C2: 45989 | D2: M | E2: Active

Sheet FS_2YRS
A1: TABLE OF CONTENTS | C1: COMPARATIVE 2 YEAR FINANICAL STATEMENTS
B3: PRINT | C3: IFSL | E3: 2 | F3: 3 | G3: 4 | H3: 5
H7: =UPPER(COA!$B$2) -> ANONYMOUS COMPANY
H8: =(TEXT(COA!$B$4,"MMMM DD, YYYY")) -> December 31, 2025
H10: =UPPER(COA!$B$2) -> ANONYMOUS COMPANY
H11: CONTENTS
H12: ="For the year ended "&(TEXT(COA!$B$4,"MMMM DD, YYYY")) -> For the year ended December 31, 2025
D16: Statement of income
D17: Statement of financial position
D18: Schedules to the financial statements
D19: Schedule of Capital Assets
D20: Schedule of Long Term Debt
D21: Schedule of Operating Expenses
D22: Schedule of Other Income
G25: =#REF!*-1 -> #REF!
H28: =UPPER(COA!$B$2) -> ANONYMOUS COMPANY
H29: STATEMENT OF INCOME
H30: ="For the year ended "&(TEXT(COA!$B$4,"MMMM DD, YYYY")) -> For the year ended December 31, 2025
G31: =YEAR(COA!$B$4) -> 2025 | H31: =R_FS3[[#This Row],[ 4]]-1 -> 2024
B32: =IF(G31+H31=0,0,1) -> 1 | G32: $ | H32: $
B33: =IF(G33+H33=0,0,1) -> 0 | C33: IFSL
B35: =IF(G35+H35=0,0,1) -> 1 | C35: 8000 | D35: =UPPER(INDEX(TB_FS!C:C,MATCH(C35,TB_FS!B:B,0))) -> SALES | G35: =IFERROR(ABS(INDEX(TB_FS!D:D, MATCH(C35, TB_FS!B:B, 0))), "") -> 6261053 | H35: =IFERROR(ABS(INDEX(TB_FS!E:E, MATCH(C35, TB_FS!B:B, 0))), "") -> 6059602
D37: COST OF SALES
B38: =IF(G38+H38=0,0,1) -> 1 | C38: 8320 | D38: =(INDEX(TB_FS!C:C,MATCH(C38,TB_FS!B:B,0))) -> Purchases | G38: =IFERROR(INDEX(TB_FS!D:D, MATCH(C38, TB_FS!B:B, 0)), 0) -> 2045958 | H38: =IFERROR(INDEX(TB_FS!E:E, MATCH(C38, TB_FS!B:B, 0)), 0) -> 1885747
B39: =IF(G39+H39=0,0,1) -> 1 | C39: 8340 | D39: =(INDEX(TB_FS!C:C,MATCH(C39,TB_FS!B:B,0))) -> Direct Labour | G39: =IFERROR(INDEX(TB_FS!D:D, MATCH(C39, TB_FS!B:B, 0)), 0) -> 1552774 | H39: =IFERROR(INDEX(TB_FS!E:E, MATCH(C39, TB_FS!B:B, 0)), 0) -> 1355564
B40: =IF(G40+H40=0,0,1) -> 1 | C40: 8350 | D40: =(INDEX(TB_FS!C:C,MATCH(C40,TB_FS!B:B,0))) -> Direct Supplies | G40: =IFERROR(INDEX(TB_FS!D:D, MATCH(C40, TB_FS!B:B, 0)), 0) -> 39416 | H40: =IFERROR(INDEX(TB_FS!E:E, MATCH(C40, TB_FS!B:B, 0)), 0) -> 28304
B41: =IF(G41+H41=0,0,1) -> 1 | G41: =SUBTOTAL(109,G38:G40) -> 3638148 | H41: =SUBTOTAL(109,H38:H40) -> 3269615
B42: =IF(G42+H42=0,0,1) -> 0
B43: =IF(G43+H43=0,0,1) -> 1 | D43: GROSS PROFIT | G43: =G35-G41 -> 2622905 | H43: =H35-H41 -> 2789987
D45: GROSS PROFIT % | G45: =G43/G35 -> 0.41892394 | H45: =H43/H35 -> 0.46042413
D47: OPERATING EXPENSES
B48: =IF(G48+H48=0,0,1) -> 1 | D48: Amortization | G48: =G208 -> 166054 | H48: =H208 -> 193861
B49: =IF(G49+H49=0,0,1) -> 1 | D49: Office | G49: =G217 -> 82305 | H49: =H217 -> 58872
B50: =IF(G50+H50=0,0,1) -> 1 | D50: Salaries | G50: =G224 -> 452634 | H50: =H224 -> 841126
B51: =IF(G51+H51=0,0,1) -> 1 | D51: Finance | G51: =G229 -> 68258 | H51: =H229 -> 79290
B52: =IF(G52+H52=0,0,1) -> 1 | D52: Vehicle | G52: =G234 -> 40139 | H52: =H234 -> 45881
B53: =IF(G53+H53=0,0,1) -> 1 | D53: Premises | G53: =G242 -> 650162 | H53: =H242 -> 534457
B54: =IF(G54+H54=0,0,1) -> 1 | D54: Supplies | G54: =G247 -> 156616 | H54: =H247 -> 110714
B55: =IF(G55+H55=0,0,1) -> 1 | D55: Marketing | G55: =G253 -> 942595 | H55: =H253 -> 877643
G56: =SUM(G48:G55) -> 2558763 | H56: =SUM(H48:H55) -> 2741844
B58: 1 | D58: OPERATING INCOME | G58: =G43-G56 -> 64142 | H58: =H43-H56 -> 48143
B59: 0
B60: =IF(G60+H60=0,0,1) -> 1 | D60: INVVESTMENT INCOME | G60: =G273 -> 16632 | H60: =H273 -> 0
B61: 0 | C61: 8210 | D61: =UPPER(INDEX(TB_FS!C:C,MATCH(C61,TB_FS!B:B,0))) -> REALIZED GAINS/LOSSES ON DISPOSAL OF ASSETS | G61: =IFERROR(ABS(INDEX(TB_FS!D:D, MATCH(C61, TB_FS!B:B, 0))), "") -> 7326 | H61: =IFERROR(ABS(INDEX(TB_FS!E:E, MATCH(C61, TB_FS!B:B, 0))), "") -> 0
D62: INCOME BEFORE INCOME TAXES | G62: =G58+G60+G61 -> 88100 | H62: =H58+H60+H61 -> 48143
B64: =IF(G64+H64=0,0,1) -> 1 | C64: 9990 | D64: =UPPER(INDEX(TB_FS!C:C,MATCH(C64,TB_FS!B:B,0))) -> CURRENT INCOME TAX | G64: =IFERROR(INDEX(TB_FS!D:D, MATCH(C64, TB_FS!B:B, 0)), 0) -> 13 | H64: =IFERROR(INDEX(TB_FS!E:E, MATCH(C64, TB_FS!B:B, 0)), 0) -> 13961
B66: =IF(G66+H66=0,0,1) -> 1 | D66: NET INCOME FOR THE YEAR | G66: =G62-G64 -> 88087 | H66: =H62-H64 -> 34182
B68: =IF(G68+H68=0,0,1) -> 1 | C68: 3660 | D68: =UPPER(INDEX(TB_FS!C:C,MATCH(C68,TB_FS!B:B,0))) -> RETAINED EARNINGS | G68: =H72 -> 628829 | H68: =IFERROR(ABS(INDEX(TB_FS!E:E, MATCH($C$68, TB_FS!$B:$B, 0))), "") -> 594647
B69: =IF(G69+H69=0,0,1) -> 0
B70: =IF(G70+H70=0,0,1) -> 1 | C70: 3700 | D70: =UPPER(INDEX(M_COA[FS_LINE],MATCH(C70,M_COA[IFSL],0))) -> DIVIDENDS | G70: =IFERROR(ABS(INDEX(TB_FS!D:D, MATCH(C70, TB_FS!B:B, 0))), 0) -> 182989 | H70: =IFERROR(ABS(INDEX(TB_FS!E:E, MATCH(D70, TB_FS!C:C, 0))), 0) -> 0
B72: =IF(G72+H72=0,0,1) -> 1 | D72: RETAINED EARNINGS - END OF YEAR | G72: =G66+G68-G70 -> 533927 | H72: =H66+H68+H70 -> 628829
H75: =UPPER(COA!$B$2) -> ANONYMOUS COMPANY
H76: STATEMENT OF FINANCIAL POSITION
H77: ="As at "&(TEXT(COA!$B$4,"MMMM DD, YYYY")) -> As at December 31, 2025
G78: =YEAR(COA!$B$4) -> 2025 | H78: =R_FS3[[#This Row],[ 4]]-1 -> 2024
G79: $ | H79: $
D81: ASSETS
D82: CURRENT
B83: =IFERROR(IF(G83+H83=0,0,1),1) -> 1 | C83: 1002 | D83: =(INDEX(TB_FS!C:C,MATCH(C83,TB_FS!B:B,0))) -> Cash | G83: =ABS(IF(G284>0.01,G284,0)) -> 77184 | H83: =ABS(IF(H284>0.01,H284,0)) -> 509493
B84: =IF(G84+H84=0,0,1) -> 1 | C84: 1180 | D84: =(INDEX(TB_FS!C:C,MATCH(C84,TB_FS!B:B,0))) -> Marketable securities | G84: =IFERROR(INDEX(TB_FS!D:D, MATCH(C84, TB_FS!B:B, 0)), 0) -> 136668 | H84: =IFERROR(INDEX(TB_FS!E:E, MATCH(C84, TB_FS!$B:$B, 0)), 0) -> 119850
B85: =IF(G85+H85=0,0,1) -> 1 | C85: 1060 | D85: =(INDEX(TB_FS!C:C,MATCH(C85,TB_FS!B:B,0))) -> Accounts receivable | G85: =IFERROR(INDEX(TB_FS!D:D, MATCH(C85, TB_FS!B:B, 0)), 0) -> 53399 | H85: =IFERROR(INDEX(TB_FS!E:E, MATCH(C85, TB_FS!$B:$B, 0)), 0) -> 14544
B86: =IF(G86+H86=0,0,1) -> 1 | C86: 1121 | D86: =(INDEX(TB_FS!C:C,MATCH(C86,TB_FS!B:B,0))) -> Inventory | G86: =IFERROR(INDEX(TB_FS!D:D, MATCH(C86, TB_FS!B:B, 0)), 0) -> 38350 | H86: =IFERROR(INDEX(TB_FS!E:E, MATCH(C86, TB_FS!$B:$B, 0)), 0) -> 49573
B87: =IF(G87+H87=0,0,1) -> 0 | D87: Refund of Corporation Income taxes | G87: =ABS(IF(G292>0.01,G292,0)) -> 0 | H87: =ABS(IF(H292>0.01,H292,0)) -> 0
B88: =IF(G88+H88=0,0,1) -> 0 | D88: Refund of HST | G88: =ABS(IF(G290>0.01,G290,0)) -> 0 | H88: =ABS(IF(H290>0.01,H290,0)) -> 0
B89: =IF(G89+H89=0,0,1) -> 0 | D89: Due from a shareholder | G89: =G163 -> 0 | H89: =H163 -> 0
B90: =IF(G90+H90=0,0,1) -> 1 | C90: 1484 | D90: =(INDEX(TB_FS!C:C,MATCH(C90,TB_FS!B:B,0))) -> Prepaid expense | G90: =IFERROR(INDEX(TB_FS!D:D, MATCH(C90, TB_FS!B:B, 0)), 0) -> 9932 | H90: =IFERROR(INDEX(TB_FS!E:E, MATCH(C90, TB_FS!$B:$B, 0)), 0) -> 9433
G91: =SUM(G83:G90) -> 315533 | H91: =SUM(H83:H90) -> 702893
B93: =IF(G93+H93=0,0,1) -> 1 | D93: CAPITAL ASSETS | G93: =G144 -> 685321 | H93: =H144 -> 795540
B94: =IF(G94+H94=0,0,1) -> 0
B95: =IF(G95+H95=0,0,1) -> 1 | D95: DUE FROM RELATED PARTIES | G95: =G173 -> 318967 | H95: =H173 -> 95144
B96: =IF(G96+H96=0,0,1) -> 1 | C96: 2427 | D96: =UPPER(INDEX(TB_FS!C:C,MATCH(C96,TB_FS!B:B,0))) -> CASH SURRENDER OF LIFE INSURANCE | G96: =IFERROR(INDEX(TB_FS!D:D, MATCH(C96, TB_FS!B:B, 0)), 0) -> 87341 | H96: =IFERROR(INDEX(TB_FS!E:E, MATCH(C96, TB_FS!$B:$B, 0)), 0) -> 89801
G98: =G93+G91+G95+G96 -> 1407162 | H98: =H93+H91+H95+H96 -> 1683378
D100: LIABILITIES
D101: CURRENT
D103: Bank overdraft | G103: =ABS(IF(G284<0.01,G284,0)) -> 0 | H103: =ABS(IF(H284<0.01,H284,0)) -> 0
B104: =IF(G104+H104=0,0,1) -> 1 | C104: 2620 | D104: =(INDEX(TB_FS!C:C,MATCH(C104,TB_FS!B:B,0))) -> Accounts payable | G104: =IFERROR(ABS(INDEX(TB_FS!D:D, MATCH(C104, TB_FS!B:B, 0))), "")+G306 -> 248445 | H104: =IFERROR(ABS(INDEX(TB_FS!E:E, MATCH($C$104, TB_FS!$B:$B, 0))), "")+H306 -> 142974
B105: =IF(G105+H105=0,0,1) -> 1 | C105: 2627 | D105: =(INDEX(TB_FS!C:C,MATCH(C105,TB_FS!B:B,0))) -> Government Remittances | G105: =IFERROR(ABS(INDEX(TB_FS!D:D, MATCH(C105, TB_FS!B:B, 0))), "") -> 2667 | H105: =IFERROR(ABS(INDEX(TB_FS!E:E, MATCH($C$105, TB_FS!$B:$B, 0))), "") -> 0
B106: =IF(G106+H106=0,0,1) -> 1 | C106: 2680 | D106: =(INDEX(TB_FS!C:C,MATCH(C106,TB_FS!B:B,0))) -> Corporate Income Tax | G106: =ABS(IF(G292<0.01,G292,0)) -> 4180 | H106: =ABS(IF(H292<0.01,H292,0)) -> 23061
C107: 2681 | D107: =(INDEX(TB_FS!C:C,MATCH(C107,TB_FS!B:B,0))) -> HST payable | G107: =ABS(IF(G290<0.01,G290,0)) -> 58772 | H107: =ABS(IF(H290<0.01,H290,0)) -> 32216
D108: Due to a shareholder | G108: =ABS(IF(G165<0.01,G165,0)) -> 164955 | H108: =ABS(IF(H165<0.01,H165,0)) -> 289463
C109: 2920 | D109: =(INDEX(TB_FS!C:C,MATCH(C109,TB_FS!B:B,0))) -> Current portion of term debt | G109: =IFERROR(ABS(INDEX(TB_FS!D:D, MATCH($C$109, TB_FS!$B:$B, 0))), "") -> 110400 | H109: =IFERROR(ABS(INDEX(TB_FS!E:E, MATCH($C$109, TB_FS!$B:$B, 0))), "") -> 0
G110: =SUM(G102:G109) -> 589419 | H110: =SUM(H102:H109) -> 487714
D112: LONG TERM DEBT | G112: =G196 -> 283711 | H112: =H196 -> 503563
D114: DUE TO RELATED PARTIES | G114: =ABS(IF(G180>0.01,G180,0)) -> 0 | H114: =ABS(IF(H180>0.01,H180,0)) -> 63166
D117: TOTAL LIABILITIES | G117: =G114+G112+G110 -> 873130 | H117: =H114+H112+H110 -> 1054443
D119: SHAREHOLDERS EQUITY
B120: =IF(G120+H120=0,0,1) -> 1 | C120: 3500 | D120: =(INDEX(TB_FS!C:C,MATCH(C120,TB_FS!B:B,0))) -> Common shares | G120: =IFERROR(ABS(INDEX(TB_FS!D:D, MATCH($C$120, TB_FS!$B:$B, 0))), "") -> 105 | H120: =IFERROR(ABS(INDEX(TB_FS!E:E, MATCH($C$120, TB_FS!$B:$B, 0))), "") -> 106
B121: =IF(G121+H121=0,0,1) -> 0 | C121: 3520 | D121: =INDEX(M_COA[FS_LINE],MATCH(C121,M_COA[IFSL],0)) -> Preferred shares | G121: =IFERROR(ABS(INDEX(TB_FS!D:D, MATCH($C$121, TB_FS!$B:$B, 0))), 0) -> 0 | H121: =IFERROR(ABS(INDEX(TB_FS!E:E, MATCH(D121, TB_FS!C:C, 0))), "") -> 0
B122: =IF(G122+H122=0,0,1) -> 1 | C122: 3660 | D122: =INDEX(M_COA[FS_LINE],MATCH(C122,M_COA[IFSL],0)) -> Retained earnings | G122: =G72 -> 533927 | H122: =H72 -> 628829
G123: =SUM(G120:G122) -> 534032 | H123: =SUM(H120:H122) -> 628935
B124: =IF(G124+H124=0,0,1) -> 0
G126: =G123+G117 -> 1407162 | H126: =H123+H117 -> 1683378
H130: =UPPER(COA!$B$2) -> ANONYMOUS COMPANY
H131: SCHEDULE OF CAPITAL ASSETS
H132: ="As at "&(TEXT(COA!$B$4,"MMMM DD, YYYY")) -> As at December 31, 2025
G133: =YEAR(COA!$B$4) -> 2025 | H133: =R_FS3[[#This Row],[ 4]]-1 -> 2024
G134: $ | H134: $
D136: CAPITAL ASSETS | E136: COST | F136: ACCUMULATED AMORTIZATION
B137: =IF(G137+H137=0,0,1) -> 0 | C137: 1600 | D137: =(INDEX(TB_FS!C:C,MATCH(C137,TB_FS!B:B,0))) -> Land | E137: =IFERROR(INDEX(TB_FS!D:D, MATCH(C137, TB_FS!B:B, 0)), 0) -> 0 | F137: =IFERROR(INDEX(TB_FS!E:E, MATCH(D137, TB_FS!C:C, 0)), 0) -> 0 | G137: =R_FS3[[#This Row],[ 2]]+R_FS3[[#This Row],[ 3]] -> 0 | H137: =IFERROR(INDEX(TB_FS!E:E, MATCH($C$137, TB_FS!$B:$B, 0)), 0) -> 0
B138: =IF(G138+H138=0,0,1) -> 0 | C138: 1680 | D138: =(INDEX(TB_FS!C:C,MATCH(C138,TB_FS!B:B,0))) -> Building | E138: =IFERROR(INDEX(TB_FS!D:D, MATCH(C138, TB_FS!B:B, 0)), 0) -> 0 | F138: =IFERROR(INDEX(TB_FS!E:E, MATCH(D138, TB_FS!C:C, 0)), 0) -> 0 | G138: =R_FS3[[#This Row],[ 2]]+R_FS3[[#This Row],[ 3]] -> 0 | H138: =IFERROR(INDEX(TB_FS!E:E, MATCH($C$137, TB_FS!$B:$B, 0)), 0) -> 0
...

Sheet FS_5YRS
A1: TABLE OF CONTENTS | C1: COMPARATIVE 5 YEAR FINANICAL STATEMENTS
B3: PRINT | C3: IFSL | D3: ACCOUNT | E3: TB 1 | F3: TB 2 | G3: Cost | H3: Accumulated amortization | I3: CY | J3: PY | K3: PY2 | L3: PY3 | M3: PY4 | N3: PY5 | O3: Column2 | P3: Column3 | Q3: Column4 | R3: Column5 | S3: Column6 | T3: Column7
M7: =UPPER(COA!$B$2) -> ANONYMOUS COMPANY
M8: =(TEXT(COA!$B$4,"MMMM DD, YYYY")) -> December 31, 2025
M10: =UPPER(COA!$B$2) -> ANONYMOUS COMPANY
M11: CONTENTS
M12: ="For the year ended "&(TEXT(COA!$B$4,"MMMM DD, YYYY")) -> For the year ended December 31, 2025
D16: Statement of income
D17: Statement of financial position
D18: Schedules to the financial statements
D19: Schedule of Capital Assets
D20: Schedule of Long Term Debt
D21: Schedule of Operating Expenses
D22: Schedule of Other Income
M26: =UPPER(COA!$B$2) -> ANONYMOUS COMPANY
M27: STATEMENT OF INCOME
M28: ="For the year ended "&(TEXT(COA!$B$4,"MMMM DD, YYYY")) -> For the year ended December 31, 2025
I29: =YEAR(COA!$B$4) -> 2025 | J29: =R_FS[[#This Row],[CY]]-1 -> 2024 | K29: =R_FS[[#This Row],[PY]]-1 -> 2023 | L29: =R_FS[[#This Row],[PY2]]-1 -> 2022 | M29: =R_FS[[#This Row],[PY3]]-1 -> 2021 | N29: =R_FS[[#This Row],[PY4]]-1 -> 2020
B30: =IF(I29+J29=0,0,1) -> 1 | I30: $ | J30: $ | K30: $ | L30: $ | M30: $ | N30: $
B31: =IF(I31+J31=0,0,1) -> 0 | C31: IFSL
B32: =IF(I32+J32=0,0,1) -> 1 | C32: 8000 | D32: =UPPER(INDEX(TB_FS!C:C,MATCH(C32,TB_FS!B:B,0))) -> SALES | E32: =SUMIF(COA!$F$6:$I$173,C32,COA!$I$6:$I$173) -> -6059602.5 | F32: =SUMIF(COA!$F$6:$I$173,C32,COA!#REF!) -> #REF! | I32: =IFERROR(ABS(INDEX(TB_FS!D:D, MATCH(C32, TB_FS!B:B, 0))), "") -> 6261053 | J32: =IFERROR(ABS(INDEX(TB_FS!E:E, MATCH(C32, TB_FS!B:B, 0))), "") -> 6059602 | K32: =IFERROR(ABS(INDEX(TB_FS!F:F, MATCH(C32, TB_FS!B:B, 0))), "") -> 5668403 | L32: =IFERROR(ABS(INDEX(TB_FS!G:G, MATCH(C32, TB_FS!B:B, 0))), "") -> 5598212 | M32: =IFERROR(ABS(INDEX(TB_FS!H:H, MATCH(C32, TB_FS!B:B, 0))), "") -> 4331407 | N32: =IFERROR(ABS(INDEX(TB_FS!I:I, MATCH(D32, TB_FS!C:C, 0))), "") -> 0
D33: COST OF SALES | E33: =SUMIF(COA!$F$6:$I$173,C33,COA!$I$6:$I$173) -> 0 | F33: =SUMIF(COA!$F$6:$I$173,C33,COA!#REF!) -> #REF!
B34: =IF(I34+J34=0,0,1) -> 1 | C34: 8320 | D34: =(INDEX(TB_FS!C:C,MATCH(C34,TB_FS!B:B,0))) -> Purchases | I34: =IFERROR(INDEX(TB_FS!D:D, MATCH(C34, TB_FS!B:B, 0)), 0) -> 2045958 | J34: =IFERROR(INDEX(TB_FS!E:E, MATCH(C34, TB_FS!B:B, 0)), 0) -> 1885747 | K34: =IFERROR(ABS(INDEX(TB_FS!F:F, MATCH(C34, TB_FS!B:B, 0))), "") -> 1778869 | L34: =IFERROR(ABS(INDEX(TB_FS!G:G, MATCH(C34, TB_FS!B:B, 0))), "") -> 1940017 | M34: =IFERROR(ABS(INDEX(TB_FS!H:H, MATCH(C34, TB_FS!B:B, 0))), "") -> 1538246 | N34: =IFERROR(ABS(INDEX(TB_FS!I:I, MATCH(D33, TB_FS!C:C, 0))), "")
B35: =IF(I35+J35=0,0,1) -> 1 | C35: 8350 | D35: =(INDEX(TB_FS!C:C,MATCH(C35,TB_FS!B:B,0))) -> Direct Supplies | I35: =IFERROR(INDEX(TB_FS!D:D, MATCH(C35, TB_FS!B:B, 0)), 0) -> 39416 | J35: =IFERROR(INDEX(TB_FS!E:E, MATCH(C35, TB_FS!B:B, 0)), 0) -> 28304 | K35: =IFERROR(ABS(INDEX(TB_FS!F:F, MATCH(C35, TB_FS!B:B, 0))), "") -> 33732 | L35: =IFERROR(ABS(INDEX(TB_FS!G:G, MATCH(C35, TB_FS!B:B, 0))), "") -> 34454 | M35: =IFERROR(ABS(INDEX(TB_FS!H:H, MATCH(C35, TB_FS!B:B, 0))), "") -> 54219 | N35: =IFERROR(ABS(INDEX(TB_FS!I:I, MATCH(D34, TB_FS!C:C, 0))), "") -> 0
B36: =IF(I36+J36=0,0,1) -> 1 | C36: 8340 | D36: =(INDEX(TB_FS!C:C,MATCH(C36,TB_FS!B:B,0))) -> Direct Labour | I36: =IFERROR(INDEX(TB_FS!D:D, MATCH(C36, TB_FS!B:B, 0)), 0) -> 1552774 | J36: =IFERROR(INDEX(TB_FS!E:E, MATCH(C36, TB_FS!B:B, 0)), 0) -> 1355564 | K36: =IFERROR(ABS(INDEX(TB_FS!F:F, MATCH(C36, TB_FS!B:B, 0))), "") -> 1241497 | L36: =IFERROR(ABS(INDEX(TB_FS!G:G, MATCH(C36, TB_FS!B:B, 0))), "") -> 1196412 | M36: =IFERROR(ABS(INDEX(TB_FS!H:H, MATCH(C36, TB_FS!B:B, 0))), "") -> 1037511 | N36: =IFERROR(ABS(INDEX(TB_FS!I:I, MATCH(D35, TB_FS!C:C, 0))), "") -> 0
B37: =IF(I37+J37=0,0,1) -> 1 | I37: =SUM(I34:I36) -> 3638148 | J37: =SUM(J34:J36) -> 3269615 | K37: =SUM(K34:K36) -> 3054098 | L37: =SUM(L34:L36) -> 3170883 | M37: =SUM(M34:M36) -> 2629976 | N37: =SUM(N34:N36) -> 0
B39: =IF(I39+J39=0,0,1) -> 1 | D39: GROSS PROFIT | E39: =E32+E33 -> -6059602.5 | F39: =F32+F33 -> #REF! | I39: =I32-I37 -> 2622905 | J39: =J32-J37 -> 2789987 | K39: =K32-K37 -> 2614305 | L39: =L32-L37 -> 2427329 | M39: =M32-M37 -> 1701431 | N39: =N32-N37 -> 0
B41: 1 | D41: GROSS PROFIT % | I41: =I39/I32 -> 0.41892394 | J41: =J39/J32 -> 0.46042413 | K41: =K39/K32 -> 0.46120662 | L41: =L39/L32 -> 0.43359005 | M41: =M39/M32 -> 0.39281254
D43: OPERATING EXPENSES
B44: =IF(I44+J44=0,0,1) -> 1 | D44: Amortization | E44: =I194 -> 166054 | F44: =J194 -> 193861 | I44: =I194 -> 166054 | J44: =J194 -> 193861 | K44: =K194 -> 2177 | L44: =L194 -> 189505 | M44: =M194 -> 125998 | N44: =N194 -> 0
B45: =IF(I45+J45=0,0,1) -> 1 | D45: Office | E45: =I204 -> 82305 | F45: =J204 -> 58872 | I45: =I204 -> 82305 | J45: =J204 -> 58872 | K45: =K204 -> 73739 | L45: =L204 -> 46430 | M45: =M204 -> 41294 | N45: =N204 -> 0
B46: =IF(I46+J46=0,0,1) -> 1 | D46: Salaries | E46: =I211 -> 452634 | F46: =J211 -> 841126 | I46: =I211 -> 452634 | J46: =J211 -> 841126 | K46: =K211 -> 648419 | L46: =L211 -> 415745 | M46: =M211 -> 348695 | N46: =N211 -> 0
B47: =IF(I47+J47=0,0,1) -> 1 | D47: Finance | E47: =I216 -> 68258 | F47: =J216 -> 79290 | I47: =I216 -> 68258 | J47: =J216 -> 79290 | K47: =K216 -> 49804 | L47: =L216 -> 53779 | M47: =M216 -> 26867 | N47: =N216 -> 0
B48: =IF(I48+J48=0,0,1) -> 1 | D48: Vehicle | E48: =I222 -> 40139 | F48: =J222 -> 45881 | I48: =I222 -> 40139 | J48: =J222 -> 45881 | K48: =K222 -> 53334 | L48: =L222 -> 48209 | M48: =M222 -> 44379 | N48: =N222 -> 0
B49: =IF(I49+J49=0,0,1) -> 1 | D49: Premises | E49: =I230 -> 650162 | F49: =J230 -> 534457 | I49: =I230 -> 650162 | J49: =J230 -> 534457 | K49: =K230 -> 490110 | L49: =L230 -> 460359 | M49: =M230 -> 379349 | N49: =N230 -> 0
B50: =IF(I50+J50=0,0,1) -> 1 | D50: Supplies | E50: =I241 -> 156616 | F50: =J241 -> 110714 | I50: =I241 -> 156616 | J50: =J241 -> 110714 | K50: =K241 -> 104321 | L50: =L241 -> 85061 | M50: =M241 -> 61611 | N50: =N241 -> 0
D51: Marketing | E51: =I247 -> 942595 | F51: =J247 -> 877643 | I51: =I247 -> 942595 | J51: =J247 -> 877643 | K51: =K247 -> 788986 | L51: =L247 -> 738377 | M51: =M247 -> 566423 | N51: =N247 -> 0
E52: =SUM(E44:E51) -> 2558763 | F52: =SUM(F44:F51) -> 2741844 | I52: =SUM(I44:I51) -> 2558763 | J52: =SUM(J44:J51) -> 2741844 | K52: =SUM(K44:K51) -> 2210890 | L52: =SUM(L44:L51) -> 2037465 | M52: =SUM(M44:M51) -> 1594616 | N52: =SUM(N44:N51) -> 0
B54: 1 | D54: OPERATING INCOME | E54: =E39+E52 -> -3500839.5 | F54: =F39+F52 -> #REF! | I54: =I39-I52 -> 64142 | J54: =J39-J52 -> 48143 | K54: =K39-K52 -> 403415 | L54: =L39-L52 -> 389864 | M54: =M39-M52 -> 106815 | N54: =N39-N52 -> 0
B55: 0
B56: =IF(I56+J56=0,0,1) -> 1 | D56: INVVESTMENT INCOME | E56: =I267 -> 16632 | F56: =J267 -> 0 | I56: =I267 -> 16632 | J56: =J267 -> 0 | K56: =K267 -> 0 | L56: =L267 -> 0 | M56: =M267 -> 0 | N56: =N267 -> 0
B57: 0 | C57: 8210 | D57: =UPPER(INDEX(TB_FS!C:C,MATCH(C57,TB_FS!B:B,0))) -> REALIZED GAINS/LOSSES ON DISPOSAL OF ASSETS | I57: =IFERROR(ABS(INDEX(TB_FS!D:D, MATCH(C57, TB_FS!B:B, 0))), "") -> 7326 | J57: =IFERROR(ABS(INDEX(TB_FS!E:E, MATCH(C57, TB_FS!B:B, 0))), "") -> 0 | K57: =IFERROR(ABS(INDEX(TB_FS!F:F, MATCH(C57, TB_FS!B:B, 0))), "") -> 0 | L57: =IFERROR(ABS(INDEX(TB_FS!G:G, MATCH(C57, TB_FS!B:B, 0))), "") -> 0 | M57: =IFERROR(ABS(INDEX(TB_FS!H:H, MATCH(C57, TB_FS!B:B, 0))), "") -> 0 | N57: =IFERROR(ABS(INDEX(TB_FS!I:I, MATCH(C57, TB_FS!B:B, 0))), "") -> 0
D59: INCOME BEFORE INCOME TAXES | E59: =(E56)+E54 -> -3484207.5 | F59: =(F56)+F54 -> #REF! | I59: =I54+I56+I57 -> 88100 | J59: =J54+J56+J57 -> 48143 | K59: =K54+K56+K57 -> 403415 | L59: =L54+L56+L57 -> 389864 | M59: =M54+M56+M57 -> 106815 | N59: =N54+N56+N57 -> 0
B60: =IF(I60+J60=0,0,1) -> 1 | C60: 9990 | D60: =UPPER(INDEX(TB_FS!C:C,MATCH(C60,TB_FS!B:B,0))) -> CURRENT INCOME TAX | E60: =SUMIF(COA!$F$6:$I$173,C60,COA!$I$6:$I$173) -> 13961.47 | F60: =SUMIF(COA!$F$6:$I$173,C60,COA!#REF!) -> #REF! | I60: =IFERROR(INDEX(TB_FS!D:D, MATCH(C60, TB_FS!B:B, 0)), 0) -> 13 | J60: =IFERROR(INDEX(TB_FS!E:E, MATCH(C60, TB_FS!B:B, 0)), 0) -> 13961 | K60: =IFERROR(INDEX(TB_FS!F:F, MATCH(C60, TB_FS!B:B, 0)), 0) -> 116990 | L60: =IFERROR(INDEX(TB_FS!G:G, MATCH(C60, TB_FS!B:B, 0)), 0) -> 113061 | M60: =IFERROR(INDEX(TB_FS!H:H, MATCH(C60, TB_FS!B:B, 0)), 0) -> 30976 | N60: =IFERROR(INDEX(TB_FS!I:I, MATCH(C60, TB_FS!B:B, 0)), 0) -> 0
B61: =IF(I61+J61=0,0,1) -> 1 | D61: NET INCOME FOR THE YEAR | E61: =E59+E60 -> -3470246 | F61: =F60+F59 -> #REF! | I61: =I59-I60 -> 88087 | J61: =J59-J60 -> 34182 | K61: =K59-K60 -> 286425 | L61: =L59-L60 -> 276803 | M61: =M59-M60 -> 75839 | N61: =N59-N60 -> 0
B63: =IF(I63+J63=0,0,1) -> 1 | C63: 3660 | D63: =UPPER(INDEX(TB_FS!C:C,MATCH(C63,TB_FS!B:B,0))) -> RETAINED EARNINGS | E63: =SUMIF(COA!$F$6:$I$173,C63,COA!$I$6:$I$173) -> -594646.96 | F63: =SUMIF(COA!$F$6:$I$173,C63,COA!#REF!) -> #REF! | I63: =J65 -> 628835 | J63: =K65 -> 594653 | K63: =L65 -> 446028 | L63: =M65 -> 169225 | M63: =IFERROR(ABS(INDEX(TB_FS!H:H, MATCH(C63, TB_FS!B:B, 0))), "") -> 295388 | N63: =IFERROR(ABS(INDEX(TB_FS!I:I, MATCH(C63, TB_FS!B:B, 0))), 0) -> 0
B64: =IF(I64+J64=0,0,1) -> 1 | C64: 3700 | D64: =UPPER(INDEX(M_COA[FS_LINE],MATCH(C64,M_COA[IFSL],0))) -> DIVIDENDS | E64: =SUMIF(COA!$F$6:$I$173,C64,COA!$I$6:$I$173) -> 0 | F64: =SUMIF(COA!$F$6:$I$173,C64,COA!#REF!) -> #REF! | I64: =IFERROR(ABS(INDEX(TB_FS!D:D, MATCH($C$64, TB_FS!$B:$B, 0))), 0) -> 182989 | J64: =IFERROR(ABS(INDEX(TB_FS!E:E, MATCH($C$64, TB_FS!$B:$B, 0))), 0) -> 0 | K64: =IFERROR(ABS(INDEX(TB_FS!F:F, MATCH($C$64, TB_FS!$B:$B, 0))), 0) -> 137800 | L64: =IFERROR(ABS(INDEX(TB_FS!G:G, MATCH($C$64, TB_FS!$B:$B, 0))), 0) -> 0 | M64: =IFERROR(ABS(INDEX(TB_FS!H:H, MATCH($C$64, TB_FS!$B:$B, 0))), 0) -> 202002 | N64: =IFERROR(ABS(INDEX(TB_FS!I:I, MATCH($C$64, TB_FS!$B:$B, 0))), 0) -> 0
B65: =IF(I65+J65=0,0,1) -> 1 | D65: RETAINED EARNINGS - END OF YEAR | E65: =E61+E63+E64 -> -4064893 | F65: =F61+F63+F64 -> #REF! | I65: =I61+I63-I64 -> 533933 | J65: =J61+J63-J64 -> 628835 | K65: =K61+K63-K64 -> 594653 | L65: =L61+L63-L64 -> 446028 | M65: =M61+M63-M64 -> 169225 | N65: =N61+N63+N64 -> 0
M68: =UPPER(COA!$B$2) -> ANONYMOUS COMPANY
M69: STATEMENT OF FINANCIAL POSITION
M70: ="As at "&(TEXT(COA!$B$4,"MMMM DD, YYYY")) -> As at December 31, 2025
I71: =YEAR(COA!$B$4) -> 2025 | J71: =R_FS[[#This Row],[CY]]-1 -> 2024 | K71: =R_FS[[#This Row],[PY]]-1 -> 2023 | L71: =R_FS[[#This Row],[PY2]]-1 -> 2022 | M71: =R_FS[[#This Row],[PY3]]-1 -> 2021 | N71: =R_FS[[#This Row],[PY4]]-1 -> 2020
I72: $ | J72: $ | K72: $ | L72: $ | M72: $ | N72: $
D73: ASSETS
D74: CURRENT
B75: =IFERROR(IF(I75+J75=0,0,1),1) -> 1 | C75: 1002 | D75: =(INDEX(TB_FS!C:C,MATCH(C75,TB_FS!B:B,0))) -> Cash | E75: =SUMIF(COA!$F$6:$I$173,C75,COA!$I$6:$I$173) -> 509493.21 | F75: =SUMIF(COA!$F$6:$I$173,C75,COA!#REF!) -> #REF! | I75: =ABS(IF(I278>0.01,I278,0)) -> 77184 | J75: =ABS(IF(J278>0.01,J278,0)) -> 509493 | K75: =ABS(IF(K278>0.01,K278,0)) -> 408632 | L75: =ABS(IF(L278>0.01,L278,0)) -> 219150 | M75: =ABS(IF(M278>0.01,M278,0)) -> 152840 | N75: =ABS(IF(N278>0.01,N278,0)) -> 0
B76: =IF(I76+J76=0,0,1) -> 1 | C76: 1180 | D76: =(INDEX(TB_FS!C:C,MATCH(C76,TB_FS!B:B,0))) -> Marketable securities | E76: =SUMIF(COA!$F$6:$I$173,C76,COA!$I$6:$I$173) -> 119849.41 | F76: =SUMIF(COA!$F$6:$I$173,C76,COA!#REF!) -> #REF! | I76: =IFERROR(INDEX(TB_FS!D:D, MATCH(C76, TB_FS!B:B, 0)), 0) -> 136668 | J76: =IFERROR(INDEX(TB_FS!E:E, MATCH($C$76, TB_FS!$B:$B, 0)), 0) -> 119850 | K76: =IFERROR(INDEX(TB_FS!F:F, MATCH($C$76, TB_FS!$B:$B, 0)), 0) -> 0 | L76: =IFERROR(INDEX(TB_FS!G:G, MATCH($C$76, TB_FS!$B:$B, 0)), 0) -> 0 | M76: =IFERROR(INDEX(TB_FS!H:H, MATCH($C$76, TB_FS!$B:$B, 0)), 0) -> 130959 | N76: =IFERROR(INDEX(TB_FS!I:I, MATCH($C$76, TB_FS!$B:$B, 0)), 0) -> 0
B77: =IF(I77+J77=0,0,1) -> 1 | C77: 1060 | D77: =(INDEX(TB_FS!C:C,MATCH(C77,TB_FS!B:B,0))) -> Accounts receivable | E77: =SUMIF(COA!$F$6:$I$173,C77,COA!$I$6:$I$173) -> 14544.09 | F77: =SUMIF(COA!$F$6:$I$173,C77,COA!#REF!) -> #REF! | I77: =IFERROR(INDEX(TB_FS!D:D, MATCH(C77, TB_FS!B:B, 0)), 0) -> 53399 | J77: =IFERROR(INDEX(TB_FS!E:E, MATCH($C$77, TB_FS!$B:$B, 0)), 0) -> 14544 | K77: =IFERROR(INDEX(TB_FS!F:F, MATCH($C$77, TB_FS!$B:$B, 0)), 0) -> 9706 | L77: =IFERROR(INDEX(TB_FS!G:G, MATCH($C$77, TB_FS!$B:$B, 0)), 0) -> 5159 | M77: =IFERROR(INDEX(TB_FS!H:H, MATCH($C$77, TB_FS!$B:$B, 0)), 0) -> 14015 | N77: =IFERROR(INDEX(TB_FS!I:I, MATCH($C$77, TB_FS!$B:$B, 0)), 0) -> 0
B78: =IF(I78+J78=0,0,1) -> 1 | C78: 1121 | D78: =(INDEX(TB_FS!C:C,MATCH(C78,TB_FS!B:B,0))) -> Inventory | E78: =SUMIF(COA!$F$6:$I$173,C78,COA!$I$6:$I$173) -> 49573.12 | F78: =SUMIF(COA!$F$6:$I$173,C78,COA!#REF!) -> #REF! | I78: =IFERROR(INDEX(TB_FS!D:D, MATCH(C78, TB_FS!B:B, 0)), 0) -> 38350 | J78: =IFERROR(INDEX(TB_FS!E:E, MATCH($C$78, TB_FS!$B:$B, 0)), 0) -> 49573 | K78: =IFERROR(INDEX(TB_FS!F:F, MATCH($C$78, TB_FS!$B:$B, 0)), 0) -> 39575 | L78: =IFERROR(INDEX(TB_FS!G:G, MATCH($C$78, TB_FS!$B:$B, 0)), 0) -> 39575 | M78: =IFERROR(INDEX(TB_FS!H:H, MATCH($C$78, TB_FS!$B:$B, 0)), 0) -> 35717 | N78: =IFERROR(INDEX(TB_FS!I:I, MATCH($C$78, TB_FS!$B:$B, 0)), 0) -> 0
D79: Refund of Corporation Income taxes | I79: =ABS(IF(I286>0.01,I286,0)) -> 0 | J79: =ABS(IF(J286>0.01,J286,0)) -> 0 | K79: =ABS(IF(K286>0.01,K286,0)) -> 18955 | L79: =ABS(IF(L286>0.01,L286,0)) -> 0 | M79: =ABS(IF(M286>0.01,M286,0)) -> 0 | N79: =ABS(IF(N286>0.01,N286,0)) -> 0
D80: Refund of HST | I80: =ABS(IF(I284>0.01,I284,0)) -> 0 | J80: =ABS(IF(J284>0.01,J284,0)) -> 0 | K80: =ABS(IF(K284>0.01,K284,0)) -> 5586 | L80: =ABS(IF(L284>0.01,L284,0)) -> 0 | M80: =ABS(IF(M284>0.01,M284,0)) -> 0 | N80: =ABS(IF(N284>0.01,N284,0)) -> 0
B81: =IF(I81+J81=0,0,1) -> 1 | C81: 1484 | D81: =(INDEX(TB_FS!C:C,MATCH(C81,TB_FS!B:B,0))) -> Prepaid expense | E81: =SUMIF(COA!$F$6:$I$173,C81,COA!$I$6:$I$173) -> 9432.98 | F81: =SUMIF(COA!$F$6:$I$173,C81,COA!#REF!) -> #REF! | I81: =IFERROR(INDEX(TB_FS!D:D, MATCH(C81, TB_FS!B:B, 0)), 0) -> 9932 | J81: =IFERROR(INDEX(TB_FS!E:E, MATCH($C$81, TB_FS!$B:$B, 0)), 0) -> 9433 | K81: =IFERROR(INDEX(TB_FS!F:F, MATCH($C$81, TB_FS!$B:$B, 0)), 0) -> 8216 | L81: =IFERROR(INDEX(TB_FS!G:G, MATCH($C$81, TB_FS!$B:$B, 0)), 0) -> 29115 | M81: =IFERROR(INDEX(TB_FS!H:H, MATCH($C$81, TB_FS!$B:$B, 0)), 0) -> 32580 | N81: =IFERROR(INDEX(TB_FS!I:I, MATCH($C$77, TB_FS!$B:$B, 0)), 0) -> 0
B82: =IF(I82+J82=0,0,1) -> 0 | D82: Due from a shareholder | E82: =SUMIF(COA!$F$6:$I$173,C82,COA!$I$6:$I$173) -> 0 | F82: =SUMIF(COA!$F$6:$I$173,C82,COA!#REF!) -> #REF! | I82: =I149 -> 0 | J82: =J149 -> 0 | K82: =K149 -> 0 | L82: =L149 -> 67111 | M82: =M149 -> 0 | N82: =N149 -> 0
E83: =SUM(E75:E82) -> 702892.81 | F83: =SUM(F75:F82) -> #REF! | I83: =SUM(I75:I82) -> 315533 | J83: =SUM(J75:J82) -> 702893 | K83: =SUM(K75:K82) -> 490670 | L83: =SUM(L75:L82) -> 360110 | M83: =SUM(M75:M82) -> 366111 | N83: =SUM(N75:N82) -> 0
B85: =IF(I85+J85=0,0,1) -> 1 | D85: CAPITAL ASSETS | E85: =I131 -> 685321 | F85: =J131 -> 795540 | I85: =I131 -> 685321 | J85: =J131 -> 795540 | K85: =K131 -> 1166296 | L85: =L131 -> 1124941 | M85: =M131 -> 963845 | N85: =N131 -> 0
B86: =IF(I86+J86=0,0,1) -> 0
B87: =IF(I87+J87=0,0,1) -> 1 | D87: DUE FROM RELATED PARTIES | E87: =SUMIF(COA!$F$6:$I$173,C87,COA!$I$6:$I$173) -> 0 | F87: =SUMIF(COA!$F$6:$I$173,C87,COA!#REF!) -> #REF! | I87: =I159 -> 318967 | J87: =J159 -> 95144 | K87: =K159 -> 0 | L87: =L159 -> 0 | M87: =M159 -> 0 | N87: =N159 -> 0
B88: =IF(I88+J88=0,0,1) -> 1 | C88: 2427 | D88: =UPPER(INDEX(TB_FS!C:C,MATCH(C88,TB_FS!B:B,0))) -> CASH SURRENDER OF LIFE INSURANCE | E88: =SUMIF(COA!$F$6:$I$173,C88,COA!$I$6:$I$173) -> 89801.2 | F88: =SUMIF(COA!$F$6:$I$173,C88,COA!#REF!) -> #REF! | I88: =IFERROR(INDEX(TB_FS!D:D, MATCH(C88, TB_FS!B:B, 0)), 0) -> 87341 | J88: =IFERROR(INDEX(TB_FS!E:E, MATCH($C$88, TB_FS!$B:$B, 0)), 0) -> 89801 | K88: =IFERROR(INDEX(TB_FS!F:F, MATCH($C$88, TB_FS!$B:$B, 0)), 0) -> 48743 | L88: =IFERROR(INDEX(TB_FS!G:G, MATCH($C$88, TB_FS!$B:$B, 0)), 0) -> 39434 | M88: =IFERROR(INDEX(TB_FS!H:H, MATCH($C$88, TB_FS!$B:$B, 0)), 0) -> 18605 | N88: =IFERROR(INDEX(TB_FS!I:I, MATCH($C$88, TB_FS!$B:$B, 0)), 0) -> 0
I90: =I85+I83+I87+I88 -> 1407162 | J90: =J85+J83+J87+J88 -> 1683378 | K90: =K85+K83+K87+K88 -> 1705709 | L90: =L85+L83+L87+L88 -> 1524485 | M90: =M85+M83+M87+M88 -> 1348561 | N90: =N85+N83+N87+N88 -> 0
D91: LIABILITIES
D92: CURRENT
B93: =IF(I93+J93=0,0,1) -> 0 | D93: Bank overdraft | I93: =ABS(IF(I278<0.01,I278,0)) -> 0 | J93: =ABS(IF(J278<0.01,J278,0)) -> 0 | K93: =ABS(IF(K278<0.01,K278,0)) -> 0 | L93: =ABS(IF(L278<0.01,L278,0)) -> 0 | M93: =ABS(IF(M278<0.01,M278,0)) -> 0 | N93: =ABS(IF(N278<0.01,N278,0)) -> 0
B94: =IF(I94+J94=0,0,1) -> 1 | C94: 2620 | D94: =(INDEX(TB_FS!C:C,MATCH(C94,TB_FS!B:B,0))) -> Accounts payable | E94: =SUMIF(COA!$F$6:$I$173,C94,COA!$I$6:$I$173) -> -142976.07 | F94: =SUMIF(COA!$F$6:$I$173,C94,COA!#REF!) -> #REF! | I94: =IFERROR(ABS(INDEX(TB_FS!D:D, MATCH(C94, TB_FS!B:B, 0))), "")+I114 -> 248439 | J94: =IFERROR(ABS(INDEX(TB_FS!E:E, MATCH($C$94, TB_FS!$B:$B, 0))), "")+J114 -> 142968 | K94: =IFERROR(ABS(INDEX(TB_FS!F:F, MATCH($C$94, TB_FS!$B:$B, 0))), "")+K114 -> 211769 | L94: =IFERROR(ABS(INDEX(TB_FS!G:G, MATCH($C$94, TB_FS!$B:$B, 0))), "")+L114 -> 167433 | M94: =IFERROR(ABS(INDEX(TB_FS!H:H, MATCH($C$94, TB_FS!$B:$B, 0))), "")+M114 -> 244213 | N94: =IFERROR(ABS(INDEX(TB_FS!I:I, MATCH($C$94, TB_FS!$B:$B, 0))), "") -> 0
B95: =IF(I95+J95=0,0,1) -> 1 | C95: 2627 | D95: =(INDEX(TB_FS!C:C,MATCH(C95,TB_FS!B:B,0))) -> Government Remittances | E95: =SUMIF(COA!$F$6:$I$173,C95,COA!$I$6:$I$173) -> 0 | F95: =SUMIF(COA!$F$6:$I$173,C95,COA!#REF!) -> #REF! | I95: =IFERROR(ABS(INDEX(TB_FS!D:D, MATCH(C95, TB_FS!B:B, 0))), "") -> 2667 | J95: =IFERROR(ABS(INDEX(TB_FS!E:E, MATCH($C$95, TB_FS!$B:$B, 0))), "") -> 0 | K95: =IFERROR(ABS(INDEX(TB_FS!F:F, MATCH($C$95, TB_FS!$B:$B, 0))), "") -> 0 | L95: =IFERROR(ABS(INDEX(TB_FS!G:G, MATCH($C$95, TB_FS!$B:$B, 0))), "") -> 0 | M95: =IFERROR(ABS(INDEX(TB_FS!H:H, MATCH($C$95, TB_FS!$B:$B, 0))), "") -> 0 | N95: =IFERROR(ABS(INDEX(TB_FS!I:I, MATCH($C$95, TB_FS!$B:$B, 0))), "") -> 0
B96: =IF(I96+J96=0,0,1) -> 1 | C96: 2680 | D96: =(INDEX(TB_FS!C:C,MATCH(C96,TB_FS!B:B,0))) -> Corporate Income Tax | E96: =SUMIF(COA!$F$6:$I$173,C96,COA!$I$6:$I$173) -> -23061.1 | F96: =SUMIF(COA!$F$6:$I$173,C96,COA!#REF!) -> #REF! | I96: =ABS(IF(I286<0.01,I286,0)) -> 4180 | J96: =ABS(IF(J286<0.01,J286,0)) -> 23061 | K96: =ABS(IF(K286<0.01,K286,0)) -> 0 | L96: =ABS(IF(L286<0.01,L286,0)) -> 60315 | M96: =ABS(IF(M286<0.01,M286,0)) -> 5245 | N96: =ABS(IF(N286<0.01,N286,0)) -> 0
C97: 2681 | D97: =(INDEX(TB_FS!C:C,MATCH(C97,TB_FS!B:B,0))) -> HST payable | E97: =SUMIF(COA!$F$6:$I$173,C97,COA!$I$6:$I$173) -> -32215.76 | F97: =SUMIF(COA!$F$6:$I$173,C97,COA!#REF!) -> #REF! | I97: =ABS(IF(I284<0.01,I284,0)) -> 58772 | J97: =ABS(IF(J284<0.01,J284,0)) -> 32216 | K97: =ABS(IF(K284<0.01,K284,0)) -> 0 | L97: =ABS(IF(L284<0.01,L284,0)) -> 38307 | M97: =ABS(IF(M284<0.01,M284,0)) -> 2638 | N97: =ABS(IF(N284<0.01,N284,0)) -> 0
D98: Due to a shareholder | I98: =ABS(IF(I151<0.01,I151,0)) -> 164955 | J98: =ABS(IF(J151<0.01,J151,0)) -> 289463 | K98: =ABS(IF(K151<0.01,K151,0)) -> 111270 | L98: =ABS(IF(L151<0.01,L151,0)) -> 0 | M98: =ABS(IF(M151<0.01,M151,0)) -> 0 | N98: =ABS(IF(N151<0.01,N151,0)) -> 0
C99: 2920 | D99: =(INDEX(TB_FS!C:C,MATCH(C99,TB_FS!B:B,0))) -> Current portion of term debt | E99: =SUMIF(COA!$F$6:$I$173,C99,COA!$I$6:$I$173) -> 0 | F99: =SUMIF(COA!$F$6:$I$173,C99,COA!#REF!) -> #REF! | I99: =IFERROR(ABS(INDEX(TB_FS!D:D, MATCH($C$99, TB_FS!$B:$B, 0))), "") -> 110400 | J99: =IFERROR(ABS(INDEX(TB_FS!E:E, MATCH($C$99, TB_FS!$B:$B, 0))), "") -> 0 | K99: =IFERROR(ABS(INDEX(TB_FS!F:F, MATCH($C$99, TB_FS!$B:$B, 0))), "") -> 0 | L99: =IFERROR(ABS(INDEX(TB_FS!G:G, MATCH($C$99, TB_FS!$B:$B, 0))), "") -> 0 | M99: =IFERROR(ABS(INDEX(TB_FS!H:H, MATCH($C$99, TB_FS!$B:$B, 0))), "") -> 0 | N99: =IFERROR(ABS(INDEX(TB_FS!I:I, MATCH($C$99, TB_FS!$B:$B, 0))), "") -> 0
E100: =SUM(E91:E99) -> -198252.93 | F100: =SUM(F91:F99) -> #REF! | I100: =SUM(I93:I99) -> 589413 | J100: =SUM(J93:J99) -> 487708 | K100: =SUM(K93:K99) -> 323039 | L100: =SUM(L93:L99) -> 266055 | M100: =SUM(M93:M99) -> 252096 | N100: =SUM(N93:N99) -> 0
D101: LONG TERM DEBT | I101: =I182 -> 283711 | J101: =J182 -> 503563 | K101: =K182 -> 614795 | L101: =L182 -> 496165 | M101: =M182 -> 320547 | N101: =N182 -> 0
D102: DUE TO RELATED PARTIES | I102: =ABS(IF(I166>0.01,I166,0)) -> 0 | J102: =ABS(IF(J166>0.01,J166,0)) -> 63166 | K102: =ABS(IF(K166>0.01,K166,0)) -> 0 | L102: =ABS(IF(L166>0.01,L166,0)) -> 0 | M102: =ABS(IF(M166>0.01,M166,0)) -> 0 | N102: =ABS(IF(N166>0.01,N166,0)) -> 0
D103: TOTAL LIABILITIES | I103: =I102+I101+I100 -> 873124 | J103: =J102+J101+J100 -> 1054437 | K103: =K102+K101+K100 -> 937834 | L103: =L102+L101+L100 -> 762220 | M103: =M102+M101+M100 -> 572643 | N103: =N102+N101+N100 -> 0
D105: SHAREHOLDERS EQUITY
B106: =IF(I106+J106=0,0,1) -> 1 | C106: 3500 | D106: =(INDEX(TB_FS!C:C,MATCH(C106,TB_FS!B:B,0))) -> Common shares | E106: =SUMIF(COA!$F$6:$I$173,C106,COA!$I$6:$I$173) -> -106 | F106: =SUMIF(COA!$F$6:$I$173,C106,COA!#REF!) -> #REF! | I106: =IFERROR(ABS(INDEX(TB_FS!D:D, MATCH($C$106, TB_FS!$B:$B, 0))), "") -> 105 | J106: =IFERROR(ABS(INDEX(TB_FS!E:E, MATCH($C$106, TB_FS!$B:$B, 0))), "") -> 106 | K106: =IFERROR(ABS(INDEX(TB_FS!F:F, MATCH($C$106, TB_FS!$B:$B, 0))), "") -> 106 | L106: =IFERROR(ABS(INDEX(TB_FS!G:G, MATCH($C$106, TB_FS!$B:$B, 0))), "") -> 106 | M106: =IFERROR(ABS(INDEX(TB_FS!H:H, MATCH($C$106, TB_FS!$B:$B, 0))), "") -> 108 | N106: =IFERROR(ABS(INDEX(TB_FS!I:I, MATCH($C$106, TB_FS!$B:$B, 0))), "") -> 0
B107: =IF(I107+J107=0,0,1) -> 0 | C107: 3520 | D107: =INDEX(M_COA[FS_LINE],MATCH(C107,M_COA[IFSL],0)) -> Preferred shares | E107: =SUMIF(COA!$F$6:$I$173,C107,COA!$I$6:$I$173) -> 0 | F107: =SUMIF(COA!$F$6:$I$173,C107,COA!#REF!) -> #REF! | I107: =IFERROR(ABS(INDEX(TB_FS!D:D, MATCH($C$107, TB_FS!$B:$B, 0))), 0) -> 0 | J107: =IFERROR(ABS(INDEX(TB_FS!E:E, MATCH(D107, TB_FS!C:C, 0))), "") -> 0 | K107: =IFERROR(ABS(INDEX(TB_FS!F:F, MATCH($C$107, TB_FS!$B:$B, 0))), 0) -> 0 | L107: =IFERROR(ABS(INDEX(TB_FS!G:G, MATCH(F107, TB_FS!E:E, 0))), "") | M107: =IFERROR(ABS(INDEX(TB_FS!H:H, MATCH($C$107, TB_FS!$B:$B, 0))), 0) -> 0 | N107: =IFERROR(ABS(INDEX(TB_FS!I:I, MATCH(H107, TB_FS!G:G, 0))), "") -> 0
B108: =IF(I108+J108=0,0,1) -> 1 | C108: 3660 | D108: =INDEX(M_COA[FS_LINE],MATCH(C108,M_COA[IFSL],0)) -> Retained earnings | E108: =E65 -> -4064893 | F108: =F65 -> #REF! | I108: =I65 -> 533933 | J108: =J65 -> 628835 | K108: =K65 -> 594653 | L108: =L65 -> 446028 | M108: =M65 -> 169225 | N108: =N65 -> 0
E109: =SUM(E105:E108) -> -4064999 | F109: =SUM(F105:F108) -> #REF! | I109: =SUM(I106:I108) -> 534038 | J109: =SUM(J106:J108) -> 628941 | K109: =SUM(K106:K108) -> 594759 | L109: =SUM(L106:L108) -> 446134 | M109: =SUM(M106:M108) -> 169333 | N109: =SUM(N106:N108) -> 0
B110: =IF(I110+J110=0,0,1) -> 0
I111: =I109+I103 -> 1407162 | J111: =J109+J103 -> 1683378 | K111: =K109+K103 -> 1532593 | L111: =L109+L103 -> 1208354 | M111: =M109+M103 -> 741976 | N111: =N109+N103 -> 0
B113: 0 | I113: =I111-I90 -> 0 | J113: =J111-J90 -> 0 | K113: =K111-K90 -> -173116 | L113: =L111-L90 -> -316131 | M113: =M111-M90 -> -606585 | N113: =N111-N90 -> 0
B114: 0 | I114: -9 | J114: -9 | K114: -7 | L114: -4 | M114: -1
M117: =UPPER(COA!$B$2) -> ANONYMOUS COMPANY
M118: SCHEDULE OF CAPITAL ASSETS
M119: ="As at "&(TEXT(COA!$B$4,"MMMM DD, YYYY")) -> As at December 31, 2025
I120: =YEAR(COA!$B$4) -> 2025 | J120: =R_FS[[#This Row],[CY]]-1 -> 2024 | K120: =R_FS[[#This Row],[PY]]-1 -> 2023 | L120: =R_FS[[#This Row],[PY2]]-1 -> 2022 | M120: =R_FS[[#This Row],[PY3]]-1 -> 2021 | N120: =R_FS[[#This Row],[PY4]]-1 -> 2020
I121: $ | J121: $ | K121: $ | L121: $ | M121: $ | N121: $
D123: CAPITAL ASSETS | G123: COST | H123: ACCUMULATED AMORTIZATION
C124: 1600 | D124: =(INDEX(TB_FS!C:C,MATCH(C124,TB_FS!B:B,0))) -> Land | E124: =SUMIF(COA!$F$6:$I$173,C124,COA!$I$6:$I$173) -> 0 | F124: =SUMIF(COA!$F$6:$I$173,C124,COA!#REF!) -> #REF! | G124: =IFERROR(INDEX(TB_FS!D:D, MATCH(C124, TB_FS!B:B, 0)), 0) -> 0 | H124: =IFERROR(INDEX(TB_FS!E:E, MATCH(D124, TB_FS!C:C, 0)), 0) -> 0 | I124: =R_FS[[#This Row],[Cost]]+R_FS[[#This Row],[Accumulated amortization]] -> 0 | J124: =IFERROR(INDEX(TB_FS!E:E, MATCH($C$124, TB_FS!$B:$B, 0)), 0) -> 0 | K124: =IFERROR(INDEX(TB_FS!F:F, MATCH($C$124, TB_FS!$B:$B, 0)), 0) -> 0 | L124: =IFERROR(INDEX(TB_FS!G:G, MATCH($C$124, TB_FS!$B:$B, 0)), 0) -> 0 | M124: =IFERROR(INDEX(TB_FS!H:H, MATCH($C$124, TB_FS!$B:$B, 0)), 0) -> 0 | N124: =IFERROR(INDEX(TB_FS!I:I, MATCH($C$124, TB_FS!$B:$B, 0)), 0) -> 0
B125: =IF(I125+J125=0,0,1) -> 0 | C125: 1680 | D125: =(INDEX(TB_FS!C:C,MATCH(C125,TB_FS!B:B,0))) -> Building | G125: =IFERROR(INDEX(TB_FS!D:D, MATCH($C$125, TB_FS!$B:$B, 0)), 0) -> 0 | H125: =IFERROR(ABS(INDEX(TB_FS!D:D, MATCH($C$133, TB_FS!$B:$B, 0))), "") -> 0 | I125: =R_FS[[#This Row],[Cost]]-R_FS[[#This Row],[Accumulated amortization]] -> 0 | J125: =IFERROR(INDEX(TB_FS!E:E,MATCH($C$125,TB_FS!$B:$B,0)),0)+(INDEX(TB_FS!E:E,MATCH($C$133,TB_FS!$B:$B,0))) -> 0 | K125: =IFERROR(INDEX(TB_FS!F:F,MATCH($C$125,TB_FS!$B:$B,0)),0)+(INDEX(TB_FS!F:F,MATCH($C$133,TB_FS!$B:$B,0))) -> 0 | L125: =IFERROR(INDEX(TB_FS!G:G,MATCH($C$125,TB_FS!$B:$B,0)),0)+(INDEX(TB_FS!G:G,MATCH($C$133,TB_FS!$B:$B,0))) -> 0 | M125: =IFERROR(INDEX(TB_FS!H:H,MATCH($C$125,TB_FS!$B:$B,0)),0)+(INDEX(TB_FS!H:H,MATCH($C$133,TB_FS!$B:$B,0))) -> 0 | N125: =IFERROR(INDEX(TB_FS!I:I,MATCH($C$125,TB_FS!$B:$B,0)),0)+(INDEX(TB_FS!I:I,MATCH($C$133,TB_FS!$B:$B,0))) -> 0
B126: =IF(I126+J126=0,0,1) -> 1 | C126: 1742 | D126: =(INDEX(TB_FS!C:C,MATCH(C126,TB_FS!B:B,0))) -> Automobile | G126: =IFERROR(INDEX(TB_FS!D:D, MATCH(C126, TB_FS!B:B, 0)), 0) -> 32594 | H126: =IFERROR(ABS(INDEX(TB_FS!D:D, MATCH($C$134, TB_FS!$B:$B, 0))), "") -> 29117 | I126: =R_FS[[#This Row],[Cost]]-R_FS[[#This Row],[Accumulated amortization]] -> 3477 | J126: =IFERROR(INDEX(TB_FS!E:E,MATCH($C$126,TB_FS!$B:$B,0)),0)+(INDEX(TB_FS!E:E,MATCH($C$134,TB_FS!$B:$B,0))) -> 22642 | K126: =IFERROR(INDEX(TB_FS!F:F,MATCH($C$126,TB_FS!$B:$B,0)),0)+(INDEX(TB_FS!F:F,MATCH($C$134,TB_FS!$B:$B,0))) -> 29768 | L126: =IFERROR(INDEX(TB_FS!G:G,MATCH($C$126,TB_FS!$B:$B,0)),0)+(INDEX(TB_FS!G:G,MATCH($C$134,TB_FS!$B:$B,0))) -> 37068 | M126: =IFERROR(INDEX(TB_FS!H:H,MATCH($C$126,TB_FS!$B:$B,0)),0)+(INDEX(TB_FS!H:H,MATCH($C$134,TB_FS!$B:$B,0))) -> 52954 | N126: =IFERROR(INDEX(TB_FS!I:I,MATCH($C$126,TB_FS!$B:$B,0)),0)+(INDEX(TB_FS!I:I,MATCH($C$134,TB_FS!$B:$B,0))) -> 0
...

Sheet Ai PROMPT AND RESPONSE
A1: TABLE OF CONTENTS | C1: Ai PROMPT AND RESPONSE | L1: Index
B2: =UPPER(COA!B2) -> ANONYMOUS COMPANY
B3: ="FOR THE YEAR ENDED "&UPPER(TEXT(COA!$B$4,"MMMM DD, YYYY")) -> FOR THE YEAR ENDED DECEMBER 31, 2025
B4: Ai insites to the 5 year Financial statements
B6: THE PURPOSE OF THIS WORKSHEET IS TO Document the Ai Prompt and to record their response
B8: 📌 Ai PROMPT
B9: I have the five year financial statements for anonymous company ending in December 31, 2024 which I will attach as a PDF file to this prompt. This company operates a chain of franchised fast food restaurants in the Detroit area and I need an operating review. Please match their results with what you would expect and provide a detailed report together with an executive summary.
B13: 📌 Executive Summary
B15: Anonymous Company has demonstrated steady top-line growth over the five-year period, with sales increasing from $4.33M in 2020 to $6.26M in 2024—a compound annual growth rate (CAGR) of approximately 9.2%, which is healthy for a regional fast food chain. However, profitability has been inconsistent, with net income fluctuating and margins narrowing in recent years. Key concerns include rising operating expenses, declining gross margins, and elevated marketing and premises costs. The company’s capital structure remains stable, though liquidity has weakened in 2024. Overall, while growth is evident, operational efficiency and cost control need attention to sustain profitability.
B19: 📊 Detailed Operating Review
B21: 1. Revenue Trends
B23: Sales Growth: From $4.33M in 2020 to $6.26M in 2024.
B24: This growth aligns with expectations for a regional fast food chain expanding its footprint or increasing same-store sales.
B25: Year-over-Year Growth:
B26: 2021–2022: +1.25%
... B84: Benchmarking: Compare performance with similar regional franchises to identify best practices.

Sheet TB_FS
A1: TABLE OF CONTENTS | C1: =B4 -> GENERAL LEDGER TRAIL BALANCE BY FSLINE
B2: =UPPER(COA!B2) -> ANONYMOUS COMPANY | J2: TB_FS
B3: ="FOR THE YEAR ENDED "&UPPER(TEXT(COA!$B$4,"MMMM DD, YYYY")) -> FOR THE YEAR ENDED DECEMBER 31, 2025
B4: GENERAL LEDGER TRAIL BALANCE BY FSLINE
B6: THE PURPOSE OF THIS WORKSHEET IS TO: General ledger trial balance recast by FSLine and rounded
B8: IFSL | C8: FS_LINE | D8: Total CY | E8: Total PY1 | F8: Total PY2 | G8: Total PY3 | H8: Total PY4 | I8: Total PY5
B9: 00H1 | C9: CURRENT ASSETS | D9: 0 | E9: 0
B10: 1002 | C10: Cash | D10: 77184 | E10: 509493 | F10: 408632 | G10: 219150 | H10: 152840 | I10: 0
B11: 1180 | C11: Marketable securities | D11: 136668 | E11: 119850 | F11: 0 | G11: 0 | H11: 130959 | I11: 0
B12: 1060 | C12: Accounts receivable | D12: 53399 | E12: 14544 | F12: 9706 | G12: 5159 | H12: 14015 | I12: 0
B13: 1146 | C13: Acct Rec - Shareholder | D13: 0 | E13: 0 | F13: 0 | G13: 0 | H13: 0 | I13: 0
B14: 1121 | C14: Inventory | D14: 38350 | E14: 49573 | F14: 39575 | G14: 39575 | H14: 35717 | I14: 0
B15: 1484 | C15: Prepaid expense | D15: 9932 | E15: 9433 | F15: 8216 | G15: 29115 | H15: 32580 | I15: 0
B16: 00H2 | C16: CAPITAL ASSETS | D16: 0 | E16: 0 | F16: 0 | G16: 0 | H16: 0 | I16: 0
B17: 1600 | C17: Land | D17: 0 | E17: 0 | F17: 0 | G17: 0 | H17: 0 | I17: 0
B18: 1680 | C18: Building | D18: 0 | E18: 0 | F18: 0 | G18: 0 | H18: 0 | I18: 0
B19: 1681 | C19: Accumulated amortization Building | D19: 0 | E19: 0 | F19: 0 | G19: 0 | H19: 0 | I19: 0
B20: 1787 | C20: Furniture | D20: 0 | E20: 0 | F20: 0 | G20: 0 | H20: 0 | I20: 0
B21: 1788 | C21: Accumulated amortization Furniture | D21: 0 | E21: 0 | F21: 0 | G21: 0 | H21: 0 | I21: 0
... B117: 9990 | C117: Current Income tax | D117: 13 | E117: 13961 | F117: 116990 | G117: 113061 | H117: 30976 | I117: 0
D118: 0

Sheet PT_TB
A1: TABLE OF CONTENTS | C1: =B4 -> GENERAL LEDGER TRAIL BALANCE
B2: =UPPER(COA!B2) -> ANONYMOUS COMPANY | E2: TB
B3: ="FOR THE YEAR ENDED "&UPPER(TEXT(COA!$B$4,"MMMM DD, YYYY")) -> FOR THE YEAR ENDED DECEMBER 31, 2025
B4: GENERAL LEDGER TRAIL BALANCE
B6: THE PURPOSE OF THIS WORKSHEET IS TO: LIST BALANCES OF GENERAL LEDGER BY ACCOUNT
B8: ACCOUNT | C8: Sum of AMOUNT
B9: 1101 Cash on hand | C9: 24875.53
B10: 1102 General Bank Account | C10: 52308.04
B11: 1119 Bank Transfer Account | C11: 0
B12: 1120 Broker CDN Cash | C12: 155.05
B13: 1121 Broker US Cash | C13: -22252.45
B14: 1131 Broker CDN Securities | C14: 25912.75
B15: 1132 Broker US Securities | C15: 114436.93
B16: 1139 Exchange/mark to market | C16: 18415
B17: 1140 Accounts Receivable | C17: 8572.5
B18: 1141 Miscellaneous receivables | C18: 44826.56
B19: 1300 Inventory | C19: 38349.98
B20: 1484 Prepaid expenses | C20: 9931.62
... B108: Grand Total | C108: 5.0840754e-10
C111: =SUM(C50:C104) -> -100417.07
I159: 0
I160: 0
I161: 0

Sheet PT_GL
A1: TABLE OF CONTENTS | C1: =B4 -> GENERAL LEDGER
B2: =UPPER(COA!B2) -> ANONYMOUS COMPANY | J2: GL
B3: ="FOR THE YEAR ENDED "&UPPER(TEXT(COA!$B$4,"MMMM DD, YYYY")) -> FOR THE YEAR ENDED DECEMBER 31, 2025
B4: GENERAL LEDGER
B6: THE PURPOSE OF THIS WORKSHEET IS TO: LIST ALL TRANSACTIONS BY GENERAL LEDGER ACCOUNT
C8: GENERAL LEDGER
B9: ACCOUNT | C9: REF | D9: DATE | E9: SOURCE | F9: Sum of AMOUNT
B10: 1101 Cash on hand | C10: BF-01 | D10: 45657 | E10: BF | F10: 24875.53
B11: 1101 Cash on hand Total | F11: 24875.53
B12: 1102 General Bank Account | C12: BF-01 | D12: 45657 | E12: BF | F12: 63334.97
C13: 250499 | D13: 46022 | E13: CR | F13: 15261.25
C14: 251299 | D14: 221338 | E14: CD | F14: -26288.18
B15: 1102 General Bank Account Total | F15: 52308.04
B16: 1119 Bank Transfer Account | C16: 2004 | D16: 45658 | E16: BK-US | F16: 176.75
E17: BK-CDN | F17: -2778.58
C18: 2005 | D18: 45658 | E18: BK-US | F18: -94233.04
E19: BK-CDN | F19: -22661.04
C20: 2006 | D20: 45658 | E20: BK-US | F20: 94056.29
E21: BK-CDN | F21: 25439.62
B22: 1119 Bank Transfer Account Total | F22: 0
B23: 1120 Broker CDN Cash | C23: BF-01 | D23: 45657 | E23: BF | F23: 2778.58
C24: 2000 | D24: 46022 | E24: BK-CDN | F24: -112934.77
C25: 2001 | D25: 46022 | E25: BK-CDN | F25: 110311.24
B26: 1120 Broker CDN Cash Total | F26: 155.05
B27: 1121 Broker US Cash | C27: BF-01 | D27: 45657 | E27: BF | F27: 176.75
C28: 2000 | D28: 46022 | E28: BK-US | F28: -74940.06
C29: 2001 | D29: 46022 | E29: BK-US | F29: 52510.86
B30: 1121 Broker US Cash Total | F30: -22252.45
B31: 1131 Broker CDN Securities | C31: BF-01 | D31: 45657 | E31: BF | F31: 22661.04
C32: 112 | D32: 45659 | E32: BK-CDN | F32: 7.64
C33: 120 | D33: 45679 | E33: BK-CDN | F33: 15011.33
C34: 122 | D34: 45686 | E34: BK-CDN | F34: 12079.18
C35: 123 | D35: 45686 | E35: BK-CDN | F35: 3541.84
C36: 126 | D36: 45687 | E36: BK-CDN | F36: 6151.37
C37: 127 | D37: 45687 | E37: BK-CDN | F37: 5749.84
C38: 129 | D38: 45693 | E38: BK-CDN | F38: 8890.54
C39: 134 | D39: 45698 | E39: BK-CDN | F39: 6079.31
C40: 137 | D40: 45702 | E40: BK-CDN | F40: 489
C41: 140 | D41: 45709 | E41: BK-CDN | F41: 15619.8
C42: 142 | D42: 45719 | E42: BK-CDN | F42: 4816.12
C43: 149 | D43: 45768 | E43: BK-CDN | F43: 4.45
... C51: 107 | D51: 45671 | E51: BK-CDN | F51: 13625.8
B52: 1131 Broker CDN Securities Total | F52: 25912.75
B53: 1132 Broker US Securities | C53: BF-01 | D53: 45657 | E53: BF | F53: 94233.04
C54: 110 | D54: 45670 | E54: BK-US | F54: 10398.98
C55: 111 | D55: 45670 | E55: BK-US | F55: 10416.99
C56: 117 | D56: 45908 | E56: BK-US | F56: 10398.98
C57: 118 | D57: 45908 | E57: BK-US | F57: 11108.71
C58: 119 | D58: 45908 | E58: BK-US | F58: 11108.71
C59: 120 | D59: 45908 | E59: BK-US | F59: 11108.71
C60: 121 | D60: 45908 | E60: BK-US | F60: 10398.98
C61: 2003 | D61: 46022 | E61: BK-US | F61: -54736.17
B62: 1132 Broker US Securities Total | F62: 114436.93
B63: 1139 Exchange/mark to market | C63: 128 | D63: 45688 | E63: BK-CDN | F63: -200
C64: 1 | D64: 45904 | E64: JE | F64: 18615
B65: 1139 Exchange/mark to market Total | F65: 18415
B66: 1140 Accounts Receivable | C66: 250401 | D66: 45760 | E66: CR | F66: -3450
C67: 250301 | D67: 45745 | E67: CR | F67: -1811.25
C68: 250501 | D68: 45782 | E68: CR | F68: -10000
C69: 2506199 | D69: 221338 | E69: SJ | F69: 23833.75
B70: 1140 Accounts Receivable Total | F70: 8572.5
B71: 1141 Miscellaneous receivables | C71: BF-01 | D71: 45657 | E71: BF | F71: 16076.56
C72: 2 | D72: 45953 | E72: JE | F72: 28750
B73: 1141 Miscellaneous receivables Total | F73: 44826.56
B74: 1300 Inventory | C74: BF-01 | D74: 45657 | E74: BF | F74: 38349.98
B75: 1300 Inventory Total | F75: 38349.98
B76: 1484 Prepaid expenses | C76: BF-01 | D76: 45657 | E76: BF | F76: 9931.62
B77: 1484 Prepaid expenses Total | F77: 9931.62
B78: 1742 Automobile | C78: BF-01 | D78: 45657 | E78: BF | F78: 62299
C79: 2 | D79: 45953 | E79: JE | F79: -29704.95
B80: 1742 Automobile Total | F80: 32594.05
B81: 1743 Automobile:Accum Dep | C81: BF-01 | D81: 45657 | E81: BF | F81: -39657
C82: 2 | D82: 45953 | E82: JE | F82: 12030.69
C83: 3 | D83: 45953 | E83: JE | F83: -1490.32
B84: 1743 Automobile:Accum Dep Total | F84: -29116.63
B85: 1774 Computer | C85: BF-01 | D85: 45657 | E85: BF | F85: 88951.72
B86: 1774 Computer Total | F86: 88951.72
B87: 1775 Computer accumulated amortization | C87: BF-01 | D87: 45657 | E87: BF | F87: -63486.54
B88: 1775 Computer accumulated amortization Total | F88: -63486.54
B89: 1787 Equipment | C89: BF-01 | D89: 45657 | E89: BF | F89: 907431.02
B90: 1787 Equipment Total | F90: 907431.02
B91: 1788 Equipment accumulated amortization | C91: BF-01 | D91: 45657 | E91: BF | F91: -637005.93
B92: 1788 Equipment accumulated amortization Total | F92: -637005.93
B93: 1918 Leasehold improvements | C93: BF-01 | D93: 45657 | E93: BF | F93: 874941.75
B94: 1918 Leasehold improvements Total | F94: 874941.75
B95: 1919 Leasehold improvements accumulated Amortization | C95: BF-01 | D95: 45657 | E95: BF | F95: -503688.35
B96: 1919 Leasehold improvements accumulated Amortization Total | F96: -503688.35
B97: 2016 Franchise Fee | C97: BF-01 | D97: 45657 | E97: BF | F97: 62250
B98: 2016 Franchise Fee Total | F98: 62250
B99: 2017 Franchise Fee accumulated amortization | C99: BF-01 | D99: 45657 | E99: BF | F99: -47550
B100: 2017 Franchise Fee accumulated amortization Total | F100: -47550
B101: 2150 Accounts payable | C101: 249999 | D101: 46022 | E101: PJ | F101: -20033
C102: 250502 | D102: 45682 | E102: CD | F102: 791.52
C103: 250505 | D103: 45688 | E103: CD | F103: 541
C104: 250506 | D104: 45744 | E104: CD | F104: 15180
B105: 2150 Accounts payable Total | F105: -3520.48
B106: 2151 Fundraiser Coupon Payable | C106: BF-01 | D106: 45657 | E106: BF | F106: -7713.65
B107: 2151 Fundraiser Coupon Payable Total | F107: -7713.65
B108: 2152 Accruals | C108: BF-01 | D108: 45657 | E108: BF | F108: -313475.81
B109: 2152 Accruals Total | F109: -313475.81
...

Sheet A
A1: TABLE OF CONTENTS | C1: =F5 -> CASH
A2: A1
F4: =UPPER(COA!B2) -> ANONYMOUS COMPANY | I4: =MID(A2,1,1) -> A
F5: =UPPER(_xlfn.XLOOKUP(A2,COA!G1:G174,COA!I1:I174)) -> CASH
F6: ="FOR THE YEAR ENDED "&UPPER(TEXT(COA!$B$4,"MMMM DD, YYYY")) -> FOR THE YEAR ENDED DECEMBER 31, 2025
B9: Helper columns | F9: Account | G9: =YEAR(COA!B4) -> 2025 | H9: =G9-1 -> 2024
B10: Match | C10: Count | D10: Concat
B11: =IFERROR(MATCH(D11,M_COA[LSheetID],0),"") -> 2 | C11: =1 -> 1 | D11: =_xlfn.CONCAT($I$4,C11) -> A1 | F11: {=IFERROR(INDEX(M_COA[ACCOUNT],B11),0)} -> 1101 Cash on hand | G11: {=IFERROR(INDEX(M_COA[CY],B11),0)} -> 24875.53 | H11: {=IFERROR(INDEX(M_COA[PY1],B11),0)} -> 34282.13
B12: =IFERROR(MATCH(D12,M_COA[LSheetID],0),"") -> 3 | C12: =C11+1 -> 2 | D12: =_xlfn.CONCAT($I$4,C12) -> A2 | F12: {=IFERROR(INDEX(M_COA[ACCOUNT],B12),0)} -> 1102 General Bank Account | G12: {=IFERROR(INDEX(M_COA[CY],B12),0)} -> 52308.04 | H12: {=IFERROR(INDEX(M_COA[PY1],B12),0)} -> 475211.08
B13: =IFERROR(MATCH(D13,M_COA[LSheetID],0),"") -> 4 | C13: =C12+1 -> 3 | D13: =_xlfn.CONCAT($I$4,C13) -> A3 | F13: {=IFERROR(INDEX(M_COA[ACCOUNT],B13),0)} -> 1103 BMO Overdraft | G13: {=IFERROR(INDEX(M_COA[CY],B13),0)} -> 0 | H13: {=IFERROR(INDEX(M_COA[PY1],B13),0)} -> 0
B14: =IFERROR(MATCH(D14,M_COA[LSheetID],0),"") -> 5 | C14: =C13+1 -> 4 | D14: =_xlfn.CONCAT($I$4,C14) -> A4 | F14: {=IFERROR(INDEX(M_COA[ACCOUNT],B14),0)} -> 1119 Bank Transfer Account | G14: {=IFERROR(INDEX(M_COA[CY],B14),0)} -> 0 | H14: {=IFERROR(INDEX(M_COA[PY1],B14),0)} -> 0
B15: =IFERROR(MATCH(D15,M_COA[LSheetID],0),"") | C15: =C14+1 -> 5 | D15: =_xlfn.CONCAT($I$4,C15) -> A5 | F15: {=IFERROR(INDEX(M_COA[ACCOUNT],B15),0)} -> 0 | G15: {=IFERROR(INDEX(M_COA[CY],B15),0)} -> 0 | H15: {=IFERROR(INDEX(M_COA[PY1],B15),0)} -> 0
B16: =IFERROR(MATCH(D16,M_COA[LSheetID],0),"")
G17: =SUM(G11:G15) -> 77183.57 | H17: =SUM(H11:H15) -> 509493.21
G19: TB

Sheet A1
A1: TABLE OF CONTENTS | C1: BANK RECONCILATION
B2: =COA!$B$2 -> ANONYMOUS COMPANY | G2: A.1
B3: BANK RECONCILATION
B4: 1102 General Bank Account
B5: ="AS AT "&UPPER(TEXT(COA!B4,"MMMM DD, YYYY")) -> AS AT DECEMBER 31, 2025
B7: The purpose of this worksheet is to documnet the bank reconcilation for the bank account noted incell "B4" above. There are three tables on this worksheet - the bank reconcilation (table 1) a listing of outstanding deposits (table 2) and cheques Table 3). Column "B" in Table 2 nad 3 is a sequential numbers. On the Receipts Journal (Worksheet CR) column "J" notes that the deposit was matched to the bank statement and all uncleared deposits are sequentially numbered in Comumn "H" . All uncleaned deposits are listed in table 2 using the number in Column "B" below and the VLOOKUP function Columns "C", "D", "E" and "F" are updated. On the Cheque Disbursements Journal (Worksheet CD) column "M" notes that the cheques where matched to the bank statement and all uncleared cheques are sequentially numbered in Comumn "B" . All uncleaned Cheques are listed in table 3 using the number in Column "B" below and the VLOOKUP function Columns "C", "D", "E" and "F" are updated. Table 1 is manually updated from the bank statement while the total of the outstanding cheques and depodits are automatically updated The true bank balance is automatically computed and matched to the general ledger. Any diffeence is shown in Cell "F33" The GL account Balance is computed on a pivot table and it is important to refresh the data to ensure that the GL reflects all entries..
C13: Column1 | D13: Column12 | E13: Column2 | F13: Column3 | G13: Column4
B14: BALANCE AS PER BANK STATEMENT | F14: 42308.04
B15: ADD O/S DEPOSITS | F15: =F41 -> 10000
B17: SUB TOTAL | F17: =F16+F15+F14 -> 52308.04
B20: LESS O/S CHEQUES | F20: =F59 -> 0
B22: BALANCE AS PER GENERAL LEDGER | F22: =SUM(F17:F20) -> 52308.04 | G22: T/B
A25: Match | B25: BALANCE AS PER GENERAL LEDGER
A26: =IFERROR(MATCH(B26,M_COA[ACCOUNT],0),"") -> 3 | B26: 1102 General Bank Account | F26: {=IFERROR(INDEX(M_COA[CY],A26),0)} -> 52308.04
F27: 0
F28: 0
F29: 0
B31: ADJSUTED GENERAL LEDGER BALANCE | F31: =SUM(F25:F30) -> 52308.04
B33: DIFFERENCE | F33: =F22-F31 -> 0
B36: LIST OF OUTSTANDING DEPOSITS
B37: O/S DEPOSIT | C37: REF | D37: RECEIPT | E37: DATE | F37: AMOUNT
B38: 1 | C38: {=IFERROR(_xlfn.XLOOKUP(B38,CR!J6:J18,CR!D6:$D18,0),0)} -> 250501 | D38: {=IFERROR(_xlfn.XLOOKUP(B38,CR!$J$6:'CR'!J18,CR!$F$6:F18,0)," ")} -> BIG BAD WOLF INC | E38: {=IF(F38=0," ",(_xlfn.XLOOKUP(B38,CR!$J$6:J18,CR!$C$6:C18,0)))} -> 45782 | F38: {=IFERROR(_xlfn.XLOOKUP(B38,CR!J6:J18,CR!$G$6:G18,0),0)} -> 10000
B39: =B38+1 -> 2 | C39: {=IFERROR(_xlfn.XLOOKUP(B39,CR!#REF!,CR!D$6:$D25,0),0)} -> 0 | D39: {=IFERROR(_xlfn.XLOOKUP(B39,CR!#REF!,CR!$F$6:F25,0)," ")} | E39: {=IF(F39=0," ",(_xlfn.XLOOKUP(B39,CR!#REF!,CR!$C$6:C25,0)))} | F39: {=IFERROR(_xlfn.XLOOKUP(B39,CR!#REF!,CR!$G$6:G25,0),0)} -> 0
B40: =B39+1 -> 3 | C40: {=IFERROR(_xlfn.XLOOKUP(B40,CR!#REF!,CR!D$6:$D20,0),0)} -> 0 | D40: {=IFERROR(_xlfn.XLOOKUP(B40,CR!#REF!,CR!$F$6:F20,0)," ")} | E40: {=IF(F40=0," ",(_xlfn.XLOOKUP(B40,CR!#REF!,CR!$C$6:C20,0)))} | F40: {=IFERROR(_xlfn.XLOOKUP(B40,CR!#REF!,CR!$G$6:G20,0),0)} -> 0
C41: {=IFERROR(_xlfn.XLOOKUP(B41,CR!#REF!,CR!D$6:$D20,0),0)} -> 0 | D41: {=IFERROR(_xlfn.XLOOKUP(B41,CR!#REF!,CR!$F$6:F20,0)," ")} | F41: =SUBTOTAL(109,F38:F40) -> 10000
B43: LIST OF OUTSTANDING CHEQUES
C44: CHEQUE # | D44: PAYEE | E44: DATE | F44: AMOUNT
B45: 1 | C45: =IFERROR(VLOOKUP(B45,CD!#REF!,4,0),0) -> 0 | D45: =IFERROR(VLOOKUP(B45,CD!#REF!,8,0),0) -> 0 | E45: =IFERROR(VLOOKUP(B45,CD!#REF!,2,0)," ") | F45: =IFERROR(VLOOKUP(B45,CD!#REF!,11,0),0) -> 0
B46: =B45+1 -> 2 | C46: =IFERROR(VLOOKUP(B46,CD!#REF!,4,0),0) -> 0 | D46: =IFERROR(VLOOKUP(B46,CD!#REF!,8,0),0) -> 0 | E46: =IFERROR(VLOOKUP(B46,CD!#REF!,2,0)," ") | F46: =IFERROR(VLOOKUP(B46,CD!#REF!,11,0),0) -> 0
B47: =B46+1 -> 3 | C47: =IFERROR(VLOOKUP(B47,CD!#REF!,4,0),0) -> 0 | D47: =IFERROR(VLOOKUP(B47,CD!#REF!,8,0),0) -> 0 | E47: =IFERROR(VLOOKUP(B47,CD!#REF!,2,0)," ") | F47: =IFERROR(VLOOKUP(B47,CD!#REF!,11,0),0) -> 0
B48: =B47+1 -> 4 | C48: =IFERROR(VLOOKUP(B48,CD!#REF!,4,0),0) -> 0 | D48: =IFERROR(VLOOKUP(B48,CD!#REF!,8,0),0) -> 0 | E48: =IFERROR(VLOOKUP(B48,CD!#REF!,2,0)," ") | F48: =IFERROR(VLOOKUP(B48,CD!#REF!,11,0),0) -> 0
B49: =B48+1 -> 5 | C49: =IFERROR(VLOOKUP(B49,CD!#REF!,4,0),0) -> 0 | D49: =IFERROR(VLOOKUP(B49,CD!#REF!,8,0),0) -> 0 | E49: =IFERROR(VLOOKUP(B49,CD!#REF!,2,0)," ") | F49: =IFERROR(VLOOKUP(B49,CD!#REF!,11,0),0) -> 0
B50: =B49+1 -> 6 | C50: =IFERROR(VLOOKUP(B50,CD!#REF!,4,0),0) -> 0 | D50: =IFERROR(VLOOKUP(B50,CD!#REF!,8,0),0) -> 0 | E50: =IFERROR(VLOOKUP(B50,CD!#REF!,2,0)," ") | F50: =IFERROR(VLOOKUP(B50,CD!#REF!,11,0),0) -> 0
B51: =B50+1 -> 7 | C51: =IFERROR(VLOOKUP(B51,CD!#REF!,4,0),0) -> 0 | D51: =IFERROR(VLOOKUP(B51,CD!#REF!,8,0),0) -> 0 | E51: =IFERROR(VLOOKUP(B51,CD!#REF!,2,0)," ") | F51: =IFERROR(VLOOKUP(B51,CD!#REF!,11,0),0) -> 0
B52: =B51+1 -> 8 | C52: =IFERROR(VLOOKUP(B52,CD!#REF!,4,0),0) -> 0 | D52: =IFERROR(VLOOKUP(B52,CD!#REF!,8,0),0) -> 0 | E52: =IFERROR(VLOOKUP(B52,CD!#REF!,2,0)," ") | F52: =IFERROR(VLOOKUP(B52,CD!#REF!,11,0),0) -> 0
B53: =B52+1 -> 9 | C53: =IFERROR(VLOOKUP(B53,CD!#REF!,4,0),0) -> 0 | D53: =IFERROR(VLOOKUP(B53,CD!#REF!,8,0),0) -> 0 | E53: =IFERROR(VLOOKUP(B53,CD!#REF!,2,0)," ") | F53: =IFERROR(VLOOKUP(B53,CD!#REF!,11,0),0) -> 0
B54: =B53+1 -> 10 | C54: =IFERROR(VLOOKUP(B54,CD!#REF!,4,0),0) -> 0 | D54: =IFERROR(VLOOKUP(B54,CD!#REF!,8,0),0) -> 0 | E54: =IFERROR(VLOOKUP(B54,CD!#REF!,2,0)," ") | F54: =IFERROR(VLOOKUP(B54,CD!#REF!,11,0),0) -> 0
B55: =B54+1 -> 11 | C55: =IFERROR(VLOOKUP(B55,CD!#REF!,4,0),0) -> 0 | D55: =IFERROR(VLOOKUP(B55,CD!#REF!,8,0),0) -> 0 | E55: =IFERROR(VLOOKUP(B55,CD!#REF!,2,0)," ") | F55: =IFERROR(VLOOKUP(B55,CD!#REF!,11,0),0) -> 0
B56: =B55+1 -> 12 | C56: =IFERROR(VLOOKUP(B56,CD!#REF!,4,0),0) -> 0 | D56: =IFERROR(VLOOKUP(B56,CD!#REF!,8,0),0) -> 0 | E56: =IFERROR(VLOOKUP(B56,CD!#REF!,2,0)," ") | F56: =IFERROR(VLOOKUP(B56,CD!#REF!,11,0),0) -> 0
B57: =B56+1 -> 13 | C57: =IFERROR(VLOOKUP(B57,CD!#REF!,4,0),0) -> 0 | D57: =IFERROR(VLOOKUP(B57,CD!#REF!,8,0),0) -> 0 | E57: =IFERROR(VLOOKUP(B57,CD!#REF!,2,0)," ") | F57: =IFERROR(VLOOKUP(B57,CD!#REF!,11,0),0) -> 0
B58: =B57+1 -> 14 | C58: =IFERROR(VLOOKUP(B58,CD!#REF!,4,0),0) -> 0 | D58: =IFERROR(VLOOKUP(B58,CD!#REF!,8,0),0) -> 0 | E58: =IFERROR(VLOOKUP(B58,CD!#REF!,2,0)," ") | F58: =IFERROR(VLOOKUP(B58,CD!#REF!,11,0),0) -> 0
F59: =SUBTOTAL(109,F45:F58) -> 0

Sheet B
A1: TABLE OF CONTENTS | C1: MARKETABLE SECURITIES -HOLDINGS
A2: B1 | I2: =MID(A2,1,1) -> B
F4: =UPPER(COA!B2) -> ANONYMOUS COMPANY
F5: =UPPER(_xlfn.XLOOKUP(A2,COA!G1:G174,COA!I1:I174)) -> MARKETABLE SECURITIES
F6: ="FOR THE YEAR ENDED "&UPPER(TEXT(COA!$B$4,"MMMM DD, YYYY")) -> FOR THE YEAR ENDED DECEMBER 31, 2025
B9: Helper columns | F9: Account | M9: =YEAR(COA!B4) -> 2025 | N9: =M9-1 -> 2024
B10: Match | C10: Count | D10: Concat
B11: =IFERROR(MATCH(D11,M_COA[LSheetID],0),"") -> 6 | C11: =1 -> 1 | D11: =_xlfn.CONCAT($I$2,C11) -> B1 | F11: {=IFERROR(INDEX(M_COA[ACCOUNT],B11),0)} -> 1120 Broker CDN Cash | M11: {=IFERROR(INDEX(M_COA[CY],B11),0)} -> 155.05 | N11: {=IFERROR(INDEX(M_COA[PY1],B11),0)} -> 2778.58
B12: =IFERROR(MATCH(D12,M_COA[LSheetID],0),"") -> 7 | C12: =C11+1 -> 2 | D12: =_xlfn.CONCAT($I$2,C12) -> B2 | F12: {=IFERROR(INDEX(M_COA[ACCOUNT],B12),0)} -> 1121 Broker US Cash | M12: {=IFERROR(INDEX(M_COA[CY],B12),0)} -> -22252.45 | N12: {=IFERROR(INDEX(M_COA[PY1],B12),0)} -> 176.75
B13: =IFERROR(MATCH(D13,M_COA[LSheetID],0),"") -> 8 | C13: =C12+1 -> 3 | D13: =_xlfn.CONCAT($I$2,C13) -> B3 | F13: {=IFERROR(INDEX(M_COA[ACCOUNT],B13),0)} -> 1131 Broker CDN Securities | M13: {=IFERROR(INDEX(M_COA[CY],B13),0)} -> 25912.75 | N13: {=IFERROR(INDEX(M_COA[PY1],B13),0)} -> 22661.04
B14: =IFERROR(MATCH(D14,M_COA[LSheetID],0),"") -> 9 | C14: =C13+1 -> 4 | D14: =_xlfn.CONCAT($I$2,C14) -> B4 | F14: {=IFERROR(INDEX(M_COA[ACCOUNT],B14),0)} -> 1132 Broker US Securities | M14: {=IFERROR(INDEX(M_COA[CY],B14),0)} -> 114436.93 | N14: {=IFERROR(INDEX(M_COA[PY1],B14),0)} -> 94233.04
B15: =IFERROR(MATCH(D15,M_COA[LSheetID],0),"") -> 10 | C15: =C14+1 -> 5 | D15: =_xlfn.CONCAT($I$2,C15) -> B5 | F15: {=IFERROR(INDEX(M_COA[ACCOUNT],B15),0)} -> 1139 Exchange/mark to market | M15: {=IFERROR(INDEX(M_COA[CY],B15),0)} -> 18415 | N15: {=IFERROR(INDEX(M_COA[PY1],B15),0)} -> 0
B16: =IFERROR(MATCH(D16,M_COA[LSheetID],0),"")
M17: =SUM(M11:M15) -> 136667.28 | N17: =SUM(N11:N15) -> 119849.41
G21: HOLDING REF | H21: SYMBOL | I21: QTY | J21: ACB | K21: MKT | L21: HOLDING GAIN (LOSS) | M21: MKT VALUE | P21: SECURITY (The stock sybmbol must enterd manually than with that cell selected get the name by clicking Stocks on the Data Tab) | Q21: PRICE
G23: CANADIAN
G24: 1 | H24: =_xlfn.LET(_xlpm.RESULT,_xlfn.XLOOKUP(G24,BK_CDN!$N$10:$N$84,BK_CDN!$M$10:$M$84,0),IF(_xlpm.RESULT=0,"",_xlpm.RESULT)) -> XFN | I24: =_xlfn.LET(_xlpm.RESULT,_xlfn.XLOOKUP(G24,BK_CDN!$N$10:$N$84,BK_CDN!$AL$10:$AL$84,0),IF(_xlpm.RESULT=0,"",_xlpm.RESULT)) -> 100 | J24: =_xlfn.LET(_xlpm.RESULT,(_xlfn.XLOOKUP(G24,BK_CDN!$N$10:$N$84,BK_CDN!$AM$10:$AM$84,0)),IF(_xlpm.RESULT=0,"",_xlpm.RESULT)) -> 5060.25 | K24: 76.51 | L24: =IFERROR(Table24[[#This Row],[MKT VALUE]]-Table24[[#This Row],[ACB]],"") -> 2590.75 | M24: =IFERROR(Table24[[#This Row],[MKT]]*Table24[[#This Row],[QTY]],"") -> 7651 | N24: {=IFERROR(_FV(#REF!,"Price"),"")} | P24: #VALUE! | Q24: {=_FV(P24,"Price")} -> 71.92
G25: =G24+1 -> 2 | H25: =_xlfn.LET(_xlpm.RESULT,_xlfn.XLOOKUP(G25,BK_CDN!$N$10:$N$84,BK_CDN!$M$10:$M$84,0),IF(_xlpm.RESULT=0,"",_xlpm.RESULT)) -> GWO | I25: =_xlfn.LET(_xlpm.RESULT,_xlfn.XLOOKUP(G25,BK_CDN!$N$10:$N$84,BK_CDN!$AL$10:$AL$84,0),IF(_xlpm.RESULT=0,"",_xlpm.RESULT)) -> 202 | J25: =_xlfn.LET(_xlpm.RESULT,(_xlfn.XLOOKUP(G25,BK_CDN!$N$10:$N$84,BK_CDN!$AM$10:$AM$84,0)),IF(_xlpm.RESULT=0,"",_xlpm.RESULT)) -> 10527.73 | K25: 69.03 | L25: =IFERROR(Table24[[#This Row],[MKT VALUE]]-Table24[[#This Row],[ACB]],"") -> 3416.33 | M25: =IFERROR(Table24[[#This Row],[MKT]]*Table24[[#This Row],[QTY]],"") -> 13944.06 | N25: {=IFERROR(_FV(#REF!,"Price"),"")} | P25: #VALUE! | Q25: {=_FV(P25,"Price")} -> 59.31
G26: =G25+1 -> 3 | H26: =_xlfn.LET(_xlpm.RESULT,_xlfn.XLOOKUP(G26,BK_CDN!$N$10:$N$84,BK_CDN!$M$10:$M$84,0),IF(_xlpm.RESULT=0,"",_xlpm.RESULT)) -> FCR.UN | I26: =_xlfn.LET(_xlpm.RESULT,_xlfn.XLOOKUP(G26,BK_CDN!$N$10:$N$84,BK_CDN!$AL$10:$AL$84,0),IF(_xlpm.RESULT=0,"",_xlpm.RESULT)) -> 402 | J26: =_xlfn.LET(_xlpm.RESULT,(_xlfn.XLOOKUP(G26,BK_CDN!$N$10:$N$84,BK_CDN!$AM$10:$AM$84,0)),IF(_xlpm.RESULT=0,"",_xlpm.RESULT)) -> 7054.18 | K26: 19.4 | L26: =IFERROR(Table24[[#This Row],[MKT VALUE]]-Table24[[#This Row],[ACB]],"") -> 744.62 | M26: =IFERROR(Table24[[#This Row],[MKT]]*Table24[[#This Row],[QTY]],"") -> 7798.8 | N26: {=IFERROR(_FV(#REF!,"Price"),"")} | P26: #VALUE! | Q26: {=_FV(P26,"Price")} -> 18.63
G27: =G26+1 -> 4 | H27: =_xlfn.LET(_xlpm.RESULT,_xlfn.XLOOKUP(G27,BK_CDN!$N$10:$N$84,BK_CDN!$M$10:$M$84,0),IF(_xlpm.RESULT=0,"",_xlpm.RESULT)) -> KMP.UN | I27: =_xlfn.LET(_xlpm.RESULT,_xlfn.XLOOKUP(G27,BK_CDN!$N$10:$N$84,BK_CDN!$AL$10:$AL$84,0),IF(_xlpm.RESULT=0,"",_xlpm.RESULT)) -> 170 | J27: =_xlfn.LET(_xlpm.RESULT,(_xlfn.XLOOKUP(G27,BK_CDN!$N$10:$N$84,BK_CDN!$AM$10:$AM$84,0)),IF(_xlpm.RESULT=0,"",_xlpm.RESULT)) -> 3270.59 | K27: 19.25 | L27: =IFERROR(Table24[[#This Row],[MKT VALUE]]-Table24[[#This Row],[ACB]],"") -> 1.91 | M27: =IFERROR(Table24[[#This Row],[MKT]]*Table24[[#This Row],[QTY]],"") -> 3272.5 | N27: {=IFERROR(_FV(#REF!,"Price"),"")} | P27: #VALUE! | Q27: {=_FV(P27,"Price")} -> 17.3
G28: =G27+1 -> 5 | H28: =_xlfn.LET(_xlpm.RESULT,_xlfn.XLOOKUP(G28,BK_CDN!$N$10:$N$84,BK_CDN!$M$10:$M$84,0),IF(_xlpm.RESULT=0,"",_xlpm.RESULT)) | I28: =_xlfn.LET(_xlpm.RESULT,_xlfn.XLOOKUP(G28,BK_CDN!$N$10:$N$84,BK_CDN!$AL$10:$AL$84,0),IF(_xlpm.RESULT=0,"",_xlpm.RESULT)) | J28: =_xlfn.LET(_xlpm.RESULT,(_xlfn.XLOOKUP(G28,BK_CDN!$N$10:$N$84,BK_CDN!$AM$10:$AM$84,0)),IF(_xlpm.RESULT=0,"",_xlpm.RESULT)) | K28: {=IFERROR(_FV(#REF!,"Price"),"")} | L28: =IFERROR(Table24[[#This Row],[MKT VALUE]]-Table24[[#This Row],[ACB]],"") | M28: =IFERROR(Table24[[#This Row],[MKT]]*Table24[[#This Row],[QTY]],"") | N28: {=IFERROR(_FV(#REF!,"Price"),"")} | P28: =Table24[[#This Row],[SYMBOL]]
G29: =G28+1 -> 6 | H29: =_xlfn.LET(_xlpm.RESULT,_xlfn.XLOOKUP(G29,BK_CDN!$N$10:$N$84,BK_CDN!$M$10:$M$84,0),IF(_xlpm.RESULT=0,"",_xlpm.RESULT)) | I29: =_xlfn.LET(_xlpm.RESULT,_xlfn.XLOOKUP(G29,BK_CDN!$N$10:$N$84,BK_CDN!$AL$10:$AL$84,0),IF(_xlpm.RESULT=0,"",_xlpm.RESULT)) | J29: =_xlfn.LET(_xlpm.RESULT,(_xlfn.XLOOKUP(G29,BK_CDN!$N$10:$N$84,BK_CDN!$AM$10:$AM$84,0)),IF(_xlpm.RESULT=0,"",_xlpm.RESULT)) | K29: {=IFERROR(_FV(#REF!,"Price"),"")} | L29: =IFERROR(Table24[[#This Row],[MKT VALUE]]-Table24[[#This Row],[ACB]],"") | M29: =IFERROR(Table24[[#This Row],[MKT]]*Table24[[#This Row],[QTY]],"") | N29: {=IFERROR(_FV(#REF!,"Price"),"")} | P29: =Table24[[#This Row],[SYMBOL]]
G30: =G29+1 -> 7 | H30: =_xlfn.LET(_xlpm.RESULT,_xlfn.XLOOKUP(G30,BK_CDN!$N$10:$N$84,BK_CDN!$M$10:$M$84,0),IF(_xlpm.RESULT=0,"",_xlpm.RESULT)) | I30: =_xlfn.LET(_xlpm.RESULT,_xlfn.XLOOKUP(G30,BK_CDN!$N$10:$N$84,BK_CDN!$AL$10:$AL$84,0),IF(_xlpm.RESULT=0,"",_xlpm.RESULT)) | J30: =_xlfn.LET(_xlpm.RESULT,(_xlfn.XLOOKUP(G30,BK_CDN!$N$10:$N$84,BK_CDN!$AM$10:$AM$84,0)),IF(_xlpm.RESULT=0,"",_xlpm.RESULT)) | K30: {=IFERROR(_FV(#REF!,"Price"),"")} | L30: =IFERROR(Table24[[#This Row],[MKT VALUE]]-Table24[[#This Row],[ACB]],"") | M30: =IFERROR(Table24[[#This Row],[MKT]]*Table24[[#This Row],[QTY]],"") | N30: {=IFERROR(_FV(#REF!,"Price"),"")} | P30: =Table24[[#This Row],[SYMBOL]]
G31: =G30+1 -> 8 | H31: =_xlfn.LET(_xlpm.RESULT,_xlfn.XLOOKUP(G31,BK_CDN!$N$10:$N$84,BK_CDN!$M$10:$M$84,0),IF(_xlpm.RESULT=0,"",_xlpm.RESULT)) | I31: =_xlfn.LET(_xlpm.RESULT,_xlfn.XLOOKUP(G31,BK_CDN!$N$10:$N$84,BK_CDN!$AL$10:$AL$84,0),IF(_xlpm.RESULT=0,"",_xlpm.RESULT)) | J31: =_xlfn.LET(_xlpm.RESULT,(_xlfn.XLOOKUP(G31,BK_CDN!$N$10:$N$84,BK_CDN!$AM$10:$AM$84,0)),IF(_xlpm.RESULT=0,"",_xlpm.RESULT)) | K31: {=IFERROR(_FV(#REF!,"Price"),"")} | L31: =IFERROR(Table24[[#This Row],[MKT VALUE]]-Table24[[#This Row],[ACB]],"") | M31: =IFERROR(Table24[[#This Row],[MKT]]*Table24[[#This Row],[QTY]],"") | N31: {=IFERROR(_FV(#REF!,"Price"),"")} | P31: =Table24[[#This Row],[SYMBOL]]
J32: =SUM(J24:J31) -> 25912.75 | L32: =SUM(L24:L27) -> 6753.61 | M32: =SUM(M24:M31) -> 32666.36
G35: US
G36: 1 | H36: =_xlfn.LET(_xlpm.RESULT,_xlfn.XLOOKUP(G36,BK_US!$N$10:$N$84,BK_US!$M$10:$M$84,0),IF(_xlpm.RESULT=0,"",_xlpm.RESULT)) -> GOOGL | I36: =_xlfn.LET(_xlpm.RESULT,_xlfn.XLOOKUP(G36,BK_US!$N$10:$N$84,BK_US!$AL$10:$AL$84,0),IF(_xlpm.RESULT=0,"",_xlpm.RESULT)) -> 60 | J36: =_xlfn.LET(_xlpm.RESULT,(_xlfn.XLOOKUP(G36,BK_US!$N$10:$N$84,BK_US!$AM$10:$AM$84,0)),IF(_xlpm.RESULT=0,"",_xlpm.RESULT)) -> 9839.27 | K36: 227.5274 | L36: =IFERROR(Table24[[#This Row],[MKT VALUE]]-Table24[[#This Row],[ACB]],"") -> 3812.374 | M36: =IFERROR(Table24[[#This Row],[MKT]]*Table24[[#This Row],[QTY]],"") -> 13651.644 | N36: {=IFERROR(_FV(#REF!,"Price"),"")} | P36: #VALUE! | Q36: {=_FV(P36,"Price")} -> 285.56
G37: =G36+1 -> 2 | H37: =_xlfn.LET(_xlpm.RESULT,_xlfn.XLOOKUP(G37,BK_US!$N$10:$N$84,BK_US!$M$10:$M$84,0),IF(_xlpm.RESULT=0,"",_xlpm.RESULT)) -> AMZN | I37: =_xlfn.LET(_xlpm.RESULT,_xlfn.XLOOKUP(G37,BK_US!$N$10:$N$84,BK_US!$AL$10:$AL$84,0),IF(_xlpm.RESULT=0,"",_xlpm.RESULT)) -> 50 | J37: =_xlfn.LET(_xlpm.RESULT,(_xlfn.XLOOKUP(G37,BK_US!$N$10:$N$84,BK_US!$AM$10:$AM$84,0)),IF(_xlpm.RESULT=0,"",_xlpm.RESULT)) -> 9922.06 | K37: 233.6829 | L37: =IFERROR(Table24[[#This Row],[MKT VALUE]]-Table24[[#This Row],[ACB]],"") -> 1762.085 | M37: =IFERROR(Table24[[#This Row],[MKT]]*Table24[[#This Row],[QTY]],"") -> 11684.145 | N37: {=IFERROR(_FV(#REF!,"Price"),"")} | P37: #VALUE! | Q37: {=_FV(P37,"Price")} -> 224.6858
G38: =G37+1 -> 3 | H38: =_xlfn.LET(_xlpm.RESULT,_xlfn.XLOOKUP(G38,BK_US!$N$10:$N$84,BK_US!$M$10:$M$84,0),IF(_xlpm.RESULT=0,"",_xlpm.RESULT)) -> AVGO | I38: =_xlfn.LET(_xlpm.RESULT,_xlfn.XLOOKUP(G38,BK_US!$N$10:$N$84,BK_US!$AL$10:$AL$84,0),IF(_xlpm.RESULT=0,"",_xlpm.RESULT)) -> 42 | J38: =_xlfn.LET(_xlpm.RESULT,(_xlfn.XLOOKUP(G38,BK_US!$N$10:$N$84,BK_US!$AM$10:$AM$84,0)),IF(_xlpm.RESULT=0,"",_xlpm.RESULT)) -> 9984.15 | K38: 303.99 | L38: =IFERROR(Table24[[#This Row],[MKT VALUE]]-Table24[[#This Row],[ACB]],"") -> 2783.43 | M38: =IFERROR(Table24[[#This Row],[MKT]]*Table24[[#This Row],[QTY]],"") -> 12767.58 | N38: {=IFERROR(_FV(#REF!,"Price"),"")} | P38: #VALUE! | Q38: {=_FV(P38,"Price")} -> 377
G39: =G38+1 -> 4 | H39: =_xlfn.LET(_xlpm.RESULT,_xlfn.XLOOKUP(G39,BK_US!$N$10:$N$84,BK_US!$M$10:$M$84,0),IF(_xlpm.RESULT=0,"",_xlpm.RESULT)) -> COST | I39: =_xlfn.LET(_xlpm.RESULT,_xlfn.XLOOKUP(G39,BK_US!$N$10:$N$84,BK_US!$AL$10:$AL$84,0),IF(_xlpm.RESULT=0,"",_xlpm.RESULT)) -> 10 | J39: =_xlfn.LET(_xlpm.RESULT,(_xlfn.XLOOKUP(G39,BK_US!$N$10:$N$84,BK_US!$AM$10:$AM$84,0)),IF(_xlpm.RESULT=0,"",_xlpm.RESULT)) -> 9751.39 | K39: 956.0301 | L39: =IFERROR(Table24[[#This Row],[MKT VALUE]]-Table24[[#This Row],[ACB]],"") -> -191.089 | M39: =IFERROR(Table24[[#This Row],[MKT]]*Table24[[#This Row],[QTY]],"") -> 9560.301 | N39: {=IFERROR(_FV(#REF!,"Price"),"")} | P39: #VALUE! | Q39: {=_FV(P39,"Price")} -> 919.0015
G40: =G39+1 -> 5 | H40: =_xlfn.LET(_xlpm.RESULT,_xlfn.XLOOKUP(G40,BK_US!$N$10:$N$84,BK_US!$M$10:$M$84,0),IF(_xlpm.RESULT=0,"",_xlpm.RESULT)) -> MSFT | I40: =_xlfn.LET(_xlpm.RESULT,_xlfn.XLOOKUP(G40,BK_US!$N$10:$N$84,BK_US!$AL$10:$AL$84,0),IF(_xlpm.RESULT=0,"",_xlpm.RESULT)) -> 75 | J40: =_xlfn.LET(_xlpm.RESULT,(_xlfn.XLOOKUP(G40,BK_US!$N$10:$N$84,BK_US!$AM$10:$AM$84,0)),IF(_xlpm.RESULT=0,"",_xlpm.RESULT)) -> 33326.13 | K40: =34824/75 -> 464.32 | L40: =IFERROR(Table24[[#This Row],[MKT VALUE]]-Table24[[#This Row],[ACB]],"") -> 1497.87 | M40: =IFERROR(Table24[[#This Row],[MKT]]*Table24[[#This Row],[QTY]],"") -> 34824 | N40: {=IFERROR(_FV(#REF!,"Price"),"")} | P40: #VALUE! | Q40: {=_FV(P40,"Price")} -> 526.75
G41: =G40+1 -> 6 | H41: =_xlfn.LET(_xlpm.RESULT,_xlfn.XLOOKUP(G41,BK_US!$N$10:$N$84,BK_US!$M$10:$M$84,0),IF(_xlpm.RESULT=0,"",_xlpm.RESULT)) -> COP | I41: =_xlfn.LET(_xlpm.RESULT,_xlfn.XLOOKUP(G41,BK_US!$N$10:$N$84,BK_US!$AL$10:$AL$84,0),IF(_xlpm.RESULT=0,"",_xlpm.RESULT)) -> 300 | J41: =_xlfn.LET(_xlpm.RESULT,(_xlfn.XLOOKUP(G41,BK_US!$N$10:$N$84,BK_US!$AM$10:$AM$84,0)),IF(_xlpm.RESULT=0,"",_xlpm.RESULT)) -> 31196.94 | K41: 91.64 | L41: =IFERROR(Table24[[#This Row],[MKT VALUE]]-Table24[[#This Row],[ACB]],"") -> -3704.94 | M41: =IFERROR(Table24[[#This Row],[MKT]]*Table24[[#This Row],[QTY]],"") -> 27492 | N41: {=IFERROR(_FV(#REF!,"Price"),"")} | P41: #VALUE! | Q41: {=_FV(P41,"Price")} -> 89.035
G42: =G41+1 -> 7 | H42: =_xlfn.LET(_xlpm.RESULT,_xlfn.XLOOKUP(G42,BK_US!$N$10:$N$84,BK_US!$M$10:$M$84,0),IF(_xlpm.RESULT=0,"",_xlpm.RESULT)) -> OXY | I42: =_xlfn.LET(_xlpm.RESULT,_xlfn.XLOOKUP(G42,BK_US!$N$10:$N$84,BK_US!$AL$10:$AL$84,0),IF(_xlpm.RESULT=0,"",_xlpm.RESULT)) -> 200 | J42: =_xlfn.LET(_xlpm.RESULT,(_xlfn.XLOOKUP(G42,BK_US!$N$10:$N$84,BK_US!$AM$10:$AM$84,0)),IF(_xlpm.RESULT=0,"",_xlpm.RESULT)) -> 10416.99 | K42: =16119/200 -> 80.595 | L42: =IFERROR(Table24[[#This Row],[MKT VALUE]]-Table24[[#This Row],[ACB]],"") -> 5702.01 | M42: =IFERROR(Table24[[#This Row],[MKT]]*Table24[[#This Row],[QTY]],"") -> 16119 | N42: {=IFERROR(_FV(#REF!,"Price"),"")} | P42: #VALUE! | Q42: {=_FV(P42,"Price")} -> 41.125
G43: =G42+1 -> 8 | H43: =_xlfn.LET(_xlpm.RESULT,_xlfn.XLOOKUP(G43,BK_US!$N$10:$N$84,BK_US!$M$10:$M$84,0),IF(_xlpm.RESULT=0,"",_xlpm.RESULT)) | I43: =_xlfn.LET(_xlpm.RESULT,_xlfn.XLOOKUP(G43,BK_US!$N$10:$N$84,BK_US!$AL$10:$AL$84,0),IF(_xlpm.RESULT=0,"",_xlpm.RESULT)) | J43: =_xlfn.LET(_xlpm.RESULT,(_xlfn.XLOOKUP(G43,BK_US!$N$10:$N$84,BK_US!$AM$10:$AM$84,0)),IF(_xlpm.RESULT=0,"",_xlpm.RESULT)) | K43: {=IFERROR(_FV(#REF!,"Price"),"")} | L43: =IFERROR(Table24[[#This Row],[MKT VALUE]]-Table24[[#This Row],[ACB]],"") | M43: =IFERROR(Table24[[#This Row],[MKT]]*Table24[[#This Row],[QTY]],"") | N43: {=IFERROR(_FV(#REF!,"Price"),"")} | P43: =Table24[[#This Row],[SYMBOL]]
J44: =SUM(J36:J43) -> 114436.93 | L44: =SUM(L36:L42) -> 11661.74 | M44: =Table24[[#This Row],[HOLDING GAIN (LOSS)]]+Table24[[#This Row],[ACB]] -> 126098.67
H46: CASH | P46: =Table24[[#This Row],[SYMBOL]] -> CASH
H47: CDN | J47: =M11 -> 155.05 | M47: =M11 -> 155.05 | P47: =Table24[[#This Row],[SYMBOL]] -> CDN
H48: US | J48: =M12 -> -22252.45 | M48: =M12 -> -22252.45 | P48: =Table24[[#This Row],[SYMBOL]] -> US
M49: =M48+M47 -> -22097.4
J51: =J32+J44+J48 -> 118097.23 | L51: 18415 | M51: =M49+M44+M32 -> 136667.63

Sheet B.1
A1: TABLE OF CONTENTS | C1: MARKETABLE SECURITIES TRADES
A2: B1 | I2: 25
F4: =UPPER(COA!B2) -> ANONYMOUS COMPANY
F5: =UPPER(_xlfn.XLOOKUP(A2,COA!G1:G174,COA!I1:I174)) -> MARKETABLE SECURITIES
F6: ="FOR THE YEAR ENDED "&UPPER(TEXT(COA!$B$4,"MMMM DD, YYYY")) -> FOR THE YEAR ENDED DECEMBER 31, 2025
B9: Helper columns | F9: Account | P9: =YEAR(COA!B4) -> 2025 | Q9: =P9-1 -> 2024
B10: Match | C10: Count | D10: Concat
B11: =IFERROR(MATCH(D11,M_COA[LSheetID],0),"") -> 80 | C11: 7 | D11: =_xlfn.CONCAT($I$2,C11) -> 257 | F11: {=IFERROR(INDEX(M_COA[ACCOUNT],B11),0)} -> 4023 Sale of CDN Securities | P11: {=IFERROR(INDEX(M_COA[CY],B11),0)} -> -109486.56 | Q11: {=IFERROR(INDEX(M_COA[PY1],B11),0)} -> 0
B12: =IFERROR(MATCH(D12,M_COA[LSheetID],0),"") -> 81 | C12: =C11+1 -> 8 | D12: =_xlfn.CONCAT($I$2,C12) -> 258 | F12: {=IFERROR(INDEX(M_COA[ACCOUNT],B12),0)} -> 4156 Cost of CDN Securities Sold | P12: {=IFERROR(INDEX(M_COA[CY],B12),0)} -> 109667.01 | Q12: {=IFERROR(INDEX(M_COA[PY1],B12),0)} -> 0
B13: =IFERROR(MATCH(D13,M_COA[LSheetID],0),"") -> 82 | C13: =C12+1 -> 9 | D13: =_xlfn.CONCAT($I$2,C13) -> 259 | F13: {=IFERROR(INDEX(M_COA[ACCOUNT],B13),0)} -> 4170 US Sale of Securities | P13: {=IFERROR(INDEX(M_COA[CY],B13),0)} -> -52510.86 | Q13: {=IFERROR(INDEX(M_COA[PY1],B13),0)} -> 0
B14: =IFERROR(MATCH(D14,M_COA[LSheetID],0),"") -> 83 | C14: =C13+1 -> 10 | D14: =_xlfn.CONCAT($I$2,C14) -> 2510 | F14: {=IFERROR(INDEX(M_COA[ACCOUNT],B14),0)} -> 4171 Cost of US Securities Sold | P14: {=IFERROR(INDEX(M_COA[CY],B14),0)} -> 54736.17 | Q14: {=IFERROR(INDEX(M_COA[PY1],B14),0)} -> 0
B15: =IFERROR(MATCH(D15,M_COA[LSheetID],0),"") -> 84 | C15: =C14+1 -> 11 | D15: =_xlfn.CONCAT($I$2,C15) -> 2511 | F15: {=IFERROR(INDEX(M_COA[ACCOUNT],B15),0)} -> 4190 Unrealized gain/loss on Canadian securities | P15: {=IFERROR(INDEX(M_COA[CY],B15),0)} -> -12350 | Q15: {=IFERROR(INDEX(M_COA[PY1],B15),0)} -> 0
B16: =IFERROR(MATCH(D16,M_COA[LSheetID],0),"") -> 85 | C16: =C15+1 -> 12 | D16: =_xlfn.CONCAT($I$2,C16) -> 2512 | F16: {=IFERROR(INDEX(M_COA[ACCOUNT],B16),0)} -> 4191 Unrealized gain/loss on foreign securities | P16: {=IFERROR(INDEX(M_COA[CY],B16),0)} -> -6265 | Q16: {=IFERROR(INDEX(M_COA[PY1],B16),0)} -> 0
B17: =IFERROR(MATCH(D17,M_COA[LSheetID],0),"") -> 86 | C17: =C16+1 -> 13 | D17: =_xlfn.CONCAT($I$2,C17) -> 2513 | F17: {=IFERROR(INDEX(M_COA[ACCOUNT],B17),0)} -> 4299 Investment management fees | P17: {=IFERROR(INDEX(M_COA[CY],B17),0)} -> 0 | Q17: {=IFERROR(INDEX(M_COA[PY1],B17),0)} -> 0
B18: =IFERROR(MATCH(D18,M_COA[LSheetID],0),"") | C18: =C17+1 -> 14 | D18: =_xlfn.CONCAT($I$2,C18) -> 2514 | F18: {=IFERROR(INDEX(M_COA[ACCOUNT],B18),0)} -> 0 | P18: {=IFERROR(INDEX(M_COA[CY],B18),0)} -> 0 | Q18: {=IFERROR(INDEX(M_COA[PY1],B18),0)} -> 0
B19: =IFERROR(MATCH(D19,M_COA[LSheetID],0),"")
P20: =SUM(P11:P18) -> -16209.24 | Q20: =SUM(Q11:Q18) -> 0
G22: STATISTICS | L22: INCOME (LOSS) FROM TRADING
G23: TRANSACTION COUNT
G24: SALE REF | H24: SYMBOL | I24: GAIN | J24: LOSS | K24: DAYS HELD | L24: YIELD | M24: QTY | N24: PROCEEDES | O24: ACB | P24: GAIN (LOSS)
G26: CANADIAN
G27: 1 | H27: =_xlfn.LET(_xlpm.RESULT,_xlfn.XLOOKUP(G27,BK_CDN!$R$10:$R$84,BK_CDN!$M$10:$M$84,0),IF(_xlpm.RESULT=0,"",_xlpm.RESULT)) -> JCI | I27: =IF(H27="","",IF(P27>0.01,1,IF(P27<0.01," "))) | J27: =IF(H27="","",IF(P27>0.01," ",IF(P27<0.01,1))) -> 1 | K27: =_xlfn.LET(_xlpm.RESULT,_xlfn.XLOOKUP(G27,BK_CDN!$R$10:$R$84,BK_CDN!$AJ$10:$AJ$84,0),IF(_xlpm.RESULT=0,"",_xlpm.RESULT)) -> 40 | L27: =IF(H27="","",(IF(M27>0.01,(P27/O27),0))) -> -0.057586685 | M27: =_xlfn.LET(_xlpm.RESULT,_xlfn.XLOOKUP(G27,BK_CDN!$R$10:$R$84,BK_CDN!$AA$10:$AA$84,0),IF(_xlpm.RESULT=0,"",_xlpm.RESULT))*-1 -> 100 | N27: =_xlfn.LET(_xlpm.RESULT,_xlfn.XLOOKUP(G27,BK_CDN!$R$10:$R$84,BK_CDN!$AG$10:$AG$84,0),IF(_xlpm.RESULT=0,"",_xlpm.RESULT))*-1 -> 11122.23 | O27: =_xlfn.LET(_xlpm.RESULT,_xlfn.XLOOKUP(G27,BK_CDN!$R$10:$R$84,BK_CDN!$AE$10:$AE$84,0),IF(_xlpm.RESULT=0,"",_xlpm.RESULT))*-1 -> 11801.86 | P27: =IF(H27="","",(-N27+O27))*-1 -> -679.63
G28: =G27+1 -> 2 | H28: =_xlfn.LET(_xlpm.RESULT,_xlfn.XLOOKUP(G28,BK_CDN!$R$10:$R$84,BK_CDN!$M$10:$M$84,0),IF(_xlpm.RESULT=0,"",_xlpm.RESULT)) -> MS | I28: =IF(H28="","",IF(P28>0.01,1,IF(P28<0.01," "))) -> 1 | J28: =IF(H28="","",IF(P28>0.01," ",IF(P28<0.01,1))) | K28: =_xlfn.LET(_xlpm.RESULT,_xlfn.XLOOKUP(G28,BK_CDN!$R$10:$R$84,BK_CDN!$AJ$10:$AJ$84,0),IF(_xlpm.RESULT=0,"",_xlpm.RESULT)) -> 7 | L28: =IF(H28="","",(IF(M28>0.01,(P28/O28),0))) -> 0.091463987 | M28: =_xlfn.LET(_xlpm.RESULT,_xlfn.XLOOKUP(G28,BK_CDN!$R$10:$R$84,BK_CDN!$AA$10:$AA$84,0),IF(_xlpm.RESULT=0,"",_xlpm.RESULT))*-1 -> 75 | N28: =_xlfn.LET(_xlpm.RESULT,_xlfn.XLOOKUP(G28,BK_CDN!$R$10:$R$84,BK_CDN!$AG$10:$AG$84,0),IF(_xlpm.RESULT=0,"",_xlpm.RESULT))*-1 -> 14872.07 | O28: =_xlfn.LET(_xlpm.RESULT,_xlfn.XLOOKUP(G28,BK_CDN!$R$10:$R$84,BK_CDN!$AE$10:$AE$84,0),IF(_xlpm.RESULT=0,"",_xlpm.RESULT))*-1 -> 13625.8 | P28: =IF(H28="","",(-N28+O28))*-1 -> 1246.27
G29: =G28+1 -> 3 | H29: =_xlfn.LET(_xlpm.RESULT,_xlfn.XLOOKUP(G29,BK_CDN!$R$10:$R$84,BK_CDN!$M$10:$M$84,0),IF(_xlpm.RESULT=0,"",_xlpm.RESULT)) -> MFC | I29: =IF(H29="","",IF(P29>0.01,1,IF(P29<0.01," "))) -> 1 | J29: =IF(H29="","",IF(P29>0.01," ",IF(P29<0.01,1))) | K29: =_xlfn.LET(_xlpm.RESULT,_xlfn.XLOOKUP(G29,BK_CDN!$R$10:$R$84,BK_CDN!$AJ$10:$AJ$84,0),IF(_xlpm.RESULT=0,"",_xlpm.RESULT)) -> 37 | L29: =IF(H29="","",(IF(M29>0.01,(P29/O29),0))) -> 0.73604969 | M29: =_xlfn.LET(_xlpm.RESULT,_xlfn.XLOOKUP(G29,BK_CDN!$R$10:$R$84,BK_CDN!$AA$10:$AA$84,0),IF(_xlpm.RESULT=0,"",_xlpm.RESULT))*-1 -> 4 | N29: =_xlfn.LET(_xlpm.RESULT,_xlfn.XLOOKUP(G29,BK_CDN!$R$10:$R$84,BK_CDN!$AG$10:$AG$84,0),IF(_xlpm.RESULT=0,"",_xlpm.RESULT))*-1 -> 164.89 | O29: =_xlfn.LET(_xlpm.RESULT,_xlfn.XLOOKUP(G29,BK_CDN!$R$10:$R$84,BK_CDN!$AE$10:$AE$84,0),IF(_xlpm.RESULT=0,"",_xlpm.RESULT))*-1 -> 94.98 | P29: =IF(H29="","",(-N29+O29))*-1 -> 69.91
G30: =G29+1 -> 4 | H30: =_xlfn.LET(_xlpm.RESULT,_xlfn.XLOOKUP(G30,BK_CDN!$R$10:$R$84,BK_CDN!$M$10:$M$84,0),IF(_xlpm.RESULT=0,"",_xlpm.RESULT)) -> AMZN | I30: =IF(H30="","",IF(P30>0.01,1,IF(P30<0.01," "))) -> 1 | J30: =IF(H30="","",IF(P30>0.01," ",IF(P30<0.01,1))) | K30: =_xlfn.LET(_xlpm.RESULT,_xlfn.XLOOKUP(G30,BK_CDN!$R$10:$R$84,BK_CDN!$AJ$10:$AJ$84,0),IF(_xlpm.RESULT=0,"",_xlpm.RESULT)) -> 7 | L30: =IF(H30="","",(IF(M30>0.01,(P30/O30),0))) -> 0.041703833 | M30: =_xlfn.LET(_xlpm.RESULT,_xlfn.XLOOKUP(G30,BK_CDN!$R$10:$R$84,BK_CDN!$AA$10:$AA$84,0),IF(_xlpm.RESULT=0,"",_xlpm.RESULT))*-1 -> 45 | N30: =_xlfn.LET(_xlpm.RESULT,_xlfn.XLOOKUP(G30,BK_CDN!$R$10:$R$84,BK_CDN!$AG$10:$AG$84,0),IF(_xlpm.RESULT=0,"",_xlpm.RESULT))*-1 -> 15637.36 | O30: =_xlfn.LET(_xlpm.RESULT,_xlfn.XLOOKUP(G30,BK_CDN!$R$10:$R$84,BK_CDN!$AE$10:$AE$84,0),IF(_xlpm.RESULT=0,"",_xlpm.RESULT))*-1 -> 15011.33 | P30: =IF(H30="","",(-N30+O30))*-1 -> 626.03
G31: =G30+1 -> 5 | H31: =_xlfn.LET(_xlpm.RESULT,_xlfn.XLOOKUP(G31,BK_CDN!$R$10:$R$84,BK_CDN!$M$10:$M$84,0),IF(_xlpm.RESULT=0,"",_xlpm.RESULT)) -> AMT | I31: =IF(H31="","",IF(P31>0.01,1,IF(P31<0.01," "))) | J31: =IF(H31="","",IF(P31>0.01," ",IF(P31<0.01,1))) -> 1 | K31: =_xlfn.LET(_xlpm.RESULT,_xlfn.XLOOKUP(G31,BK_CDN!$R$10:$R$84,BK_CDN!$AJ$10:$AJ$84,0),IF(_xlpm.RESULT=0,"",_xlpm.RESULT)) -> 1 | L31: =IF(H31="","",(IF(M31>0.01,(P31/O31),0))) -> -0.015921611 | M31: =_xlfn.LET(_xlpm.RESULT,_xlfn.XLOOKUP(G31,BK_CDN!$R$10:$R$84,BK_CDN!$AA$10:$AA$84,0),IF(_xlpm.RESULT=0,"",_xlpm.RESULT))*-1 -> 44 | N31: =_xlfn.LET(_xlpm.RESULT,_xlfn.XLOOKUP(G31,BK_CDN!$R$10:$R$84,BK_CDN!$AG$10:$AG$84,0),IF(_xlpm.RESULT=0,"",_xlpm.RESULT))*-1 -> 11886.86 | O31: =_xlfn.LET(_xlpm.RESULT,_xlfn.XLOOKUP(G31,BK_CDN!$R$10:$R$84,BK_CDN!$AE$10:$AE$84,0),IF(_xlpm.RESULT=0,"",_xlpm.RESULT))*-1 -> 12079.18 | P31: =IF(H31="","",(-N31+O31))*-1 -> -192.32
G32: =G31+1 -> 6 | H32: =_xlfn.LET(_xlpm.RESULT,_xlfn.XLOOKUP(G32,BK_CDN!$R$10:$R$84,BK_CDN!$M$10:$M$84,0),IF(_xlpm.RESULT=0,"",_xlpm.RESULT)) -> PEP | I32: =IF(H32="","",IF(P32>0.01,1,IF(P32<0.01," "))) | J32: =IF(H32="","",IF(P32>0.01," ",IF(P32<0.01,1))) -> 1 | K32: =_xlfn.LET(_xlpm.RESULT,_xlfn.XLOOKUP(G32,BK_CDN!$R$10:$R$84,BK_CDN!$AJ$10:$AJ$84,0),IF(_xlpm.RESULT=0,"",_xlpm.RESULT)) -> 7 | L32: =IF(H32="","",(IF(M32>0.01,(P32/O32),0))) -> -0.067351998 | M32: =_xlfn.LET(_xlpm.RESULT,_xlfn.XLOOKUP(G32,BK_CDN!$R$10:$R$84,BK_CDN!$AA$10:$AA$84,0),IF(_xlpm.RESULT=0,"",_xlpm.RESULT))*-1 -> 16 | N32: =_xlfn.LET(_xlpm.RESULT,_xlfn.XLOOKUP(G32,BK_CDN!$R$10:$R$84,BK_CDN!$AG$10:$AG$84,0),IF(_xlpm.RESULT=0,"",_xlpm.RESULT))*-1 -> 3303.29 | O32: =_xlfn.LET(_xlpm.RESULT,_xlfn.XLOOKUP(G32,BK_CDN!$R$10:$R$84,BK_CDN!$AE$10:$AE$84,0),IF(_xlpm.RESULT=0,"",_xlpm.RESULT))*-1 -> 3541.84 | P32: =IF(H32="","",(-N32+O32))*-1 -> -238.55
G33: =G32+1 -> 7 | H33: =_xlfn.LET(_xlpm.RESULT,_xlfn.XLOOKUP(G33,BK_CDN!$R$10:$R$84,BK_CDN!$M$10:$M$84,0),IF(_xlpm.RESULT=0,"",_xlpm.RESULT)) -> CROX | I33: =IF(H33="","",IF(P33>0.01,1,IF(P33<0.01," "))) | J33: =IF(H33="","",IF(P33>0.01," ",IF(P33<0.01,1))) -> 1 | K33: =_xlfn.LET(_xlpm.RESULT,_xlfn.XLOOKUP(G33,BK_CDN!$R$10:$R$84,BK_CDN!$AJ$10:$AJ$84,0),IF(_xlpm.RESULT=0,"",_xlpm.RESULT)) -> 6 | L33: =IF(H33="","",(IF(M33>0.01,(P33/O33),0))) -> -0.08549315 | M33: =_xlfn.LET(_xlpm.RESULT,_xlfn.XLOOKUP(G33,BK_CDN!$R$10:$R$84,BK_CDN!$AA$10:$AA$84,0),IF(_xlpm.RESULT=0,"",_xlpm.RESULT))*-1 -> 40 | N33: =_xlfn.LET(_xlpm.RESULT,_xlfn.XLOOKUP(G33,BK_CDN!$R$10:$R$84,BK_CDN!$AG$10:$AG$84,0),IF(_xlpm.RESULT=0,"",_xlpm.RESULT))*-1 -> 5625.47 | O33: =_xlfn.LET(_xlpm.RESULT,_xlfn.XLOOKUP(G33,BK_CDN!$R$10:$R$84,BK_CDN!$AE$10:$AE$84,0),IF(_xlpm.RESULT=0,"",_xlpm.RESULT))*-1 -> 6151.37 | P33: =IF(H33="","",(-N33+O33))*-1 -> -525.9
G34: =G33+1 -> 8 | H34: =_xlfn.LET(_xlpm.RESULT,_xlfn.XLOOKUP(G34,BK_CDN!$R$10:$R$84,BK_CDN!$M$10:$M$84,0),IF(_xlpm.RESULT=0,"",_xlpm.RESULT)) -> GLW | I34: =IF(H34="","",IF(P34>0.01,1,IF(P34<0.01," "))) -> 1 | J34: =IF(H34="","",IF(P34>0.01," ",IF(P34<0.01,1))) | K34: =_xlfn.LET(_xlpm.RESULT,_xlfn.XLOOKUP(G34,BK_CDN!$R$10:$R$84,BK_CDN!$AJ$10:$AJ$84,0),IF(_xlpm.RESULT=0,"",_xlpm.RESULT)) -> 11 | L34: =IF(H34="","",(IF(M34>0.01,(P34/O34),0))) -> 0.05904686 | M34: =_xlfn.LET(_xlpm.RESULT,_xlfn.XLOOKUP(G34,BK_CDN!$R$10:$R$84,BK_CDN!$AA$10:$AA$84,0),IF(_xlpm.RESULT=0,"",_xlpm.RESULT))*-1 -> 79 | N34: =_xlfn.LET(_xlpm.RESULT,_xlfn.XLOOKUP(G34,BK_CDN!$R$10:$R$84,BK_CDN!$AG$10:$AG$84,0),IF(_xlpm.RESULT=0,"",_xlpm.RESULT))*-1 -> 6089.35 | O34: =_xlfn.LET(_xlpm.RESULT,_xlfn.XLOOKUP(G34,BK_CDN!$R$10:$R$84,BK_CDN!$AE$10:$AE$84,0),IF(_xlpm.RESULT=0,"",_xlpm.RESULT))*-1 -> 5749.84 | P34: =IF(H34="","",(-N34+O34))*-1 -> 339.51
G35: =G34+1 -> 9 | H35: =_xlfn.LET(_xlpm.RESULT,_xlfn.XLOOKUP(G35,BK_CDN!$R$10:$R$84,BK_CDN!$M$10:$M$84,0),IF(_xlpm.RESULT=0,"",_xlpm.RESULT)) -> VRN | I35: =IF(H35="","",IF(P35>0.01,1,IF(P35<0.01," "))) | J35: =IF(H35="","",IF(P35>0.01," ",IF(P35<0.01,1))) -> 1 | K35: =_xlfn.LET(_xlpm.RESULT,_xlfn.XLOOKUP(G35,BK_CDN!$R$10:$R$84,BK_CDN!$AJ$10:$AJ$84,0),IF(_xlpm.RESULT=0,"",_xlpm.RESULT)) -> 43 | L35: =IF(H35="","",(IF(M35>0.01,(P35/O35),0))) -> -0.084430299 | M35: =_xlfn.LET(_xlpm.RESULT,_xlfn.XLOOKUP(G35,BK_CDN!$R$10:$R$84,BK_CDN!$AA$10:$AA$84,0),IF(_xlpm.RESULT=0,"",_xlpm.RESULT))*-1 -> 99 | N35: =_xlfn.LET(_xlpm.RESULT,_xlfn.XLOOKUP(G35,BK_CDN!$R$10:$R$84,BK_CDN!$AG$10:$AG$84,0),IF(_xlpm.RESULT=0,"",_xlpm.RESULT))*-1 -> 719.18 | O35: =_xlfn.LET(_xlpm.RESULT,_xlfn.XLOOKUP(G35,BK_CDN!$R$10:$R$84,BK_CDN!$AE$10:$AE$84,0),IF(_xlpm.RESULT=0,"",_xlpm.RESULT))*-1 -> 785.5 | P35: =IF(H35="","",(-N35+O35))*-1 -> -66.32
G36: =G35+1 -> 10 | H36: =_xlfn.LET(_xlpm.RESULT,_xlfn.XLOOKUP(G36,BK_CDN!$R$10:$R$84,BK_CDN!$M$10:$M$84,0),IF(_xlpm.RESULT=0,"",_xlpm.RESULT)) -> GIL | I36: =IF(H36="","",IF(P36>0.01,1,IF(P36<0.01," "))) -> 1 | J36: =IF(H36="","",IF(P36>0.01," ",IF(P36<0.01,1))) | K36: =_xlfn.LET(_xlpm.RESULT,_xlfn.XLOOKUP(G36,BK_CDN!$R$10:$R$84,BK_CDN!$AJ$10:$AJ$84,0),IF(_xlpm.RESULT=0,"",_xlpm.RESULT)) -> 15 | L36: =IF(H36="","",(IF(M36>0.01,(P36/O36),0))) -> 0.020493693 | M36: =_xlfn.LET(_xlpm.RESULT,_xlfn.XLOOKUP(G36,BK_CDN!$R$10:$R$84,BK_CDN!$AA$10:$AA$84,0),IF(_xlpm.RESULT=0,"",_xlpm.RESULT))*-1 -> 118 | N36: =_xlfn.LET(_xlpm.RESULT,_xlfn.XLOOKUP(G36,BK_CDN!$R$10:$R$84,BK_CDN!$AG$10:$AG$84,0),IF(_xlpm.RESULT=0,"",_xlpm.RESULT))*-1 -> 9072.74 | O36: =_xlfn.LET(_xlpm.RESULT,_xlfn.XLOOKUP(G36,BK_CDN!$R$10:$R$84,BK_CDN!$AE$10:$AE$84,0),IF(_xlpm.RESULT=0,"",_xlpm.RESULT))*-1 -> 8890.54 | P36: =IF(H36="","",(-N36+O36))*-1 -> 182.2
G37: =G36+1 -> 11 | H37: =_xlfn.LET(_xlpm.RESULT,_xlfn.XLOOKUP(G37,BK_CDN!$R$10:$R$84,BK_CDN!$M$10:$M$84,0),IF(_xlpm.RESULT=0,"",_xlpm.RESULT)) -> IREN | I37: =IF(H37="","",IF(P37>0.01,1,IF(P37<0.01," "))) | J37: =IF(H37="","",IF(P37>0.01," ",IF(P37<0.01,1))) -> 1 | K37: =_xlfn.LET(_xlpm.RESULT,_xlfn.XLOOKUP(G37,BK_CDN!$R$10:$R$84,BK_CDN!$AJ$10:$AJ$84,0),IF(_xlpm.RESULT=0,"",_xlpm.RESULT)) -> 10 | L37: =IF(H37="","",(IF(M37>0.01,(P37/O37),0))) -> -0.086391383 | M37: =_xlfn.LET(_xlpm.RESULT,_xlfn.XLOOKUP(G37,BK_CDN!$R$10:$R$84,BK_CDN!$AA$10:$AA$84,0),IF(_xlpm.RESULT=0,"",_xlpm.RESULT))*-1 -> 322 | N37: =_xlfn.LET(_xlpm.RESULT,_xlfn.XLOOKUP(G37,BK_CDN!$R$10:$R$84,BK_CDN!$AG$10:$AG$84,0),IF(_xlpm.RESULT=0,"",_xlpm.RESULT))*-1 -> 5554.11 | O37: =_xlfn.LET(_xlpm.RESULT,_xlfn.XLOOKUP(G37,BK_CDN!$R$10:$R$84,BK_CDN!$AE$10:$AE$84,0),IF(_xlpm.RESULT=0,"",_xlpm.RESULT))*-1 -> 6079.31 | P37: =IF(H37="","",(-N37+O37))*-1 -> -525.2
G38: =G37+1 -> 12 | H38: =_xlfn.LET(_xlpm.RESULT,_xlfn.XLOOKUP(G38,BK_CDN!$R$10:$R$84,BK_CDN!$M$10:$M$84,0),IF(_xlpm.RESULT=0,"",_xlpm.RESULT)) -> GRT.UN | I38: =IF(H38="","",IF(P38>0.01,1,IF(P38<0.01," "))) | J38: =IF(H38="","",IF(P38>0.01," ",IF(P38<0.01,1))) -> 1 | K38: =_xlfn.LET(_xlpm.RESULT,_xlfn.XLOOKUP(G38,BK_CDN!$R$10:$R$84,BK_CDN!$AJ$10:$AJ$84,0),IF(_xlpm.RESULT=0,"",_xlpm.RESULT)) -> 318 | L38: =IF(H38="","",(IF(M38>0.01,(P38/O38),0))) -> -0.040395121 | M38: =_xlfn.LET(_xlpm.RESULT,_xlfn.XLOOKUP(G38,BK_CDN!$R$10:$R$84,BK_CDN!$AA$10:$AA$84,0),IF(_xlpm.RESULT=0,"",_xlpm.RESULT))*-1 -> 70 | N38: =_xlfn.LET(_xlpm.RESULT,_xlfn.XLOOKUP(G38,BK_CDN!$R$10:$R$84,BK_CDN!$AG$10:$AG$84,0),IF(_xlpm.RESULT=0,"",_xlpm.RESULT))*-1 -> 4727.1 | O38: =_xlfn.LET(_xlpm.RESULT,_xlfn.XLOOKUP(G38,BK_CDN!$R$10:$R$84,BK_CDN!$AE$10:$AE$84,0),IF(_xlpm.RESULT=0,"",_xlpm.RESULT))*-1 -> 4926.09 | P38: =IF(H38="","",(-N38+O38))*-1 -> -198.99
G39: =G38+1 -> 13 | H39: =_xlfn.LET(_xlpm.RESULT,_xlfn.XLOOKUP(G39,BK_CDN!$R$10:$R$84,BK_CDN!$M$10:$M$84,0),IF(_xlpm.RESULT=0,"",_xlpm.RESULT)) -> CNR | I39: =IF(H39="","",IF(P39>0.01,1,IF(P39<0.01," "))) | J39: =IF(H39="","",IF(P39>0.01," ",IF(P39<0.01,1))) -> 1 | K39: =_xlfn.LET(_xlpm.RESULT,_xlfn.XLOOKUP(G39,BK_CDN!$R$10:$R$84,BK_CDN!$AJ$10:$AJ$84,0),IF(_xlpm.RESULT=0,"",_xlpm.RESULT)) -> 11 | L39: =IF(H39="","",(IF(M39>0.01,(P39/O39),0))) -> -0.052479545 | M39: =_xlfn.LET(_xlpm.RESULT,_xlfn.XLOOKUP(G39,BK_CDN!$R$10:$R$84,BK_CDN!$AA$10:$AA$84,0),IF(_xlpm.RESULT=0,"",_xlpm.RESULT))*-1 -> 106 | N39: =_xlfn.LET(_xlpm.RESULT,_xlfn.XLOOKUP(G39,BK_CDN!$R$10:$R$84,BK_CDN!$AG$10:$AG$84,0),IF(_xlpm.RESULT=0,"",_xlpm.RESULT))*-1 -> 14800.08 | O39: =_xlfn.LET(_xlpm.RESULT,_xlfn.XLOOKUP(G39,BK_CDN!$R$10:$R$84,BK_CDN!$AE$10:$AE$84,0),IF(_xlpm.RESULT=0,"",_xlpm.RESULT))*-1 -> 15619.8 | P39: =IF(H39="","",(-N39+O39))*-1 -> -819.72
... G41: =G40+1 -> 15 | H41: =_xlfn.LET(_xlpm.RESULT,_xlfn.XLOOKUP(G41,BK_CDN!$R$10:$R$84,BK_CDN!$M$10:$M$84,0),IF(_xlpm.RESULT=0,"",_xlpm.RESULT)) -> BLN | I41: =IF(H41="","",IF(P41>0.01,1,IF(P41<0.01," "))) -> 1 | J41: =IF(H41="","",IF(P41>0.01," ",IF(P41<0.01,1))) | K41: =_xlfn.LET(_xlpm.RESULT,_xlfn.XLOOKUP(G41,BK_CDN!$R$10:$R$84,BK_CDN!$AJ$10:$AJ$84,0),IF(_xlpm.RESULT=0,"",_xlpm.RESULT)) -> 79 | L41: =IF(H41="","",(IF(M41>0.01,(P41/O41),0))) -> 0.13248839 | M41: =_xlfn.LET(_xlpm.RESULT,_xlfn.XLOOKUP(G41,BK_CDN!$R$10:$R$84,BK_CDN!$AA$10:$AA$84,0),IF(_xlpm.RESULT=0,"",_xlpm.RESULT))*-1 -> 699 | N41: =_xlfn.LET(_xlpm.RESULT,_xlfn.XLOOKUP(G41,BK_CDN!$R$10:$R$84,BK_CDN!$AG$10:$AG$84,0),IF(_xlpm.RESULT=0,"",_xlpm.RESULT))*-1 -> 5454.2 | O41: =_xlfn.LET(_xlpm.RESULT,_xlfn.XLOOKUP(G41,BK_CDN!$R$10:$R$84,BK_CDN!$AE$10:$AE$84,0),IF(_xlpm.RESULT=0,"",_xlpm.RESULT))*-1 -> 4816.12 | P41: =IF(H41="","",(-N41+O41))*-1 -> 638.08
I43: =SUM(I27:I42) -> 6 | J43: =SUM(J27:J42) -> 9 | K43: =SUM(K27:K42) -> 622 | N43: =SUM(N27:N42) -> 109486.56 | O43: =SUM(O27:O42) -> 109667.01 | P43: =SUM(P27:P42) -> -180.45
G46: US
G47: 1 | H47: =_xlfn.LET(_xlpm.RESULT,_xlfn.XLOOKUP(G47,BK_US!$R$10:$R$84,BK_US!$M$10:$M$84,0),IF(_xlpm.RESULT=0,"",_xlpm.RESULT)) -> MSFT | I47: =IF(H47="","",IF(P47>0.01,1,IF(P47<0.01," "))) | J47: =IF(H47="","",IF(P47>0.01," ",IF(P47<0.01,1))) -> 1 | K47: =_xlfn.LET(_xlpm.RESULT,_xlfn.XLOOKUP(G47,BK_US!$R$10:$R$84,BK_US!$AJ$10:$AJ$84,0),IF(_xlpm.RESULT=0,"",_xlpm.RESULT)) -> 173 | L47: =IF(H47="","",(IF(M47>0.01,(P47/O47),0)))*-1 -> 0.063687863 | M47: =_xlfn.LET(_xlpm.RESULT,_xlfn.XLOOKUP(G47,BK_US!$R$10:$R$84,BK_US!$AA$10:$AA$84,0),IF(_xlpm.RESULT=0,"",_xlpm.RESULT))*-1 -> 25 | N47: =_xlfn.LET(_xlpm.RESULT,_xlfn.XLOOKUP(G47,BK_US!$R$10:$R$84,BK_US!$AG$10:$AG$84,0),IF(_xlpm.RESULT=0,"",_xlpm.RESULT))*-1 -> 10401.22 | O47: =_xlfn.LET(_xlpm.RESULT,_xlfn.XLOOKUP(G47,BK_US!$R$10:$R$84,BK_US!$AE$10:$AE$84,0),IF(_xlpm.RESULT=0,"",_xlpm.RESULT))*-1 -> 11108.71 | P47: =IF(H47="","",(-N47+O47))*-1 -> -707.49
G48: =G47+1 -> 2 | H48: =_xlfn.LET(_xlpm.RESULT,_xlfn.XLOOKUP(G48,BK_US!$R$10:$R$84,BK_US!$M$10:$M$84,0),IF(_xlpm.RESULT=0,"",_xlpm.RESULT)) -> IREN | I48: =IF(H48="","",IF(P48>0.01,1,IF(P48<0.01," "))) | J48: =IF(H48="","",IF(P48>0.01," ",IF(P48<0.01,1))) -> 1 | K48: =_xlfn.LET(_xlpm.RESULT,_xlfn.XLOOKUP(G48,BK_US!$R$10:$R$84,BK_US!$AJ$10:$AJ$84,0),IF(_xlpm.RESULT=0,"",_xlpm.RESULT)) -> 47 | L48: =IF(H48="","",(IF(M48>0.01,(P48/O48),0)))*-1 -> 0.20657 | M48: =_xlfn.LET(_xlpm.RESULT,_xlfn.XLOOKUP(G48,BK_US!$R$10:$R$84,BK_US!$AA$10:$AA$84,0),IF(_xlpm.RESULT=0,"",_xlpm.RESULT))*-1 -> 1000 | N48: =_xlfn.LET(_xlpm.RESULT,_xlfn.XLOOKUP(G48,BK_US!$R$10:$R$84,BK_US!$AG$10:$AG$84,0),IF(_xlpm.RESULT=0,"",_xlpm.RESULT))*-1 -> 10039.73 | O48: =_xlfn.LET(_xlpm.RESULT,_xlfn.XLOOKUP(G48,BK_US!$R$10:$R$84,BK_US!$AE$10:$AE$84,0),IF(_xlpm.RESULT=0,"",_xlpm.RESULT))*-1 -> 12653.58 | P48: =IF(H48="","",(-N48+O48))*-1 -> -2613.85
G49: =G48+1 -> 3 | H49: =_xlfn.LET(_xlpm.RESULT,_xlfn.XLOOKUP(G49,BK_US!$R$10:$R$84,BK_US!$M$10:$M$84,0),IF(_xlpm.RESULT=0,"",_xlpm.RESULT)) -> META | I49: =IF(H49="","",IF(P49>0.01,1,IF(P49<0.01," "))) -> 1 | J49: =IF(H49="","",IF(P49>0.01," ",IF(P49<0.01,1))) | K49: =_xlfn.LET(_xlpm.RESULT,_xlfn.XLOOKUP(G49,BK_US!$R$10:$R$84,BK_US!$AJ$10:$AJ$84,0),IF(_xlpm.RESULT=0,"",_xlpm.RESULT)) -> 379 | L49: =IF(H49="","",(IF(M49>0.01,(P49/O49),0)))*-1 -> -0.26495817 | M49: =_xlfn.LET(_xlpm.RESULT,_xlfn.XLOOKUP(G49,BK_US!$R$10:$R$84,BK_US!$AA$10:$AA$84,0),IF(_xlpm.RESULT=0,"",_xlpm.RESULT))*-1 -> 20 | N49: =_xlfn.LET(_xlpm.RESULT,_xlfn.XLOOKUP(G49,BK_US!$R$10:$R$84,BK_US!$AG$10:$AG$84,0),IF(_xlpm.RESULT=0,"",_xlpm.RESULT))*-1 -> 12011.17 | O49: =_xlfn.LET(_xlpm.RESULT,_xlfn.XLOOKUP(G49,BK_US!$R$10:$R$84,BK_US!$AE$10:$AE$84,0),IF(_xlpm.RESULT=0,"",_xlpm.RESULT))*-1 -> 9495.31 | P49: =IF(H49="","",(-N49+O49))*-1 -> 2515.86
G50: =G49+1 -> 4 | H50: =_xlfn.LET(_xlpm.RESULT,_xlfn.XLOOKUP(G50,BK_US!$R$10:$R$84,BK_US!$M$10:$M$84,0),IF(_xlpm.RESULT=0,"",_xlpm.RESULT)) -> CRWD | I50: =IF(H50="","",IF(P50>0.01,1,IF(P50<0.01," "))) | J50: =IF(H50="","",IF(P50>0.01," ",IF(P50<0.01,1))) -> 1 | K50: =_xlfn.LET(_xlpm.RESULT,_xlfn.XLOOKUP(G50,BK_US!$R$10:$R$84,BK_US!$AJ$10:$AJ$84,0),IF(_xlpm.RESULT=0,"",_xlpm.RESULT)) -> 20 | L50: =IF(H50="","",(IF(M50>0.01,(P50/O50),0)))*-1 -> 0.065206435 | M50: =_xlfn.LET(_xlpm.RESULT,_xlfn.XLOOKUP(G50,BK_US!$R$10:$R$84,BK_US!$AA$10:$AA$84,0),IF(_xlpm.RESULT=0,"",_xlpm.RESULT))*-1 -> 28 | N50: =_xlfn.LET(_xlpm.RESULT,_xlfn.XLOOKUP(G50,BK_US!$R$10:$R$84,BK_US!$AG$10:$AG$84,0),IF(_xlpm.RESULT=0,"",_xlpm.RESULT))*-1 -> 9515.03 | O50: =_xlfn.LET(_xlpm.RESULT,_xlfn.XLOOKUP(G50,BK_US!$R$10:$R$84,BK_US!$AE$10:$AE$84,0),IF(_xlpm.RESULT=0,"",_xlpm.RESULT))*-1 -> 10178.75 | P50: =IF(H50="","",(-N50+O50))*-1 -> -663.72
G51: =G50+1 -> 5 | H51: =_xlfn.LET(_xlpm.RESULT,_xlfn.XLOOKUP(G51,BK_US!$R$10:$R$84,BK_US!$M$10:$M$84,0),IF(_xlpm.RESULT=0,"",_xlpm.RESULT)) -> CROX | I51: =IF(H51="","",IF(P51>0.01,1,IF(P51<0.01," "))) | J51: =IF(H51="","",IF(P51>0.01," ",IF(P51<0.01,1))) -> 1 | K51: =_xlfn.LET(_xlpm.RESULT,_xlfn.XLOOKUP(G51,BK_US!$R$10:$R$84,BK_US!$AJ$10:$AJ$84,0),IF(_xlpm.RESULT=0,"",_xlpm.RESULT)) -> 21 | L51: =IF(H51="","",(IF(M51>0.01,(P51/O51),0)))*-1 -> 0.066913455 | M51: =_xlfn.LET(_xlpm.RESULT,_xlfn.XLOOKUP(G51,BK_US!$R$10:$R$84,BK_US!$AA$10:$AA$84,0),IF(_xlpm.RESULT=0,"",_xlpm.RESULT))*-1 -> 100 | N51: =_xlfn.LET(_xlpm.RESULT,_xlfn.XLOOKUP(G51,BK_US!$R$10:$R$84,BK_US!$AG$10:$AG$84,0),IF(_xlpm.RESULT=0,"",_xlpm.RESULT))*-1 -> 10543.71 | O51: =_xlfn.LET(_xlpm.RESULT,_xlfn.XLOOKUP(G51,BK_US!$R$10:$R$84,BK_US!$AE$10:$AE$84,0),IF(_xlpm.RESULT=0,"",_xlpm.RESULT))*-1 -> 11299.82 | P51: =IF(H51="","",(-N51+O51))*-1 -> -756.11
G52: =G51+1 -> 6 | H52: =_xlfn.LET(_xlpm.RESULT,_xlfn.XLOOKUP(G52,BK_US!$R$10:$R$84,BK_US!$M$10:$M$84,0),IF(_xlpm.RESULT=0,"",_xlpm.RESULT)) | I52: =IF(H52="","",IF(P52>0.01,1,IF(P52<0.01," "))) | J52: =IF(H52="","",IF(P52>0.01," ",IF(P52<0.01,1))) | K52: =_xlfn.LET(_xlpm.RESULT,_xlfn.XLOOKUP(G52,BK_US!$R$10:$R$84,BK_US!$AJ$10:$AJ$84,0),IF(_xlpm.RESULT=0,"",_xlpm.RESULT)) | L52: =IFERROR(IF(H52="","",(IF(M52>0.01,(P52/O52),0))*-1),0) | M52: =_xlfn.LET(_xlpm.RESULT,_xlfn.XLOOKUP(H52,BK_US!$R$10:$R$84,BK_US!$AA$10:$AA$84,0),IF(_xlpm.RESULT=0,0,_xlpm.RESULT))*-1 -> 0 | N52: =_xlfn.LET(_xlpm.RESULT,_xlfn.XLOOKUP(G52,BK_US!$R$10:$R$84,BK_US!$AG$10:$AG$84,0),IF(_xlpm.RESULT=0,0,_xlpm.RESULT))*-1 -> 0 | O52: =_xlfn.LET(_xlpm.RESULT,_xlfn.XLOOKUP(G52,BK_US!$R$10:$R$84,BK_US!$AE$10:$AE$84,0),IF(_xlpm.RESULT=0,0,_xlpm.RESULT))*-1 -> 0 | P52: =IFERROR(IF(H52="","",(-N52+O52)*-1),0)
P53: =IF(H53="","",(-N53+O53))
I54: =SUM(I47:I53) -> 1 | J54: =SUM(J47:J53) -> 4 | N54: =SUM(N47:N53) -> 52510.86 | O54: =SUM(O47:O53) -> 54736.17 | P54: =SUM(P47:P53) -> -2225.31
L56: =(P56/O56) -> -0.014633294 | N56: =N54+N43 -> 161997.42 | O56: =O54+O43 -> 164403.18 | P56: =P54+P43 -> -2405.76
G58: UNREALIZED GAINS (LOSESS)
G59: CANADIAN | O59: =P15*-1 -> 12350
G60: US | O60: =P16*-1 -> 6265 | P60: =O60+O59 -> 18615
P62: =O60+O59+P56 -> 16209.24

Sheet C
A1: TABLE OF CONTENTS | C1: =F5 -> ACCOUNTS RECEIVABLE
A2: C1 | I2: =MID(A2,1,1) -> C
F4: =UPPER(COA!B2) -> ANONYMOUS COMPANY
F5: =UPPER(_xlfn.XLOOKUP(A2,COA!G1:G174,COA!I1:I174)) -> ACCOUNTS RECEIVABLE
F6: ="FOR THE YEAR ENDED "&UPPER(TEXT(COA!$B$4,"MMMM DD, YYYY")) -> FOR THE YEAR ENDED DECEMBER 31, 2025
B9: Helper columns | F9: Account | G9: =YEAR(COA!B4) -> 2025 | H9: =G9-1 -> 2024
B10: Match | C10: Count | D10: Concat
B11: =IFERROR(MATCH(D11,M_COA[LSheetID],0),"") -> 11 | C11: =1 -> 1 | D11: =_xlfn.CONCAT($I$2,C11) -> C1 | F11: {=IFERROR(INDEX(M_COA[ACCOUNT],B11),0)} -> 1140 Accounts Receivable | G11: {=IFERROR(INDEX(M_COA[CY],B11),0)} -> 8572.5 | H11: {=IFERROR(INDEX(M_COA[PY1],B11),0)} -> 0
B12: =IFERROR(MATCH(D12,M_COA[LSheetID],0),"") -> 12 | C12: =C11+1 -> 2 | D12: =_xlfn.CONCAT($I$2,C12) -> C2 | F12: {=IFERROR(INDEX(M_COA[ACCOUNT],B12),0)} -> 1141 Miscellaneous receivables | G12: {=IFERROR(INDEX(M_COA[CY],B12),0)} -> 44826.56 | H12: {=IFERROR(INDEX(M_COA[PY1],B12),0)} -> 14544.09
B13: =IFERROR(MATCH(D13,M_COA[LSheetID],0),"") | C13: =C12+1 -> 3 | D13: =_xlfn.CONCAT($I$2,C13) -> C3 | F13: {=IFERROR(INDEX(M_COA[ACCOUNT],B13),0)} -> 0 | G13: {=IFERROR(INDEX(M_COA[CY],B13),0)} -> 0 | H13: {=IFERROR(INDEX(M_COA[PY1],B13),0)} -> 0
B14: =IFERROR(MATCH(D14,M_COA[LSheetID],0),"") | C14: =C13+1 -> 4 | D14: =_xlfn.CONCAT($I$2,C14) -> C4 | F14: {=IFERROR(INDEX(M_COA[ACCOUNT],B14),0)} -> 0 | G14: {=IFERROR(INDEX(M_COA[CY],B14),0)} -> 0 | H14: {=IFERROR(INDEX(M_COA[PY1],B14),0)} -> 0
B15: =IFERROR(MATCH(D15,M_COA[LSheetID],0),"") | C15: =C14+1 -> 5 | D15: =_xlfn.CONCAT($I$2,C15) -> C5 | F15: {=IFERROR(INDEX(M_COA[ACCOUNT],B15),0)} -> 0 | G15: {=IFERROR(INDEX(M_COA[CY],B15),0)} -> 0 | H15: {=IFERROR(INDEX(M_COA[PY1],B15),0)} -> 0
B16: =IFERROR(MATCH(D16,M_COA[LSheetID],0),"")
G17: =SUM(G11:G15) -> 53399.06 | H17: =SUM(H11:H15) -> 14544.09
G19: TB

Sheet C.1
A1: TABLE OF CONTENTS | C1: ACCOUNTS RECEIVABLE LISTING | L1: C1
I4: =UPPER(COA!B2) -> ANONYMOUS COMPANY
I5: =UPPER(_xlfn.XLOOKUP(D11,COA!G1:G174,COA!I1:I174)) -> ACCOUNTS RECEIVABLE
I6: ="FOR THE YEAR ENDED "&UPPER(TEXT(COA!$B$4,"MMMM DD, YYYY")) -> FOR THE YEAR ENDED DECEMBER 31, 2025
B9: Helper columns | E9: Account | J9: =YEAR(COA!B4) -> 2025 | K9: =J9-1 -> 2024
B10: Match | C10: Count | D10: Concat
B11: =IFERROR(MATCH(D11,M_COA[LSheetID],0),"") -> 11 | C11: =1 -> 1 | D11: C1 | E11: {=IFERROR(INDEX(M_COA[ACCOUNT],B11),0)} -> 1140 Accounts Receivable | J11: {=IFERROR(INDEX(M_COA[CY],B11),0)} -> 8572.5 | K11: {=IFERROR(INDEX(M_COA[PY1],B11),0)} -> 0
B13: =IFERROR(MATCH(D13,M_COA[LSheetID],0),"")
J14: =SUM(J11:J11) -> 8572.5 | K14: =SUM(K11:K11) -> 0
E17: COUNT2 | F17: REF | G17: DATE | H17: AR ACCOUNT | I17: INVOICE DESCRIPTION | J17: AMOUNT
E18: 1 | F18: =IFERROR(INDEX(SJ!$C$9:$C$35,MATCH(E18,SJ!$A$9:$A$35,0)),"") -> SJ-251183 | G18: =IFERROR(INDEX(SJ!$G$9:$G$35,MATCH(E18,SJ!$A$9:$A$35,0)),"") -> 45777 | H18: =IFERROR(INDEX(SJ!$F$9:$F$35,MATCH(E18,SJ!$A$9:$A$35,0)),"") -> BIG BAD WOLF INC | I18: =IFERROR(INDEX(SJ!$H$9:$H$35,MATCH(E18,SJ!$A9:$A$35,0)),"") -> Description of Services: For the years ended October 31, 2022, October 31, 2023 and October 31, 2024 1. Set up and preparation of books of original entry from incomplete records: With reference to bank statements and deposits With input from management 2. Set up of company's general ledger and posting the books of original entry, and 3. Compiling Financial Statements for the years than ended | J18: =IFERROR(INDEX(SJ!$P$9:$P$35,MATCH(E18,SJ!$A$9:$A$35,0)),"") -> 7250
E19: =E18+1 -> 2 | F19: =IFERROR(INDEX(SJ!$C$9:$C$35,MATCH(E19,SJ!$A$9:$A$35,0)),"") -> SJ-251184 | G19: =IFERROR(INDEX(SJ!$G$9:$G$35,MATCH(E19,SJ!$A$9:$A$35,0)),"") -> 45752 | H19: =IFERROR(INDEX(SJ!$F$9:$F$35,MATCH(E19,SJ!$A$9:$A$35,0)),"") -> OLEANNA'S LITTLE HELPER INC | I19: =IFERROR(INDEX(SJ!$H$9:$H$35,MATCH(E19,SJ!$A10:$A$35,0)),"") -> Description of Services: For the years ended October 31, 2022, October 31, 2023 and October 31, 2024 1. Set up and preparation of books of original entry from incomplete records: With reference to bank statements and deposits With input from management 2. Set up of company's general ledger and posting the books of original entry, and 3. Compiling Financial Statements for the years than ended | J19: =IFERROR(INDEX(SJ!$P$9:$P$35,MATCH(E19,SJ!$A$9:$A$35,0)),"") -> 1322.5
E20: =E19+1 -> 3 | F20: =IFERROR(INDEX(SJ!$G$9:$G$35,MATCH(#REF!,SJ!$A$9:$A$35,0)),"") | G20: =IFERROR(INDEX(SJ!$G$9:$G$35,MATCH(E20,SJ!$A$9:$A$35,0)),"") | H20: =IFERROR(INDEX(SJ!$F$9:$F$35,MATCH(#REF!,SJ!$A$9:$A$35,0)),"") | I20: =IFERROR(INDEX(SJ!$H$9:$H$35,MATCH(#REF!,SJ!$A11:$A$35,0)),"") | J20: =IFERROR(INDEX(SJ!$P$9:$P$35,MATCH(#REF!,SJ!$A$9:$A$35,0)),"")
E21: =E20+1 -> 4 | F21: =IFERROR(INDEX(SJ!$G$9:$G$35,MATCH(#REF!,SJ!$A$9:$A$35,0)),"") | G21: =IFERROR(INDEX(SJ!$G$9:$G$35,MATCH(E21,SJ!$A$9:$A$35,0)),"") | H21: =IFERROR(INDEX(SJ!$F$9:$F$35,MATCH(#REF!,SJ!$A$9:$A$35,0)),"") | I21: =IFERROR(INDEX(SJ!$H$9:$H$35,MATCH(#REF!,SJ!$A12:$A$35,0)),"") | J21: =IFERROR(INDEX(SJ!$P$9:$P$35,MATCH(#REF!,SJ!$A$9:$A$35,0)),"")
E22: =E21+1 -> 5 | F22: =IFERROR(INDEX(SJ!$F$9:$F$35,MATCH(#REF!,SJ!$A$9:$A$35,0)),"") | G22: =IFERROR(INDEX(SJ!$G$9:$G$35,MATCH(E22,SJ!$A$9:$A$35,0)),"") | H22: =IFERROR(INDEX(SJ!$F$9:$F$35,MATCH(#REF!,SJ!$A$9:$A$35,0)),"") | I22: =IFERROR(INDEX(SJ!$H$9:$H$35,MATCH(#REF!,SJ!$A26:$A$35,0)),"") | J22: =IFERROR(INDEX(SJ!$Q$9:$Q$35,MATCH(#REF!,SJ!$C$9:$C$35,0)),"")
E23: =E22+1 -> 6 | F23: =IFERROR(INDEX(SJ!$F$9:$F$35,MATCH(#REF!,SJ!$A$9:$A$35,0)),"") | G23: =IFERROR(INDEX(SJ!$G$9:$G$35,MATCH(E23,SJ!$A$9:$A$35,0)),"") | H23: =IFERROR(INDEX(SJ!$F$9:$F$35,MATCH(#REF!,SJ!$A$9:$A$35,0)),"") | I23: =IFERROR(INDEX(SJ!$H$9:$H$35,MATCH(#REF!,SJ!$A27:$A$35,0)),"") | J23: =IFERROR(INDEX(SJ!$Q$9:$Q$35,MATCH(#REF!,SJ!$C$9:$C$35,0)),"")
E24: =E23+1 -> 7 | F24: =IFERROR(INDEX(SJ!$F$9:$F$35,MATCH(#REF!,SJ!$A$9:$A$35,0)),"") | G24: =IFERROR(INDEX(SJ!$G$9:$G$35,MATCH(E24,SJ!$A$9:$A$35,0)),"") | H24: =IFERROR(INDEX(SJ!$F$9:$F$35,MATCH(#REF!,SJ!$A$9:$A$35,0)),"") | I24: =IFERROR(INDEX(SJ!$H$9:$H$35,MATCH(#REF!,SJ!$A28:$A$35,0)),"") | J24: =IFERROR(INDEX(SJ!$Q$9:$Q$35,MATCH(#REF!,SJ!$C$9:$C$35,0)),"")
E25: =E24+1 -> 8 | F25: =IFERROR(INDEX(SJ!$F$9:$F$35,MATCH(#REF!,SJ!$A$9:$A$35,0)),"") | G25: =IFERROR(INDEX(SJ!$G$9:$G$35,MATCH(E25,SJ!$A$9:$A$35,0)),"") | H25: =IFERROR(INDEX(SJ!$F$9:$F$35,MATCH(#REF!,SJ!$A$9:$A$35,0)),"") | I25: =IFERROR(INDEX(SJ!$H$9:$H$35,MATCH(#REF!,SJ!$A29:$A$35,0)),"") | J25: =IFERROR(INDEX(SJ!$Q$9:$Q$35,MATCH(#REF!,SJ!$C$9:$C$35,0)),"")
E26: =E25+1 -> 9 | F26: =IFERROR(INDEX(SJ!$F$9:$F$35,MATCH(#REF!,SJ!$A$9:$A$35,0)),"") | G26: =IFERROR(INDEX(SJ!$G$9:$G$35,MATCH(E26,SJ!$A$9:$A$35,0)),"") | H26: =IFERROR(INDEX(SJ!$F$9:$F$35,MATCH(#REF!,SJ!$A$9:$A$35,0)),"") | I26: =IFERROR(INDEX(SJ!$H$9:$H$35,MATCH(#REF!,SJ!$A30:$A$35,0)),"") | J26: =IFERROR(INDEX(SJ!$Q$9:$Q$35,MATCH(#REF!,SJ!$C$9:$C$35,0)),"")
E27: =E26+1 -> 10 | F27: =IFERROR(INDEX(SJ!$F$9:$F$35,MATCH(#REF!,SJ!$A$9:$A$35,0)),"") | G27: =IFERROR(INDEX(SJ!$G$9:$G$35,MATCH(E27,SJ!$A$9:$A$35,0)),"") | H27: =IFERROR(INDEX(SJ!$F$9:$F$35,MATCH(#REF!,SJ!$A$9:$A$35,0)),"") | I27: =IFERROR(INDEX(SJ!$H$9:$H$35,MATCH(#REF!,SJ!$A31:$A$35,0)),"") | J27: =IFERROR(INDEX(SJ!$Q$9:$Q$35,MATCH(#REF!,SJ!$C$9:$C$35,0)),"")
E28: =E27+1 -> 11 | F28: =IFERROR(INDEX(SJ!$F$9:$F$35,MATCH(#REF!,SJ!$A$9:$A$35,0)),"") | G28: =IFERROR(INDEX(SJ!$G$9:$G$35,MATCH(E28,SJ!$A$9:$A$35,0)),"") | H28: =IFERROR(INDEX(SJ!$F$9:$F$35,MATCH(#REF!,SJ!$A$9:$A$35,0)),"") | I28: =IFERROR(INDEX(SJ!$H$9:$H$35,MATCH(#REF!,SJ!$A32:$A$35,0)),"") | J28: =IFERROR(INDEX(SJ!$Q$9:$Q$35,MATCH(#REF!,SJ!$C$9:$C$35,0)),"")
E29: =E28+1 -> 12 | F29: =IFERROR(INDEX(SJ!$F$9:$F$35,MATCH(#REF!,SJ!$A$9:$A$35,0)),"") | G29: =IFERROR(INDEX(SJ!$G$9:$G$35,MATCH(E29,SJ!$A$9:$A$35,0)),"") | H29: =IFERROR(INDEX(SJ!$F$9:$F$35,MATCH(#REF!,SJ!$A$9:$A$35,0)),"") | I29: =IFERROR(INDEX(SJ!$H$9:$H$35,MATCH(#REF!,SJ!$A33:$A$35,0)),"") | J29: =IFERROR(INDEX(SJ!$Q$9:$Q$35,MATCH(#REF!,SJ!$C$9:$C$35,0)),"")
E30: =E29+1 -> 13 | F30: =IFERROR(INDEX(SJ!$F$9:$F$35,MATCH(#REF!,SJ!$A$9:$A$35,0)),"") | G30: =IFERROR(INDEX(SJ!$G$9:$G$35,MATCH(E30,SJ!$A$9:$A$35,0)),"") | H30: =IFERROR(INDEX(SJ!$F$9:$F$35,MATCH(#REF!,SJ!$A$9:$A$35,0)),"") | I30: =IFERROR(INDEX(SJ!$H$9:$H$35,MATCH(#REF!,SJ!$A34:$A$35,0)),"") | J30: =IFERROR(INDEX(SJ!$Q$9:$Q$35,MATCH(#REF!,SJ!$C$9:$C$35,0)),"")
E31: =E30+1 -> 14 | F31: =IFERROR(INDEX(SJ!$F$9:$F$35,MATCH(#REF!,SJ!$A$9:$A$35,0)),"") | G31: =IFERROR(INDEX(SJ!$G$9:$G$35,MATCH(E31,SJ!$A$9:$A$35,0)),"") | H31: =IFERROR(INDEX(SJ!$F$9:$F$35,MATCH(#REF!,SJ!$A$9:$A$35,0)),"") | I31: =IFERROR(INDEX(SJ!$H$9:$H$35,MATCH(#REF!,SJ!$A35:$A$35,0)),"") | J31: =IFERROR(INDEX(SJ!$Q$9:$Q$35,MATCH(#REF!,SJ!$C$9:$C$35,0)),"")
E32: =IFERROR(INDEX(SJ!$C$9:$C$35,MATCH(#REF!,SJ!$A$9:$A$35,0)),"") | G32: =IFERROR(INDEX(SJ!$G$9:$G$35,MATCH(E32,SJ!$A$9:$A$35,0)),"") | J32: =SUM(J18:J31) -> 8572.5
G33: =IFERROR(INDEX(SJ!$G$9:$G$35,MATCH(E33,SJ!$A$9:$A$35,0)),"")

Sheet U
A1: TABLE OF CONTENTS | C1: =F5 -> CAPITAL ASSETS
A2: H2
F4: =UPPER(COA!B2) -> ANONYMOUS COMPANY | I4: U
F5: =UPPER(_xlfn.XLOOKUP(A2,COA!H1:H174,COA!I1:I174)) -> CAPITAL ASSETS
F6: ="FOR THE YEAR ENDED "&UPPER(TEXT(COA!$B$4,"MMMM DD, YYYY")) -> FOR THE YEAR ENDED DECEMBER 31, 2025
B9: Helper columns | F9: Account | G9: =YEAR(COA!B4) -> 2025 | H9: =G9-1 -> 2024
B10: Match | C10: Count | D10: Concat
B11: =IFERROR(MATCH(D11,M_COA[LSheetID],0),"") -> 17 | C11: =1 -> 1 | D11: =_xlfn.CONCAT($I$4,C11) -> U1 | F11: {=IFERROR(INDEX(M_COA[ACCOUNT],B11),0)} -> 1600 Land | G11: {=IFERROR(INDEX(M_COA[CY],B11),0)} -> 0 | H11: {=IFERROR(INDEX(M_COA[PY1],B11),0)} -> 0
B12: =IFERROR(MATCH(D12,M_COA[LSheetID],0),"") -> 18 | C12: =C11+1 -> 2 | D12: =_xlfn.CONCAT($I$4,C12) -> U2 | F12: {=IFERROR(INDEX(M_COA[ACCOUNT],B12),0)} -> 1680 Building | G12: {=IFERROR(INDEX(M_COA[CY],B12),0)} -> 0 | H12: {=IFERROR(INDEX(M_COA[PY1],B12),0)} -> 0
B13: =IFERROR(MATCH(D13,M_COA[LSheetID],0),"") -> 19 | C13: =C12+1 -> 3 | D13: =_xlfn.CONCAT($I$4,C13) -> U3 | F13: {=IFERROR(INDEX(M_COA[ACCOUNT],B13),0)} -> 1681 Building accumulated amortization | G13: {=IFERROR(INDEX(M_COA[CY],B13),0)} -> 0 | H13: {=IFERROR(INDEX(M_COA[PY1],B13),0)} -> 0
B14: =IFERROR(MATCH(D14,M_COA[LSheetID],0),"") -> 20 | C14: =C13+1 -> 4 | D14: =_xlfn.CONCAT($I$4,C14) -> U4 | F14: {=IFERROR(INDEX(M_COA[ACCOUNT],B14),0)} -> 1740 Furniture | G14: {=IFERROR(INDEX(M_COA[CY],B14),0)} -> 0 | H14: {=IFERROR(INDEX(M_COA[PY1],B14),0)} -> 0
B15: =IFERROR(MATCH(D15,M_COA[LSheetID],0),"") -> 21 | C15: =C14+1 -> 5 | D15: =_xlfn.CONCAT($I$4,C15) -> U5 | F15: {=IFERROR(INDEX(M_COA[ACCOUNT],B15),0)} -> 1741 Furniture accumulated amortization | G15: {=IFERROR(INDEX(M_COA[CY],B15),0)} -> 0 | H15: {=IFERROR(INDEX(M_COA[PY1],B15),0)} -> 0
B16: =IFERROR(MATCH(D16,M_COA[LSheetID],0),"") -> 22 | C16: =C15+1 -> 6 | D16: =_xlfn.CONCAT($I$4,C16) -> U6 | F16: {=IFERROR(INDEX(M_COA[ACCOUNT],B16),0)} -> 1742 Automobile | G16: {=IFERROR(INDEX(M_COA[CY],B16),0)} -> 32594.05 | H16: {=IFERROR(INDEX(M_COA[PY1],B16),0)} -> 62299
B17: =IFERROR(MATCH(D17,M_COA[LSheetID],0),"") -> 23 | C17: =C16+1 -> 7 | D17: =_xlfn.CONCAT($I$4,C17) -> U7 | F17: {=IFERROR(INDEX(M_COA[ACCOUNT],B17),0)} -> 1743 Automobile:Accum Dep | G17: {=IFERROR(INDEX(M_COA[CY],B17),0)} -> -29116.63 | H17: {=IFERROR(INDEX(M_COA[PY1],B17),0)} -> -39657
B18: 24 | C18: =C17+1 -> 8 | D18: =_xlfn.CONCAT($I$4,C18) -> U8 | F18: {=IFERROR(INDEX(M_COA[ACCOUNT],B18),0)} -> 1774 Computer | G18: {=IFERROR(INDEX(M_COA[CY],B18),0)} -> 88951.72 | H18: {=IFERROR(INDEX(M_COA[PY1],B18),0)} -> 74884.72
B19: 25 | C19: =C18+1 -> 9 | D19: =_xlfn.CONCAT($I$4,C19) -> U9 | F19: {=IFERROR(INDEX(M_COA[ACCOUNT],B19),0)} -> 1775 Computer accumulated amortization | G19: {=IFERROR(INDEX(M_COA[CY],B19),0)} -> -63486.54 | H19: {=IFERROR(INDEX(M_COA[PY1],B19),0)} -> -55587.25
B20: 26 | C20: =C19+1 -> 10 | D20: =_xlfn.CONCAT($I$4,C20) -> U10 | F20: {=IFERROR(INDEX(M_COA[ACCOUNT],B20),0)} -> 1787 Equipment | G20: {=IFERROR(INDEX(M_COA[CY],B20),0)} -> 907431.02 | H20: {=IFERROR(INDEX(M_COA[PY1],B20),0)} -> 847988.03
B21: 27 | C21: =C20+1 -> 11 | D21: =_xlfn.CONCAT($I$4,C21) -> U11 | F21: {=IFERROR(INDEX(M_COA[ACCOUNT],B21),0)} -> 1788 Equipment accumulated amortization | G21: {=IFERROR(INDEX(M_COA[CY],B21),0)} -> -637005.93 | H21: {=IFERROR(INDEX(M_COA[PY1],B21),0)} -> -576830.03
B22: 28 | C22: =C21+1 -> 12 | D22: =_xlfn.CONCAT($I$4,C22) -> U12 | F22: {=IFERROR(INDEX(M_COA[ACCOUNT],B22),0)} -> 1918 Leasehold improvements | G22: {=IFERROR(INDEX(M_COA[CY],B22),0)} -> 874941.75 | H22: {=IFERROR(INDEX(M_COA[PY1],B22),0)} -> 874941.75
B23: 29 | C23: =C22+1 -> 13 | D23: =_xlfn.CONCAT($I$4,C23) -> U13 | F23: {=IFERROR(INDEX(M_COA[ACCOUNT],B23),0)} -> 1919 Leasehold improvements accumulated Amortization | G23: {=IFERROR(INDEX(M_COA[CY],B23),0)} -> -503688.35 | H23: {=IFERROR(INDEX(M_COA[PY1],B23),0)} -> -410875
B24: 30 | C24: =C23+1 -> 14 | D24: =_xlfn.CONCAT($I$4,C24) -> U14 | F24: {=IFERROR(INDEX(M_COA[ACCOUNT],B24),0)} -> 2012 Goodwill | G24: {=IFERROR(INDEX(M_COA[CY],B24),0)} -> 0 | H24: {=IFERROR(INDEX(M_COA[PY1],B24),0)} -> 0
B25: 31 | C25: =C24+1 -> 15 | D25: =_xlfn.CONCAT($I$4,C25) -> U15 | F25: {=IFERROR(INDEX(M_COA[ACCOUNT],B25),0)} -> 2013 Goodwill accumulated amortization | G25: {=IFERROR(INDEX(M_COA[CY],B25),0)} -> 0 | H25: {=IFERROR(INDEX(M_COA[PY1],B25),0)} -> 0
B26: 32 | C26: =C25+1 -> 16 | D26: =_xlfn.CONCAT($I$4,C26) -> U16 | F26: {=IFERROR(INDEX(M_COA[ACCOUNT],B26),0)} -> 2016 Franchise Fee | G26: {=IFERROR(INDEX(M_COA[CY],B26),0)} -> 62250 | H26: {=IFERROR(INDEX(M_COA[PY1],B26),0)} -> 62250
B27: 33 | C27: =C26+1 -> 17 | D27: =_xlfn.CONCAT($I$4,C27) -> U17 | F27: {=IFERROR(INDEX(M_COA[ACCOUNT],B27),0)} -> 2017 Franchise Fee accumulated amortization | G27: {=IFERROR(INDEX(M_COA[CY],B27),0)} -> -47550 | H27: {=IFERROR(INDEX(M_COA[PY1],B27),0)} -> -43875
G28: =SUM(G11:G27) -> 685321.09 | H28: =SUM(H11:H27) -> 795539.22
F30: Cost | G30: =SUMIF(G11:G27,">=0",G11:G27) -> 1966168.5 | H30: =SUMIF(H11:H27,">=0",H11:H27) -> 1922363.5
F31: Accumulated amortization | G31: =SUMIF(G11:G27,"<=0",G11:G27) -> -1280847.5 | H31: =SUMIF(H11:H27,"<=0",H11:H27) -> -1126824.3
F33: NBV | G33: =G31+G30 -> 685321.09 | H33: =H31+H30 -> 795539.22

Sheet U1
A1: TABLE OF CONTENTS | C1: CAPITAL ASSETS CONTINUITY SCHEDULE
A2: 16 | F2: =UPPER(COA!B2) -> ANONYMOUS COMPANY
F3: {=IFERROR(INDEX(M_COA[ACCOUNT],A2),0)} -> CAPITAL ASSETS
F4: ="FOR THE YEAR ENDED "&UPPER(TEXT(COA!$B$4,"MMMM DD, YYYY")) -> FOR THE YEAR ENDED DECEMBER 31, 2025
F5: The purpose of this worksheet is to Link the Capital Asset acccounts to the general ledger and to compute the Amortization for the year. The accounts are linked to the Chart of Accounts in the Columns "B" and "C" using the Index and match are updated with the balances from the chart of accounts. The additions and disposals should be noted on this worksheet below the schedule and Column"s "E", "F" amd "J" updated accordingly. The Cell "L16" notes the time - if the period is for 6 months - than that cell should be edited to the time period. The Amortization Rates are recorded in the Column"K" and should be amended to reflect the Company's Amortization Policy.
B9: Helper Columns | F9: A s s e t | H9: Cost | M9: Accumulated Amortization | S9: N B V
B11: Match Cost | C11: Match Acc Amort | D11: Accumulated Amortization G/L Account | F11: Diminishing Balance Method | H11: Beginning of year | I11: Additions | J11: Disposals | K11: End of year | L11: 2 | M11: Beginning of year | N11: Disposals | O11: Rate | P11: 12 | Q11: End of Year | R11: 3 | S11: Current Year | T11: Prior Year
F12: Land
B13: =IFERROR(MATCH(F13,M_COA[ACCOUNT],0),"") -> 17 | C13: 1 | F13: 1600 Land | H13: {=IFERROR(INDEX(M_COA[PY1],B13),0)} -> 0 | I13: =SUMIF($F$41:I45,F13,$I$41:I45) -> 0 | J13: =J41 -> 0 | K13: =H13+I13+J13 -> 0 | M13: {=INDEX(M_COA[PY1],C13)} -> 0 | N13: =N41 -> 0 | O13: 0 | P13: =((I13*O13/2)+((I13-J13)+(N13-M13))*O13)*$P$11/12 -> 0 | Q13: =M13+P13 -> 0 | S13: =K13+Q13 -> 0 | T13: =H13+M13 -> 0
H14: =SUBTOTAL(109,H12:H13) -> 0 | I14: =SUBTOTAL(109,I12:I13) -> 0 | J14: =SUM(J13:J13) -> 0 | K14: =SUM(K13:K13) -> 0 | M14: =SUM(M13:M13) -> 0 | N14: =SUM(N13:N13) -> 0 | P14: =SUM(P13:P13) -> 0 | Q14: =SUM(Q13:Q13) -> 0 | S14: =SUM(S13:S13) -> 0 | T14: =SUM(T13:T13) -> 0
F15: Building
B16: =IFERROR(MATCH(F16,M_COA[ACCOUNT],0),"") -> 18 | C16: =IFERROR(MATCH(D16,M_COA[ACCOUNT],0),"") | D16: 1681 Building accumulaed amortizaion | F16: 1680 Building | H16: {=IFERROR(INDEX(M_COA[PY1],B16),0)} -> 0 | I16: =SUMIF($F$41:I48,F16,$I$41:I48) -> 0 | J16: =J42 -> 0 | K16: =H16+I16+J16 -> 0 | M16: {=IFERROR(INDEX(M_COA[PY1],C16),0)} -> 0 | N16: =N42 -> 0 | O16: 0.04 | P16: =(((H16+J16+M16+N16)*(O16*(12/$P$11)*-1)))+(I16*-0.5*O16*12/$P$11) -> 0 | Q16: =M16+P16+N16 -> 0 | S16: =K16+Q16 -> 0 | T16: =H16+M16 -> 0
H17: =SUM(H15:H16) -> 0 | I17: =SUM(I15:I16) -> 0 | J17: =SUM(J15:J16) -> 0 | K17: =SUM(K15:K16) -> 0 | M17: =SUM(M15:M16) -> 0 | N17: =SUM(N15:N16) -> 0 | P17: =SUM(P15:P16) -> 0 | Q17: =SUM(Q15:Q16) -> 0 | S17: =SUM(S15:S16) -> 0 | T17: =SUM(T15:T16) -> 0
F18: Leashold Improvements
B19: =IFERROR(MATCH(F19,M_COA[ACCOUNT],0),"") -> 28 | C19: =IFERROR(MATCH(D19,M_COA[ACCOUNT],0),"") -> 29 | D19: 1919 Leasehold improvements accumulated Amortization | F19: 1918 Leasehold improvements | H19: {=IFERROR(INDEX(M_COA[PY1],B19),0)} -> 874941.75 | I19: =SUMIF($F$41:I46,F19,$I$41:I46) -> 0 | K19: =H19+I19+J19 -> 874941.75 | M19: {=IFERROR(INDEX(M_COA[PY1],C19),0)} -> -410875 | O19: 0.2 | P19: =(((H19+J19+M19+N19)*(O19*(12/$P$11)*-1)))+(I19*-0.5*O19*12/$P$11) -> -92813.35 | Q19: =M19+P19+N19 -> -503688.35 | S19: =K19+Q19 -> 371253.4 | T19: =H19+M19 -> 464066.75
F21: Equipment, Furniture and fixtures
B22: =IFERROR(MATCH(F22,M_COA[ACCOUNT],0),"") -> 20 | C22: =IFERROR(MATCH(D22,M_COA[ACCOUNT],0),"") -> 21 | D22: 1741 Furniture accumulated amortization | F22: 1740 Furniture | H22: {=IFERROR(INDEX(M_COA[PY1],B22),0)} -> 0 | I22: =SUMIF($F$41:I51,F22,$I$41:I51) -> 0 | J22: =J43 -> 0 | K22: =H22+I22+J22 -> 0 | M22: {=INDEX(M_COA[PY1],C22)} -> 0 | N22: =N43 -> 0 | O22: 0.2 | P22: =(((H22+J22+M22+N22)*(O22*(12/$P$11)*-1)))+(I22*-0.5*O22*12/$P$11) -> 0 | Q22: =M22+P22+N22 -> 0 | S22: =K22+Q22 -> 0 | T22: =H22+M22 -> 0
B23: =IFERROR(MATCH(F23,M_COA[ACCOUNT],0),"") -> 26 | C23: =IFERROR(MATCH(D23,M_COA[ACCOUNT],0),"") -> 27 | D23: 1788 Equipment accumulated amortization | F23: 1787 Equipment | H23: {=IFERROR(INDEX(M_COA[PY1],B23),0)} -> 847988.03 | I23: =SUMIF($F$41:I52,F23,$I$41:I52) -> 59442.99 | J23: =J44 -> 0 | K23: =H23+I23+J23 -> 907431.02 | M23: {=IFERROR(INDEX(M_COA[PY1],C23),0)} -> -576830.03 | N23: =N44 -> 0 | O23: 0.2 | P23: =(((H23+J23+M23+N23)*(O23*(12/$P$11)*-1)))+(I23*-0.5*O23*12/$P$11) -> -60175.899 | Q23: =M23+P23+N23 -> -637005.93 | S23: =K23+Q23 -> 270425.09 | T23: =H23+M23 -> 271158
H24: =SUM(H20:H23) -> 847988.03 | I24: =SUM(I20:I23) -> 59442.99 | J24: =SUM(J20:J23) -> 0 | K24: =SUM(K20:K23) -> 907431.02 | M24: =SUM(M20:M23) -> -576830.03 | N24: =SUM(N20:N23) -> 0 | P24: =SUM(P20:P23) -> -60175.899 | Q24: =SUM(Q20:Q23) -> -637005.93 | S24: =SUM(S20:S23) -> 270425.09 | T24: =SUM(T20:T23) -> 271158
F26: Computer
B27: =IFERROR(MATCH(F27,M_COA[ACCOUNT],0),"") -> 24 | C27: =IFERROR(MATCH(D27,M_COA[ACCOUNT],0),"") -> 25 | D27: 1775 Computer accumulated amortization | F27: 1774 Computer | H27: {=IFERROR(INDEX(M_COA[PY1],B27),0)} -> 74884.72 | I27: =SUMIF($F$41:I52,F27,$I$41:I52) -> 14067 | J27: =J46 -> 0 | K27: =H27+I27+J27 -> 88951.72 | M27: {=IFERROR(INDEX(M_COA[PY1],C27),0)} -> -55587.25 | N27: =N46 -> 0 | O27: 0.3 | P27: =(((H27+J27+M27+N27)*(O27*(12/$P$11)*-1)))+(I27*-0.5*O27*12/$P$11) -> -7899.291 | Q27: =M27+P27+N27 -> -63486.541 | S27: =K27+Q27 -> 25465.179 | T27: =H27+M27 -> 19297.47
H28: =SUM(H27:H27) -> 74884.72 | I28: =SUM(I27:I27) -> 14067 | J28: =SUM(J27:J27) -> 0 | K28: =SUM(K27:K27) -> 88951.72 | M28: =SUM(M27:M27) -> -55587.25 | N28: =SUM(N27:N27) -> 0 | P28: =SUM(P27:P27) -> -7899.291 | Q28: =SUM(Q27:Q27) -> -63486.541 | S28: =SUM(S27:S27) -> 25465.179 | T28: =SUM(T27:T27) -> 19297.47
F29: VEHICLE
B30: 22 | C30: 23 | D30: 1742 Automobile | F30: 1743 Automobile:Accum Dep | H30: {=IFERROR(INDEX(M_COA[PY1],B30),0)} -> 62299 | I30: =SUMIF($F$41:I52,F30,$I$41:I52) -> 0 | J30: =J45 -> -29704.95 | K30: =H30+I30+J30 -> 32594.05 | M30: {=IFERROR(INDEX(M_COA[PY1],C30),0)} -> -39657 | N30: =N45 -> 12030.69 | O30: 0.3 | P30: =(((H30+J30+M30+N30)*(O30*(12/$P$11)*-1)))+(I30*-0.5*O30*12/$P$11) -> -1490.322 | Q30: =M30+P30+N30 -> -29116.632 | S30: =K30+Q30 -> 3477.418 | T30: =H30+M30 -> 22642
H31: =SUM(H30:H30) -> 62299 | I31: =SUM(I30:I30) -> 0 | J31: =SUM(J30:J30) -> -29704.95 | K31: =SUM(K30:K30) -> 32594.05 | M31: =SUM(M30:M30) -> -39657 | N31: =SUM(N30:N30) -> 12030.69 | P31: =SUM(P30:P30) -> -1490.322 | Q31: =SUM(Q30:Q30) -> -29116.632 | S31: =SUM(S30:S30) -> 3477.418 | T31: =SUM(T30:T30) -> 22642
F32: Franchise Fee
B33: =IFERROR(MATCH(F33,M_COA[ACCOUNT],0),"") -> 32 | C33: =IFERROR(MATCH(D33,M_COA[ACCOUNT],0),"") -> 33 | D33: 2017 Franchise Fee accumulated amortization | F33: 2016 Franchise Fee | H33: {=IFERROR(INDEX(M_COA[PY1],B33),0)} -> 62250 | I33: =SUMIF($F$41:I52,F33,$I$41:I52) -> 0 | K33: =H33+I33+J33 -> 62250 | M33: {=IFERROR(INDEX(M_COA[PY1],C33),0)} -> -43875 | O33: 0.2 | P33: =(((H33+J33+M33+N33)*(O33*(12/$P$11)*-1)))+(I33*-0.5*O33*12/$P$11) -> -3675 | Q33: =M33+P33+N33 -> -47550 | S33: =K33+Q33 -> 14700 | T33: =H33+M33 -> 18375
H37: =H14+H17+H19+H24+H28+H31+H33 -> 1922363.5 | I37: =I14+I17+I19+I24+I28+I31+I33 -> 73509.99 | J37: =J14+J17+J19+J24+J28+J31+J33 -> -29704.95 | K37: =K14+K17+K19+K24+K28+K31+K33 -> 1966168.5 | M37: =M14+M17+M19+M24+M28+M31+M33 -> -1126824.3 | N37: =N14+N17+N19+N24+N28+N31+N33 -> 12030.69 | P37: =P14+P17+P19+P24+P28+P31+P33 -> -166053.86 | Q37: =Q14+Q17+Q19+Q24+Q28+Q31+Q33 -> -1280847.5 | S37: =S14+S17+S19+S24+S28+S31+S33 -> 685321.09 | T37: =T14+T17+T19+T24+T28+T31+T33 -> 795539.22
F39: Account cost | I39: Additions | S39: =U!G28 -> 685321.09 | T39: =U!H28 -> 795539.22
F41: 1600 Land | I41: 0 | J41: 0 | N41: 0
F42: 1680 Building | I42: 0 | J42: 0 | N42: 0
F43: 1740 Furniture | I43: 0 | J43: 0 | N43: 0
F44: 1787 Equipment | I44: 59442.99 | J44: 0 | N44: 0
F45: 1231 Automobile | I45: 0 | J45: -29704.95 | N45: 12030.69
F46: 1774 Computer | I46: 14067 | J46: 0 | N46: 0
I47: =SUM(I41:I46) -> 73509.99 | J47: =SUM(J41:J46) -> -29704.95 | N47: =SUBTOTAL(109,N41:N46) -> 12030.69

Sheet BB
A1: TABLE OF CONTENTS | C1: =F5 -> ACCOUNTS PAYABLE
A2: BB1
F4: =COA!B2 -> ANONYMOUS COMPANY | I4: =MID(A2,1,2) -> BB
F5: =UPPER(_xlfn.XLOOKUP(A2,COA!G1:G174,COA!I1:I174)) -> ACCOUNTS PAYABLE
F6: ="FOR THE YEAR ENDED "&UPPER(TEXT(COA!$B$4,"MMMM DD, YYYY")) -> FOR THE YEAR ENDED DECEMBER 31, 2025
B9: Helper columns | F9: Account | G9: =YEAR(COA!B4) -> 2025 | H9: =G9-1 -> 2024
B10: Match | C10: Count | D10: Concat
B11: =IFERROR(MATCH(D11,M_COA[LSheetID],0),"") -> 36 | C11: =1 -> 1 | D11: =_xlfn.CONCAT($I$4,C11) -> BB1 | F11: {=IFERROR(INDEX(M_COA[ACCOUNT],B11),0)} -> 2150 Accounts payable | G11: {=IFERROR(INDEX(M_COA[CY],B11),0)} -> -3520.48 | H11: {=IFERROR(INDEX(M_COA[PY1],B11),0)} -> -111812.99
B12: =IFERROR(MATCH(D12,M_COA[LSheetID],0),"") -> 37 | C12: =C11+1 -> 2 | D12: =_xlfn.CONCAT($I$4,C12) -> BB2 | F12: {=IFERROR(INDEX(M_COA[ACCOUNT],B12),0)} -> 2151 Fundraiser Coupon Payable | G12: {=IFERROR(INDEX(M_COA[CY],B12),0)} -> -7713.65 | H12: {=IFERROR(INDEX(M_COA[PY1],B12),0)} -> -7387.68
B13: =IFERROR(MATCH(D13,M_COA[LSheetID],0),"") -> 38 | C13: =C12+1 -> 3 | D13: =_xlfn.CONCAT($I$4,C13) -> BB3 | F13: {=IFERROR(INDEX(M_COA[ACCOUNT],B13),0)} -> 2152 Accruals | G13: {=IFERROR(INDEX(M_COA[CY],B13),0)} -> -313475.81 | H13: {=IFERROR(INDEX(M_COA[PY1],B13),0)} -> -9927.1
B14: =IFERROR(MATCH(D14,M_COA[LSheetID],0),"") -> 39 | C14: =C13+1 -> 4 | D14: =_xlfn.CONCAT($I$4,C14) -> BB4 | F14: {=IFERROR(INDEX(M_COA[ACCOUNT],B14),0)} -> 2158 Bonus Payable | G14: {=IFERROR(INDEX(M_COA[CY],B14),0)} -> 0 | H14: {=IFERROR(INDEX(M_COA[PY1],B14),0)} -> 0
B15: =IFERROR(MATCH(D15,M_COA[LSheetID],0),"") -> 40 | C15: =C14+1 -> 5 | D15: =_xlfn.CONCAT($I$4,C15) -> BB5 | F15: {=IFERROR(INDEX(M_COA[ACCOUNT],B15),0)} -> 2160 Payroll Clearing | G15: {=IFERROR(INDEX(M_COA[CY],B15),0)} -> 92285.98 | H15: {=IFERROR(INDEX(M_COA[PY1],B15),0)} -> -5271.56
B16: =IFERROR(MATCH(D16,M_COA[LSheetID],0),"") -> 41 | C16: =C15+1 -> 6 | D16: =_xlfn.CONCAT($I$4,C16) -> BB6 | F16: {=IFERROR(INDEX(M_COA[ACCOUNT],B16),0)} -> 2161 Union dues payable | G16: {=IFERROR(INDEX(M_COA[CY],B16),0)} -> -16023.93 | H16: {=IFERROR(INDEX(M_COA[PY1],B16),0)} -> -17162.71
B17: =IFERROR(MATCH(D17,M_COA[LSheetID],0),"") -> 43 | C17: =C16+1 -> 7 | D17: =_xlfn.CONCAT($I$4,C17) -> BB7 | F17: {=IFERROR(INDEX(M_COA[ACCOUNT],B17),0)} -> 2164 Workers Comp Payable | G17: {=IFERROR(INDEX(M_COA[CY],B17),0)} -> 0 | H17: {=IFERROR(INDEX(M_COA[PY1],B17),0)} -> 8585.97
B18: =IFERROR(MATCH(D18,M_COA[LSheetID],0),"")
G19: =SUM(G11:G17) -> -248447.89 | H19: =SUM(H11:H17) -> -142976.07

Sheet BB1
A1: TABLE OF CONTENTS | C1: ACCOUNTS PAYABLE LISTING
A2: BB1
F4: =COA!B2 -> ANONYMOUS COMPANY | M4: =A2 -> BB1
F5: =UPPER(_xlfn.XLOOKUP(A2,COA!G1:G174,COA!I1:I174)) -> ACCOUNTS PAYABLE
F6: ="FOR THE YEAR ENDED "&UPPER(TEXT(COA!$B$4,"MMMM DD, YYYY")) -> FOR THE YEAR ENDED DECEMBER 31, 2025
B9: Helper columns | F9: Account | K9: =YEAR(COA!B4) -> 2025 | L9: =K9-1 -> 2024
B10: Match | C10: Count | D10: Concat
B11: =IFERROR(MATCH(D11,M_COA[LSheetID],0),"") -> 36 | C11: =1 -> 1 | D11: BB1 | F11: {=IFERROR(INDEX(M_COA[ACCOUNT],B11),0)} -> 2150 Accounts payable | K11: {=IFERROR(INDEX(M_COA[CY],B11),0)} -> -3520.48 | L11: {=IFERROR(INDEX(M_COA[PY1],B11),0)} -> -111812.99
B12: =IFERROR(MATCH(D12,M_COA[LSheetID],0),"") | C12: =C11+1 -> 2 | D12: =_xlfn.CONCAT($M$4,C12) -> BB12 | F12: {=IFERROR(INDEX(M_COA[ACCOUNT],B12),0)} -> 0 | K12: {=IFERROR(INDEX(M_COA[CY],B12),0)} -> 0 | L12: {=IFERROR(INDEX(M_COA[PY1],B12),0)} -> 0
B13: =IFERROR(MATCH(D13,M_COA[LSheetID],0),"") | C13: =C12+1 -> 3 | D13: =_xlfn.CONCAT($M$4,C13) -> BB13 | F13: {=IFERROR(INDEX(M_COA[ACCOUNT],B13),0)} -> 0 | K13: {=IFERROR(INDEX(M_COA[CY],B13),0)} -> 0 | L13: {=IFERROR(INDEX(M_COA[PY1],B13),0)} -> 0
B14: =IFERROR(MATCH(D14,M_COA[LSheetID],0),"") | C14: =C13+1 -> 4 | D14: =_xlfn.CONCAT($M$4,C14) -> BB14 | F14: {=IFERROR(INDEX(M_COA[ACCOUNT],B14),0)} -> 0 | K14: {=IFERROR(INDEX(M_COA[CY],B14),0)} -> 0 | L14: {=IFERROR(INDEX(M_COA[PY1],B14),0)} -> 0
B15: =IFERROR(MATCH(D15,M_COA[LSheetID],0),"") | C15: =C14+1 -> 5 | D15: =_xlfn.CONCAT($M$4,C15) -> BB15 | F15: {=IFERROR(INDEX(M_COA[ACCOUNT],B15),0)} -> 0 | K15: {=IFERROR(INDEX(M_COA[CY],B15),0)} -> 0 | L15: {=IFERROR(INDEX(M_COA[PY1],B15),0)} -> 0
B16: =IFERROR(MATCH(D16,M_COA[LSheetID],0),"") | C16: =C15+1 -> 6 | D16: =_xlfn.CONCAT($M$4,C16) -> BB16 | F16: {=IFERROR(INDEX(M_COA[ACCOUNT],B16),0)} -> 0 | K16: {=IFERROR(INDEX(M_COA[CY],B16),0)} -> 0 | L16: {=IFERROR(INDEX(M_COA[PY1],B16),0)} -> 0
B17: =IFERROR(MATCH(D17,M_COA[LSheetID],0),"") | C17: =C16+1 -> 7 | D17: =_xlfn.CONCAT($M$4,C17) -> BB17 | F17: {=IFERROR(INDEX(M_COA[ACCOUNT],B17),0)} -> 0 | K17: {=IFERROR(INDEX(M_COA[CY],B17),0)} -> 0 | L17: {=IFERROR(INDEX(M_COA[PY1],B17),0)} -> 0
B18: =IFERROR(MATCH(D18,M_COA[LSheetID],0),"")
K19: =SUM(K11:K17) -> -3520.48 | L19: =SUM(L11:L17) -> -111812.99
G21: COUNT | H21: REF | I21: DATE | J21: VENDOR | K21: AMOUNT
G22: 1 | H22: =IFERROR(INDEX(PJ!$C$6:$C$19,MATCH(G22,PJ!$L$6:$L$19,0)),"") -> 122 | I22: =IFERROR(INDEX(PJ!$B$6:$B$19,MATCH(G22,PJ!$L$6:$L$19,0)),"") -> 45869 | J22: =IFERROR(INDEX(PJ!$E$6:$E$18,MATCH(G22,PJ!$L$6:$L$19,0)),"") -> E-1000 Eastern Market Wholesale | K22: =IFERROR(INDEX(PJ!$M$6:$M$18,MATCH(G22,PJ!$L$6:$L$19,0)),"") -> -2486.48
G23: =G22+1 -> 2 | H23: =IFERROR(INDEX(PJ!$C$6:$C$19,MATCH(G23,PJ!$L$6:$L$19,0)),"") -> 123 | I23: =IFERROR(INDEX(PJ!$B$6:$B$19,MATCH(G23,PJ!$L$6:$L$19,0)),"") -> 45838 | J23: =IFERROR(INDEX(PJ!$E$6:$E$18,MATCH(G23,PJ!$L$6:$L$19,0)),"") -> R-1099 Rock Security | K23: =IFERROR(INDEX(PJ!$M$6:$M$18,MATCH(G23,PJ!$L$6:$L$19,0)),"") -> -1034
G24: =G23+1 -> 3 | H24: =IFERROR(INDEX(PJ!$C$6:$C$19,MATCH(G24,PJ!$L$6:$L$19,0)),"") | I24: =IFERROR(INDEX(PJ!$B$6:$B$19,MATCH(G24,PJ!$L$6:$L$19,0)),"") | J24: =IFERROR(INDEX(PJ!$E$6:$E$18,MATCH(G24,PJ!$L$6:$L$19,0)),"") | K24: =IFERROR(INDEX(PJ!$M$6:$M$18,MATCH(G24,PJ!$L$6:$L$19,0)),"")
G25: =G24+1 -> 4 | H25: =IFERROR(INDEX(PJ!$C$6:$C$19,MATCH(G25,PJ!$L$6:$L$19,0)),"") | I25: =IFERROR(INDEX(PJ!$B$6:$B$19,MATCH(G25,PJ!$L$6:$L$19,0)),"") | J25: =IFERROR(INDEX(PJ!$E$6:$E$18,MATCH(G25,PJ!$L$6:$L$19,0)),"") | K25: =IFERROR(INDEX(PJ!$M$6:$M$18,MATCH(G25,PJ!$L$6:$L$19,0)),"")
G26: =G25+1 -> 5 | H26: =IFERROR(INDEX(PJ!$C$6:$C$19,MATCH(G26,PJ!$L$6:$L$19,0)),"") | I26: =IFERROR(INDEX(PJ!$B$6:$B$19,MATCH(G26,PJ!$L$6:$L$19,0)),"") | J26: =IFERROR(INDEX(PJ!$E$6:$E$18,MATCH(G26,PJ!$L$6:$L$19,0)),"") | K26: =IFERROR(INDEX(PJ!$M$6:$M$18,MATCH(G26,PJ!$L$6:$L$19,0)),"")
G27: =G26+1 -> 6 | H27: =IFERROR(INDEX(PJ!$C$6:$C$19,MATCH(G27,PJ!$L$6:$L$19,0)),"") | I27: =IFERROR(INDEX(PJ!$B$6:$B$19,MATCH(G27,PJ!$L$6:$L$19,0)),"") | J27: =IFERROR(INDEX(PJ!$E$6:$E$18,MATCH(G27,PJ!$L$6:$L$19,0)),"") | K27: =IFERROR(INDEX(PJ!$M$6:$M$18,MATCH(G27,PJ!$L$6:$L$19,0)),"")
G28: =G27+1 -> 7 | H28: =IFERROR(INDEX(PJ!$C$6:$C$19,MATCH(G28,PJ!$L$6:$L$19,0)),"") | I28: =IFERROR(INDEX(PJ!$B$6:$B$19,MATCH(G28,PJ!$L$6:$L$19,0)),"") | J28: =IFERROR(INDEX(PJ!$E$6:$E$18,MATCH(G28,PJ!$L$6:$L$19,0)),"") | K28: =IFERROR(INDEX(PJ!$M$6:$M$18,MATCH(G28,PJ!$L$6:$L$19,0)),"")
G29: =G28+1 -> 8 | H29: =IFERROR(INDEX(PJ!$C$6:$C$19,MATCH(G29,PJ!$L$6:$L$19,0)),"") | I29: =IFERROR(INDEX(PJ!$B$6:$B$19,MATCH(G29,PJ!$L$6:$L$19,0)),"") | J29: =IFERROR(INDEX(PJ!$E$6:$E$18,MATCH(G29,PJ!$L$6:$L$19,0)),"") | K29: =IFERROR(INDEX(PJ!$M$6:$M$18,MATCH(G29,PJ!$L$6:$L$19,0)),"")
G30: =G29+1 -> 9 | H30: =IFERROR(INDEX(PJ!$C$6:$C$19,MATCH(G30,PJ!$L$6:$L$19,0)),"") | I30: =IFERROR(INDEX(PJ!$B$6:$B$19,MATCH(G30,PJ!$L$6:$L$19,0)),"") | J30: =IFERROR(INDEX(PJ!$E$6:$E$18,MATCH(G30,PJ!$L$6:$L$19,0)),"") | K30: =IFERROR(INDEX(PJ!$M$6:$M$18,MATCH(G30,PJ!$L$6:$L$19,0)),"")
G31: =G30+1 -> 10 | H31: =IFERROR(INDEX(PJ!$C$6:$C$19,MATCH(G31,PJ!$L$6:$L$19,0)),"") | I31: =IFERROR(INDEX(PJ!$B$6:$B$19,MATCH(G31,PJ!$L$6:$L$19,0)),"") | J31: =IFERROR(INDEX(PJ!$E$6:$E$18,MATCH(G31,PJ!$L$6:$L$19,0)),"") | K31: =IFERROR(INDEX(PJ!$M$6:$M$18,MATCH(G31,PJ!$L$6:$L$19,0)),"")
G32: =G31+1 -> 11 | H32: =IFERROR(INDEX(PJ!$C$6:$C$19,MATCH(G32,PJ!$L$6:$L$19,0)),"") | I32: =IFERROR(INDEX(PJ!$B$6:$B$19,MATCH(G32,PJ!$L$6:$L$19,0)),"") | J32: =IFERROR(INDEX(PJ!$E$6:$E$18,MATCH(G32,PJ!$L$6:$L$19,0)),"") | K32: =IFERROR(INDEX(PJ!$M$6:$M$18,MATCH(G32,PJ!$L$6:$L$19,0)),"")
G33: =G32+1 -> 12 | H33: =IFERROR(INDEX(PJ!$C$6:$C$19,MATCH(G33,PJ!$L$6:$L$19,0)),"") | I33: =IFERROR(INDEX(PJ!$B$6:$B$19,MATCH(G33,PJ!$L$6:$L$19,0)),"") | J33: =IFERROR(INDEX(PJ!$E$6:$E$18,MATCH(G33,PJ!$L$6:$L$19,0)),"") | K33: =IFERROR(INDEX(PJ!$M$6:$M$18,MATCH(G33,PJ!$L$6:$L$19,0)),"")
G34: =G33+1 -> 13 | H34: =IFERROR(INDEX(PJ!$C$6:$C$19,MATCH(G34,PJ!$L$6:$L$19,0)),"") | I34: =IFERROR(INDEX(PJ!$B$6:$B$19,MATCH(G34,PJ!$L$6:$L$19,0)),"") | J34: =IFERROR(INDEX(PJ!$E$6:$E$18,MATCH(G34,PJ!$L$6:$L$19,0)),"") | K34: =IFERROR(INDEX(PJ!$M$6:$M$18,MATCH(G34,PJ!$L$6:$L$19,0)),"")
G35: =G34+1 -> 14 | H35: =IFERROR(INDEX(PJ!$C$6:$C$19,MATCH(G35,PJ!$L$6:$L$19,0)),"") | I35: =IFERROR(INDEX(PJ!$B$6:$B$19,MATCH(G35,PJ!$L$6:$L$19,0)),"") | J35: =IFERROR(INDEX(PJ!$E$6:$E$18,MATCH(G35,PJ!$L$6:$L$19,0)),"") | K35: =IFERROR(INDEX(PJ!$M$6:$M$18,MATCH(G35,PJ!$L$6:$L$19,0)),"")
G36: =IFERROR(INDEX(SJ!$C$9:$C$35,MATCH(#REF!,SJ!$A$9:$A$35,0)),"") | I36: =IFERROR(INDEX(PJ!$B$6:$B$19,MATCH(G36,PJ!$L$6:$L$19,0)),"") | K36: =SUM(K22:K35) -> -3520.48
I37: =IFERROR(INDEX(PJ!$B$6:$B$19,MATCH(G37,PJ!$L$6:$L$19,0)),"") -> 46022

Sheet DD
A1: TABLE OF CONTENTS | C1: =F5 -> GOVERNMENT REMITTANCES
A2: DD1
F4: =COA!B2 -> ANONYMOUS COMPANY | I4: =MID(A2,1,2) -> DD
F5: =UPPER(_xlfn.XLOOKUP(A2,COA!G1:G174,COA!I1:I174)) -> GOVERNMENT REMITTANCES
F6: ="FOR THE YEAR ENDED "&UPPER(TEXT(COA!$B$4,"MMMM DD, YYYY")) -> FOR THE YEAR ENDED DECEMBER 31, 2025
B9: Helper columns | F9: Account | G9: =YEAR(COA!B4) -> 2025 | H9: =G9-1 -> 2024
B10: Match | C10: Count | D10: Concat
B11: =IFERROR(MATCH(D11,M_COA[LSheetID],0),"") -> 42 | C11: =1 -> 1 | D11: =_xlfn.CONCAT($I$4,C11) -> DD1 | F11: {=IFERROR(INDEX(M_COA[ACCOUNT],B11),0)} -> 2162 Payroll Liabilities | G11: {=IFERROR(INDEX(M_COA[CY],B11),0)} -> -2667 | H11: {=IFERROR(INDEX(M_COA[PY1],B11),0)} -> 0
B12: =IFERROR(MATCH(D12,M_COA[LSheetID],0),"") -> 47 | C12: =C11+1 -> 2 | D12: =_xlfn.CONCAT($I$4,C12) -> DD2 | F12: {=IFERROR(INDEX(M_COA[ACCOUNT],B12),0)} -> 2205 HST Returns | G12: {=IFERROR(INDEX(M_COA[CY],B12),0)} -> -55662.51 | H12: {=IFERROR(INDEX(M_COA[PY1],B12),0)} -> -32215.76
B13: =IFERROR(MATCH(D13,M_COA[LSheetID],0),"") -> 48 | C13: =C12+1 -> 3 | D13: =_xlfn.CONCAT($I$4,C13) -> DD3 | F13: {=IFERROR(INDEX(M_COA[ACCOUNT],B13),0)} -> 2209 HST collected | G13: {=IFERROR(INDEX(M_COA[CY],B13),0)} -> 0 | H13: {=IFERROR(INDEX(M_COA[PY1],B13),0)} -> 0
B14: =IFERROR(MATCH(D14,M_COA[LSheetID],0),"") -> 49 | C14: =C13+1 -> 4 | D14: =_xlfn.CONCAT($I$4,C14) -> DD4 | F14: {=IFERROR(INDEX(M_COA[ACCOUNT],B14),0)} -> 2210 ITC | G14: {=IFERROR(INDEX(M_COA[CY],B14),0)} -> -3108.75 | H14: {=IFERROR(INDEX(M_COA[PY1],B14),0)} -> 0
B15: =IFERROR(MATCH(D15,M_COA[LSheetID],0),"") | C15: =C14+1 -> 5 | D15: =_xlfn.CONCAT($I$4,C15) -> DD5 | F15: {=IFERROR(INDEX(M_COA[ACCOUNT],B15),0)} -> 0 | G15: {=IFERROR(INDEX(M_COA[CY],B15),0)} -> 0 | H15: {=IFERROR(INDEX(M_COA[PY1],B15),0)} -> 0
B16: =IFERROR(MATCH(D16,M_COA[LSheetID],0),"") | C16: =C15+1 -> 6 | D16: =_xlfn.CONCAT($I$4,C16) -> DD6 | F16: {=IFERROR(INDEX(M_COA[ACCOUNT],B16),0)} -> 0 | G16: {=IFERROR(INDEX(M_COA[CY],B16),0)} -> 0 | H16: {=IFERROR(INDEX(M_COA[PY1],B16),0)} -> 0
B17: =IFERROR(MATCH(D17,M_COA[LSheetID],0),"") | C17: =C16+1 -> 7 | D17: =_xlfn.CONCAT($I$4,C17) -> DD7 | F17: {=IFERROR(INDEX(M_COA[ACCOUNT],B17),0)} -> 0 | G17: {=IFERROR(INDEX(M_COA[CY],B17),0)} -> 0 | H17: {=IFERROR(INDEX(M_COA[PY1],B17),0)} -> 0
B18: =IFERROR(MATCH(D18,M_COA[LSheetID],0),"")
G19: =SUM(G11:G17) -> -61438.26 | H19: =SUM(H11:H17) -> -32215.76

Sheet FF
A1: TABLE OF CONTENTS | C1: =F5 -> CORPORATE INCOME TAX
A2: FF1
F4: =COA!B2 -> ANONYMOUS COMPANY | I4: =MID(A2,1,2) -> FF
F5: =UPPER(_xlfn.XLOOKUP(A2,COA!G1:G174,COA!I1:I174)) -> CORPORATE INCOME TAX
F6: ="FOR THE YEAR ENDED "&UPPER(TEXT(COA!$B$4,"MMMM DD, YYYY")) -> FOR THE YEAR ENDED DECEMBER 31, 2025
B9: Helper columns | F9: Account | G9: =YEAR(COA!B4) -> 2025 | H9: =G9-1 -> 2024
B10: Match | C10: Count | D10: Concat
B11: =IFERROR(MATCH(D11,M_COA[LSheetID],0),"") -> 44 | C11: =1 -> 1 | D11: =_xlfn.CONCAT($I$4,C11) -> FF1 | F11: {=IFERROR(INDEX(M_COA[ACCOUNT],B11),0)} -> 2170 Income Tax Interim Payments | G11: {=IFERROR(INDEX(M_COA[CY],B11),0)} -> 0 | H11: {=IFERROR(INDEX(M_COA[PY1],B11),0)} -> 0
B12: =IFERROR(MATCH(D12,M_COA[LSheetID],0),"") -> 45 | C12: =C11+1 -> 2 | D12: =_xlfn.CONCAT($I$4,C12) -> FF2 | F12: {=IFERROR(INDEX(M_COA[ACCOUNT],B12),0)} -> 2171 Corporate Income taxes payable | G12: {=IFERROR(INDEX(M_COA[CY],B12),0)} -> 18284.12 | H12: {=IFERROR(INDEX(M_COA[PY1],B12),0)} -> -23061.1
B13: =IFERROR(MATCH(D13,M_COA[LSheetID],0),"") -> 46 | C13: =C12+1 -> 3 | D13: =_xlfn.CONCAT($I$4,C13) -> FF3 | F13: {=IFERROR(INDEX(M_COA[ACCOUNT],B13),0)} -> 3100 Deferred Income tax | G13: {=IFERROR(INDEX(M_COA[CY],B13),0)} -> -22464 | H13: {=IFERROR(INDEX(M_COA[PY1],B13),0)} -> 0
B14: =IFERROR(MATCH(D14,M_COA[LSheetID],0),"") | C14: =C13+1 -> 4 | D14: =_xlfn.CONCAT($I$4,C14) -> FF4 | F14: {=IFERROR(INDEX(M_COA[ACCOUNT],B14),0)} -> 0 | G14: {=IFERROR(INDEX(M_COA[CY],B14),0)} -> 0 | H14: {=IFERROR(INDEX(M_COA[PY1],B14),0)} -> 0
B15: =IFERROR(MATCH(D15,M_COA[LSheetID],0),"") | C15: =C14+1 -> 5 | D15: =_xlfn.CONCAT($I$4,C15) -> FF5 | F15: {=IFERROR(INDEX(M_COA[ACCOUNT],B15),0)} -> 0 | G15: {=IFERROR(INDEX(M_COA[CY],B15),0)} -> 0 | H15: {=IFERROR(INDEX(M_COA[PY1],B15),0)} -> 0
B16: =IFERROR(MATCH(D16,M_COA[LSheetID],0),"") | C16: =C15+1 -> 6 | D16: =_xlfn.CONCAT($I$4,C16) -> FF6 | F16: {=IFERROR(INDEX(M_COA[ACCOUNT],B16),0)} -> 0 | G16: {=IFERROR(INDEX(M_COA[CY],B16),0)} -> 0 | H16: {=IFERROR(INDEX(M_COA[PY1],B16),0)} -> 0
B17: =IFERROR(MATCH(D17,M_COA[LSheetID],0),"") | C17: =C16+1 -> 7 | D17: =_xlfn.CONCAT($I$4,C17) -> FF7 | F17: {=IFERROR(INDEX(M_COA[ACCOUNT],B17),0)} -> 0 | G17: {=IFERROR(INDEX(M_COA[CY],B17),0)} -> 0 | H17: {=IFERROR(INDEX(M_COA[PY1],B17),0)} -> 0
B18: =IFERROR(MATCH(D18,M_COA[LSheetID],0),"")
G19: =SUM(G11:G17) -> -4179.88 | H19: =SUM(H11:H17) -> -23061.1

Sheet GG
A1: TABLE OF CONTENTS | C1: =F5 -> DUE TO RELATED PARTIES
A2: H5
F4: =COA!B2 -> ANONYMOUS COMPANY | I4: GG
F5: =UPPER(_xlfn.XLOOKUP(A2,COA!H1:H174,COA!I1:I174)) -> DUE TO RELATED PARTIES
F6: ="FOR THE YEAR ENDED "&UPPER(TEXT(COA!$B$4,"MMMM DD, YYYY")) -> FOR THE YEAR ENDED DECEMBER 31, 2025
B9: Helper columns | F9: Account | G9: =YEAR(COA!B4) -> 2025 | H9: =G9-1 -> 2024
B10: Match | C10: Count | D10: Concat
B11: =IFERROR(MATCH(D11,M_COA[LSheetID],0),"") -> 13 | C11: =1 -> 1 | D11: =_xlfn.CONCAT($I$4,C11) -> GG1 | F11: {=IFERROR(INDEX(M_COA[ACCOUNT],B11),0)} -> 1146 Acct Rec - Shareholder | G11: {=IFERROR(INDEX(M_COA[CY],B11),0)} -> 0 | H11: {=IFERROR(INDEX(M_COA[PY1],B11),0)} -> 0
B12: =IFERROR(MATCH(D12,M_COA[LSheetID],0),"") -> 50 | C12: =C11+1 -> 2 | D12: =_xlfn.CONCAT($I$4,C12) -> GG2 | F12: {=IFERROR(INDEX(M_COA[ACCOUNT],B12),0)} -> 2214 Due to a Related Party | G12: {=IFERROR(INDEX(M_COA[CY],B12),0)} -> 318966.54 | H12: {=IFERROR(INDEX(M_COA[PY1],B12),0)} -> 95143.96
B13: =IFERROR(MATCH(D13,M_COA[LSheetID],0),"") -> 51 | C13: =C12+1 -> 3 | D13: =_xlfn.CONCAT($I$4,C13) -> GG3 | F13: {=IFERROR(INDEX(M_COA[ACCOUNT],B13),0)} -> 2990 Due from a shareholder | G13: {=IFERROR(INDEX(M_COA[CY],B13),0)} -> -164955.4 | H13: {=IFERROR(INDEX(M_COA[PY1],B13),0)} -> -289462.55
B14: =IFERROR(MATCH(D14,M_COA[LSheetID],0),"") -> 59 | C14: =C13+1 -> 4 | D14: =_xlfn.CONCAT($I$4,C14) -> GG4 | F14: {=IFERROR(INDEX(M_COA[ACCOUNT],B14),0)} -> 3200 ABC Company | G14: {=IFERROR(INDEX(M_COA[CY],B14),0)} -> 0 | H14: {=IFERROR(INDEX(M_COA[PY1],B14),0)} -> -63165.9
B15: =IFERROR(MATCH(D15,M_COA[LSheetID],0),"") -> 60 | C15: =C14+1 -> 5 | D15: =_xlfn.CONCAT($I$4,C15) -> GG5 | F15: {=IFERROR(INDEX(M_COA[ACCOUNT],B15),0)} -> 3201 Family Investments Corp | G15: {=IFERROR(INDEX(M_COA[CY],B15),0)} -> 0 | H15: {=IFERROR(INDEX(M_COA[PY1],B15),0)} -> 0
B16: =IFERROR(MATCH(D16,M_COA[LSheetID],0),"") -> 61 | C16: =C15+1 -> 6 | D16: =_xlfn.CONCAT($I$4,C16) -> GG6 | F16: {=IFERROR(INDEX(M_COA[ACCOUNT],B16),0)} -> 3210 Current obligations | G16: {=IFERROR(INDEX(M_COA[CY],B16),0)} -> 0 | H16: {=IFERROR(INDEX(M_COA[PY1],B16),0)} -> 0
B17: =IFERROR(MATCH(D17,M_COA[LSheetID],0),"") | C17: =C16+1 -> 7 | D17: =_xlfn.CONCAT($I$4,C17) -> GG7 | F17: {=IFERROR(INDEX(M_COA[ACCOUNT],B17),0)} -> 0 | G17: {=IFERROR(INDEX(M_COA[CY],B17),0)} -> 0 | H17: {=IFERROR(INDEX(M_COA[PY1],B17),0)} -> 0
B18: =IFERROR(MATCH(D18,M_COA[LSheetID],0),"")
G19: =SUM(G11:G17) -> 154011.14 | H19: =SUM(H11:H17) -> -257484.49

Sheet KK
A1: TABLE OF CONTENTS | C1: LONG TERM LIABILITIES
A2: 41
F4: =COA!B2 -> ANONYMOUS COMPANY | P4: KK
F5: =UPPER(_xlfn.XLOOKUP(A2,COA!A1:A175,COA!I1:I174)) -> #VALUE!
F6: ="FOR THE YEAR ENDED "&UPPER(TEXT(COA!$B$4,"MMMM DD, YYYY")) -> FOR THE YEAR ENDED DECEMBER 31, 2025
B9: Helper columns | F9: Interest Type | G9: Interest Rate | H9: Payment Type | I9: Payment Schedule | J9: Payment Amount | K9: Security | L9: NBV | M9: Amount Due 1 Yr | N9: Account | O9: =YEAR(COA!B4) -> 2025 | P9: =O9-1 -> 2024
B10: Match | C10: Count | D10: Concat
B11: =IFERROR(MATCH(D11,M_COA[LSheetID],0),"") -> 52 | C11: =1 -> 1 | D11: =_xlfn.CONCAT($P$4,C11) -> KK1 | N11: {=IFERROR(INDEX(M_COA[ACCOUNT],B11),0)} -> 2998 Current principal payments | O11: {=IFERROR(INDEX(M_COA[CY],B11),0)} -> -110400 | P11: {=IFERROR(INDEX(M_COA[PY1],B11),0)} -> 0
B12: =IFERROR(MATCH(D12,M_COA[LSheetID],0),"") -> 54 | C12: =C11+1 -> 2 | D12: =_xlfn.CONCAT($P$4,C12) -> KK2 | N12: {=IFERROR(INDEX(M_COA[ACCOUNT],B12),0)} -> 3110 Conditional Sales Contract | O12: {=IFERROR(INDEX(M_COA[CY],B12),0)} -> 0 | P12: {=IFERROR(INDEX(M_COA[PY1],B12),0)} -> 0
B13: =IFERROR(MATCH(D13,M_COA[LSheetID],0),"") -> 55 | C13: =C12+1 -> 3 | D13: =_xlfn.CONCAT($P$4,C13) -> KK3 | F13: Variable | G13: Banks prime +.5% | H13: Principal + Interest | I13: Monthly | J13: 9200 | K13: Debenture | L13: 815000 | M13: =9200*12 -> 110400 | N13: {=IFERROR(INDEX(M_COA[ACCOUNT],B13),0)} -> 3120 Bank term loan | O13: {=IFERROR(INDEX(M_COA[CY],B13),0)} -> -394110.85 | P13: {=IFERROR(INDEX(M_COA[PY1],B13),0)} -> -503562.53 | S13: =P13-O13 -> -109451.68 | T13: =S13/12 -> -9120.9733
B14: =IFERROR(MATCH(D14,M_COA[LSheetID],0),"") -> 56 | C14: =C13+1 -> 4 | D14: =_xlfn.CONCAT($P$4,C14) -> KK4 | N14: {=IFERROR(INDEX(M_COA[ACCOUNT],B14),0)} -> 3145 Mortgage payable | O14: {=IFERROR(INDEX(M_COA[CY],B14),0)} -> 0 | P14: {=IFERROR(INDEX(M_COA[PY1],B14),0)} -> 0
B15: =IFERROR(MATCH(D15,M_COA[LSheetID],0),"") -> 57 | C15: =C14+1 -> 5 | D15: =_xlfn.CONCAT($P$4,C15) -> KK5 | N15: {=IFERROR(INDEX(M_COA[ACCOUNT],B15),0)} -> 3150 Principal due within 1 year-LTD | O15: {=IFERROR(INDEX(M_COA[CY],B15),0)} -> 110400 | P15: {=IFERROR(INDEX(M_COA[PY1],B15),0)} -> 0
B16: =IFERROR(MATCH(D16,M_COA[LSheetID],0),"") | C16: =C15+1 -> 6 | D16: =_xlfn.CONCAT($P$4,C16) -> KK6 | N16: {=IFERROR(INDEX(M_COA[ACCOUNT],B16),0)} -> 0 | O16: {=IFERROR(INDEX(M_COA[CY],B16),0)} -> 0 | P16: {=IFERROR(INDEX(M_COA[PY1],B16),0)} -> 0
B17: =IFERROR(MATCH(D17,M_COA[LSheetID],0),"")
M18: =SUM(M13:M17) -> 110400 | O18: =SUM(O11:O14) -> -504510.85 | P18: =SUM(P11:P14) -> -503562.53
F20: Principal Payments due over the next five years
I21: 2025 | J21: 2026 | K21: 2027 | L21: 2028 | M21: 2029 | N21: 2025 | O21: 110400
N22: 2026 | O22: 110400
F23: 3110 Conditional Sales Contract | I23: 0 | J23: 0 | K23: 0 | N23: 2027 | O23: 110400
F24: 3120 Bank term loan | I24: 0 | J24: 0 | K24: 0 | L24: 0 | M24: 0 | N24: 2028 | O24: 62910.85
F25: 3145 Mortgage payable | I25: 7635 | J25: =I25*1.069 -> 8161.815 | K25: =J25*1.069 -> 8724.9802 | L25: =K25*1.069 -> 9327.0039 | M25: =L25*1.0669 -> 9950.9804 | N25: 2029 | O25: 0
I27: =SUM(I23:I26) -> 7635 | J27: =SUM(J23:J26) -> 8161.815 | K27: =SUM(K23:K26) -> 8724.9802 | L27: =SUM(L23:L26) -> 9327.0039 | M27: =SUM(M23:M26) -> 9950.9804 | O27: =SUM(O21:O26) -> 394110.85
F30: Financial Statement Presentation
F34: 5.5% Bank Term Loan due in monthly principal payments amounting to $9,200 plus interst. Secured by a debenture over all the assets on the company having a net book value approximating $1,565,000

Sheet UU
A1: TABLE OF CONTENTS | C1: SHAREHOLDERS' EQUITY
A2: 50
F4: =COA!B2 -> ANONYMOUS COMPANY | I4: UU
F5: =UPPER(_xlfn.XLOOKUP(A2,COA!A1:A175,COA!I1:I174)) -> #VALUE!
F6: ="FOR THE YEAR ENDED "&UPPER(TEXT(COA!$B$4,"MMMM DD, YYYY")) -> FOR THE YEAR ENDED DECEMBER 31, 2025
B9: Helper columns | F9: Account | G9: =YEAR(COA!B4) -> 2025 | H9: =G9-1 -> 2024
B10: Match | C10: Count | D10: Concat
B12: 63 | C12: =1 -> 1 | D12: =_xlfn.CONCAT($I$4,C12) -> UU1 | F12: {=IFERROR(INDEX(M_COA[ACCOUNT],B12),0)} -> 3400 Capital Stock | G12: {=IFERROR(INDEX(M_COA[CY],B12),0)} -> -105 | H12: {=IFERROR(INDEX(M_COA[PY1],B12),0)} -> -106
B13: =IFERROR(MATCH(D13,M_COA[LSheetID],0),"") -> 64 | C13: =C12+1 -> 2 | D13: =_xlfn.CONCAT($I$4,C13) -> UU2 | F13: {=IFERROR(INDEX(M_COA[ACCOUNT],B13),0)} -> 3410 Preferred shares | G13: {=IFERROR(INDEX(M_COA[CY],B13),0)} -> 0 | H13: {=IFERROR(INDEX(M_COA[PY1],B13),0)} -> 0
B14: =IFERROR(MATCH(D14,M_COA[LSheetID],0),"") -> 65 | C14: =C13+1 -> 3 | D14: =_xlfn.CONCAT($I$4,C14) -> UU3 | F14: {=IFERROR(INDEX(M_COA[ACCOUNT],B14),0)} -> 3500 Retained Earnings | G14: {=IFERROR(INDEX(M_COA[CY],B14),0)} -> -628827.28 | H14: {=IFERROR(INDEX(M_COA[PY1],B14),0)} -> -594646.96
B15: =IFERROR(MATCH(D15,M_COA[LSheetID],0),"") -> 66 | C15: =C14+1 -> 4 | D15: =_xlfn.CONCAT($I$4,C15) -> UU4 | F15: {=IFERROR(INDEX(M_COA[ACCOUNT],B15),0)} -> 3190 Dividends | G15: {=IFERROR(INDEX(M_COA[CY],B15),0)} -> 182989 | H15: {=IFERROR(INDEX(M_COA[PY1],B15),0)} -> 0
B16: =IFERROR(MATCH(D16,M_COA[LSheetID],0),"") | C16: =C15+1 -> 5 | D16: =_xlfn.CONCAT($I$4,C16) -> UU5 | F16: {=IFERROR(INDEX(M_COA[ACCOUNT],B16),0)} -> 0 | G16: {=IFERROR(INDEX(M_COA[CY],B16),0)} -> 0 | H16: {=IFERROR(INDEX(M_COA[PY1],B16),0)} -> 0
B17: =IFERROR(MATCH(D17,M_COA[LSheetID],0),"") | C17: =C16+1 -> 6 | D17: =_xlfn.CONCAT($I$4,C17) -> UU6 | F17: {=IFERROR(INDEX(M_COA[ACCOUNT],B17),0)} -> 0 | G17: {=IFERROR(INDEX(M_COA[CY],B17),0)} -> 0 | H17: {=IFERROR(INDEX(M_COA[PY1],B17),0)} -> 0
B18: =IFERROR(MATCH(D18,M_COA[LSheetID],0),"")
G19: =SUM(G12:G15) -> -445943.28 | H19: =SUM(H12:H15) -> -594752.96
G21: T/B

Sheet T_Wksheet
A1: TABLE OF CONTENTS | C1: WORKING PAPER TEMPLATE | M1: Index
B2: =UPPER(COA!B2) -> ANONYMOUS COMPANY
B3: ="FOR THE YEAR ENDED "&UPPER(TEXT(COA!$B$4,"MMMM DD, YYYY")) -> FOR THE YEAR ENDED DECEMBER 31, 2025
B4: TOPIC
B6: THE PURPOSE OF THIS WORKSHEET IS TO:

Sheet RPT_CHEQUE
A1: TABLE OF CONTENTS | C1: CHEQUE TEMPLATE
I2: 250507
C4: DATE | D4: 45778 | F4: =D4 -> 45778
C5: PAYEE
C6: =_xlfn.XLOOKUP($I$2,CD!F9:F41,CD!J9:J41,0) -> S-1000 Sysco | D6: =MATCH(C6,CTRL_V[ID],0) -> 9 | F6: =MID(C6,7,45) -> Sysco | I6: =F17 -> 5968.77
C7: Address 1 | F7: {=INDEX(CTRL_V[ADDRESS 1],$D$6,0)} -> 12800 Henry Ruff Rd,
C8: Address 2 | F8: ANY CITY
C9: Address 3
C10: Postal Code | F10: BNS 1B1
E11: Invoice No. | F11: $ | G11: Account | H11: ITC | I11: Expense
B12: 1 | C12: =CONCATENATE(I2,"-",B12) -> 250507-1 | E12: =_xlfn.LET(_xlpm.result, _xlfn.XLOOKUP(C12, CD!H8:H41, CD!E8:E41, 0), IF(_xlpm.result=0, "", _xlpm.result)) -> 78291 | F12: =_xlfn.LET(_xlpm.result, _xlfn.XLOOKUP(C12, CD!H9:H42, CD!L9:L42, 0), IF(_xlpm.result=0, "", _xlpm.result*-1)) -> 2850.75 | G12: =_xlfn.XLOOKUP(C12,CD!H9:H42,CD!N9:N42, 0) -> 5500 Cost of Sales | H12: =_xlfn.LET(_xlpm.result, _xlfn.XLOOKUP(C12, CD!H9:H42, CD!O9:O42, 0), IF(_xlpm.result=0, "", _xlpm.result)) | I12: =_xlfn.LET(_xlpm.result, _xlfn.XLOOKUP(C12, CD!H9:H42, CD!P9:P42, 0), IF(_xlpm.result=0, "", _xlpm.result)) -> 2850.75
B13: 2 | C13: =CONCATENATE($I$2,"-",B13) -> 250507-2 | E13: =_xlfn.LET(_xlpm.result, _xlfn.XLOOKUP(C13, CD!H9:H42, CD!E9:E42, 0), IF(_xlpm.result=0, "", _xlpm.result)) -> 78536 | F13: =_xlfn.LET(_xlpm.result, _xlfn.XLOOKUP(C13, CD!H10:H43, CD!L10:L43, 0), IF(_xlpm.result=0, "", _xlpm.result*-1)) -> 3275.42 | G13: =_xlfn.XLOOKUP(C13,CD!H10:H43,CD!N10:N43, 0) -> 5500 Cost of Sales | H13: =_xlfn.LET(_xlpm.result, _xlfn.XLOOKUP(C13, CD!H10:H43, CD!O10:O43, 0), IF(_xlpm.result=0, "", _xlpm.result)) | I13: =_xlfn.LET(_xlpm.result, _xlfn.XLOOKUP(C13, CD!H10:H43, CD!P10:P43, 0), IF(_xlpm.result=0, "", _xlpm.result)) -> 3275.42
B14: 3 | C14: =CONCATENATE($I$2,"-",B14) -> 250507-3 | E14: =_xlfn.LET(_xlpm.result, _xlfn.XLOOKUP(C14, CD!H10:H43, CD!E10:E43, 0), IF(_xlpm.result=0, "", _xlpm.result)) -> 77342 | F14: =_xlfn.LET(_xlpm.result, _xlfn.XLOOKUP(C14, CD!H11:H44, CD!L11:L44, 0), IF(_xlpm.result=0, "", _xlpm.result*-1)) -> -157.4 | G14: =_xlfn.XLOOKUP(C14,CD!H11:H44,CD!N11:N44, 0) -> 5500 Cost of Sales | H14: =_xlfn.LET(_xlpm.result, _xlfn.XLOOKUP(C14, CD!H11:H44, CD!O11:O44, 0), IF(_xlpm.result=0, "", _xlpm.result)) | I14: =_xlfn.LET(_xlpm.result, _xlfn.XLOOKUP(C14, CD!H11:H44, CD!P11:P44, 0), IF(_xlpm.result=0, "", _xlpm.result)) -> -157.4
B15: 4 | C15: =CONCATENATE($I$2,"-",B15) -> 250507-4 | E15: =_xlfn.LET(_xlpm.result, _xlfn.XLOOKUP(C15, CD!H11:H44, CD!E11:E44, 0), IF(_xlpm.result=0, "", _xlpm.result)) | F15: =_xlfn.LET(_xlpm.result, _xlfn.XLOOKUP(C15, CD!H12:H45, CD!L12:L45, 0), IF(_xlpm.result=0, "", _xlpm.result*-1))
B16: 5 | C16: =CONCATENATE($I$2,"-",B16) -> 250507-5 | E16: =_xlfn.LET(_xlpm.result, _xlfn.XLOOKUP(C16, CD!H12:H45, CD!E12:E45, 0), IF(_xlpm.result=0, "", _xlpm.result)) | F16: =_xlfn.LET(_xlpm.result, _xlfn.XLOOKUP(C16, CD!H13:H46, CD!L13:L46, 0), IF(_xlpm.result=0, "", _xlpm.result*-1))
F17: =SUM(F12:F16) -> 5968.77
I22: =F4 -> 45778
F24: {=NumberToWords(I24)} -> #NAME? | I24: =F17 -> 5968.77
F26: =F6 -> Sysco
F27: =F7 -> 12800 Henry Ruff Rd,
F28: =F8 -> ANY CITY
F29: =F10 -> BNS 1B1
F33: =F6 -> Sysco | I33: =F4 -> 45778
F34: =F7 -> 12800 Henry Ruff Rd,
F35: =F8 -> ANY CITY | I35: =F17 -> 5968.77
F37: =F10 -> BNS 1B1
E39: =E12 -> 78291 | F39: =F12 -> 2850.75
E40: =E13 -> 78536 | F40: =F13 -> 3275.42
E41: =E14 -> 77342 | F41: =F14 -> -157.4
E42: =E15 | F42: =F15
E43: =E16 | F43: =F16
E45: =E15 | F45: =SUM(F39:F44) -> 5968.77

Sheet RPT INVOICE
A1: TABLE OF CONTENTS | C1: INVOICE TEMPLATE
B6: =LOOKUP($I$16,SJ!$C$5:G35,SJ!$G$5:G35) -> 45777 | H6: ="Invoice Date "&(TEXT(B6,"MMMM DD,YYYY")) -> Invoice Date April 30,2025
D7: =+COA!B2 -> ANONYMOUS COMPANY
D8: =COA!G2 -> 402-566 TOPSAIL ROAD
D9: =COA!J2 -> ST. JOHN'S, NL A1E 0B4
D10: =COA!M2 -> Phone #000 -123-4567
D12: Invoice
D15: Invoice for | H15: Invoice #
D16: =VLOOKUP($I$16,SJ!C9:L35,4,0) -> BIG BAD WOLF INC | I16: SJ-251183
D17: =_xlfn.XLOOKUP($D$16,CUSTOMERS!C:C,CUSTOMERS!E:E,0) -> 3 Forest Road
D18: =_xlfn.XLOOKUP($D$16,CUSTOMERS!C:C,CUSTOMERS!F:F,0) -> DETROIT | H18: Due date
D19: =_xlfn.XLOOKUP($D$16,CUSTOMERS!C:C,CUSTOMERS!H:H,0) -> 48721 | H19: =B6+30 -> 45807
D22: Description
D23: =VLOOKUP($I$16,SJ!C9:L35,6,0) -> Description of Services: For the years ended October 31, 2022, October 31, 2023 and October 31, 2024 1. Set up and preparation of books of original entry from incomplete records: With reference to bank statements and deposits With input from management 2. Set up of company's general ledger and posting the books of original entry, and 3. Compiling Financial Statements for the years than ended | I23: =VLOOKUP($I$16,SJ!C5:L35,8,0) -> 15000
D26: Bank account Information Transit Institution # Account 38901 002 1826600 Interact payment to jbc@ezledgersinc.com | H26: Subtotal | I26: =SUM(I23:I25) -> 15000
D27: HST NO, 60928 4815 RT0001 | H27: HST | I27: =VLOOKUP($I$16,SJ!C5:L35,9,0) -> 2250
I28: =I26+I27 -> 17250

Sheet CR
A1: TABLE OF CONTENTS | C1: CASH RECEIPTS JOURNAL
B2: =COA!$B$2 -> ANONYMOUS COMPANY
B3: Cash Receipts
B4: ="FOR THE PERIOD ENDED "&UPPER(TEXT(COA!B4,"MMMM DD, YYYY")) -> FOR THE PERIOD ENDED DECEMBER 31, 2025 | H4: PROOF | K4: =SUM(DE_CR[AMOUNT]) -> 0
B6: INV# | C6: DATE | D6: REF | E6: SOURCE | F6: PARTICULARS | G6: ACTIVITY | H6: ACCOUNT | I6: CLEARED | J6: O/S DEPOSIT REF | K6: AMOUNT
C7: =COA!B4 -> 46022 | D7: 250499 | E7: CR | F7: Total Deposits | H7: 1102 General Bank Account | K7: =SUM(DE_CR[ACTIVITY]) -> 15261.25
E8: CR | G8: 0 | J8: =IF(G8=0,"",(IF((I8="C"),"",(MAX($B4:B$5)+1)))) | K8: =-DE_CR[[#This Row],[ACTIVITY]] -> 0
B9: SJ-251181 | C9: 45760 | D9: 250401 | E9: CR | F9: KEITH'S WINE BAR | G9: 3450 | H9: 1140 Accounts Receivable | I9: C | J9: =IF(G9=0,"",(IF((I9="C"),"",(MAX($B$5:B5)+1)))) | K9: =-DE_CR[[#This Row],[ACTIVITY]] -> -3450
B10: SJ-251182 | C10: 45745 | D10: 250301 | E10: CR | F10: COTTAGES FOR RENT | G10: 1811.25 | H10: 1140 Accounts Receivable | I10: C | J10: =IF(G10=0,"",(IF((I10="C"),"",(MAX($B$5:B5)+1)))) | K10: =-DE_CR[[#This Row],[ACTIVITY]] -> -1811.25
B11: SJ-251183 | C11: 45782 | D11: 250501 | E11: CR | F11: BIG BAD WOLF INC | G11: 10000 | H11: 1140 Accounts Receivable | J11: =IF(G11=0,"",(IF((I11="C"),"",(MAX($B$5:B5)+1)))) -> 1 | K11: =-DE_CR[[#This Row],[ACTIVITY]] -> -10000
J12: =IF(G12=0,"",(IF((I12="C"),"",(MAX($B$5:B5)+1)))) | K12: =-DE_CR[[#This Row],[ACTIVITY]] -> 0
J13: =IF(G13=0,"",(IF((I13="C"),"",(MAX($B$5:B5)+1)))) | K13: =-DE_CR[[#This Row],[ACTIVITY]] -> 0
J14: =IF(G14=0,"",(IF((I14="C"),"",(MAX($B$5:B5)+1)))) | K14: =-DE_CR[[#This Row],[ACTIVITY]] -> 0
J15: =IF(G15=0,"",(IF((I15="C"),"",(MAX($B$5:B5)+1)))) | K15: =-DE_CR[[#This Row],[ACTIVITY]] -> 0
J16: =IF(G16=0,"",(IF((I16="C"),"",(MAX($B$5:B5)+1)))) | K16: =-DE_CR[[#This Row],[ACTIVITY]] -> 0
J17: =IF(G17=0,"",(IF((I17="C"),"",(MAX($B$5:B5)+1)))) | K17: =-DE_CR[[#This Row],[ACTIVITY]] -> 0
J18: =IF(G18=0,"",(IF((I18="C"),"",(MAX($B$5:B5)+1)))) | K18: =-DE_CR[[#This Row],[ACTIVITY]] -> 0
B19: TEMPLATE ROW

Sheet PJ
A1: TABLE OF CONTENTS | C1: PURCHASE JOURNAL | BC1: =CR!#REF!=COUNT(H:H,"<>0") -> #REF!
B2: =COA!$B$2 -> ANONYMOUS COMPANY
B3: PURCHASE JOURNAL
B4: ="FOR THE PERIOD ENDED "&UPPER(TEXT(COA!B4,"MMMM DD, YYYY")) -> FOR THE PERIOD ENDED DECEMBER 31, 2025 | H4: PROOF | J4: =SUM(DE_PJ[AMOUNT]) -> 0
B6: DATE | C6: REF | D6: SOURCE | E6: PARTICULARS | F6: HST Code | G6: TOTAL | H6: ACCOUNT | I6: HST | J6: AMOUNT | K6: PAYMENT | L6: COUNT | M6: BALANCE DUE
B7: 46022 | C7: 249999 | D7: PJ | E7: TOTAL ITC'S | H7: 2210 ITC | I7: 0 | J7: =SUM(I10:I20) -> 0
B8: 46022 | C8: 249999 | D8: PJ | E8: TOTAL | G8: 0 | H8: 2150 Accounts payable | I8: 0 | J8: =SUM(G10:G20) -> -20033 | K8: =SUM(K10:K19) -> 16512.52 | M8: =SUM(M10:M19) -> -3520.48
D9: PJ | G9: 0 | I9: =IF(F9="Y",((G9/1.15)*-0.15),0) -> 0 | J9: =IF(G9<0,ABS(G9+I9),(G9+I9)*-1) -> 0 | K9: =SUMIFS(CD!L:L,CD!E:E,C9) -> 0 | L9: =IF((M9<0),(MAX($L5:L$6)+1),0) -> 0 | M9: =G9+K9 -> 0
B10: 45899 | C10: 121 | D10: PJ | E10: M-1000 Motor City Beverage Company | G10: -15180 | H10: 5500 Cost of Sales | I10: =IF(F10="Y",((G10/1.15)*-0.15),0) -> 0 | J10: =IF(G10<0,ABS(G10+I10),(G10+I10)*-1) -> 15180 | K10: =SUMIFS(CD!L:L,CD!E:E,C10)*-1 -> 15180 | L10: =IF((M10<0),(MAX($L$6:L6)+1),0) -> 0 | M10: =G10+K10 -> 0
B11: 45869 | C11: 122 | D11: PJ | E11: E-1000 Eastern Market Wholesale | G11: -3278 | H11: 5500 Cost of Sales | I11: =IF(F11="Y",((G11/1.15)*-0.15),0) -> 0 | J11: =IF(G11<0,ABS(G11+I11),(G11+I11)*-1) -> 3278 | K11: =SUMIFS(CD!L:L,CD!E:E,C11)*-1 -> 791.52 | L11: =IF((M11<0),(MAX($L$6:L10)+1),0) -> 1 | M11: =G11+K11 -> -2486.48
B12: 45838 | C12: 123 | D12: PJ | E12: R-1099 Rock Security | G12: -1575 | H12: 6440 Alarm | I12: =IF(F12="Y",((G12/1.15)*-0.15),0) -> 0 | J12: =IF(G12<0,ABS(G12+I12),(G12+I12)*-1) -> 1575 | K12: =SUMIFS(CD!L:L,CD!E:E,C12)*-1 -> 541 | L12: =IF((M12<0),(MAX($L$6:L11)+1),0) -> 2 | M12: =G12+K12 -> -1034
I13: =IF(F13="Y",((G13/1.15)*-0.15),0) -> 0 | J13: =IF(G13<0,ABS(G13+I13),(G13+I13)*-1) -> 0 | K13: =SUMIFS(CD!L:L,CD!E:E,C13)*-1 -> 0 | L13: =IF((M13<0),(MAX($L$6:L12)+1),0) -> 0 | M13: =G13+K13 -> 0
I14: =IF(F14="Y",((G14/1.15)*-0.15),0) -> 0 | J14: =IF(G14<0,ABS(G14+I14),(G14+I14)*-1) -> 0 | K14: =SUMIFS(CD!L:L,CD!E:E,C14)*-1 -> 0 | L14: =IF((M14<0),(MAX($L$6:L13)+1),0) -> 0 | M14: =G14+K14 -> 0
I15: =IF(F15="Y",((G15/1.15)*-0.15),0) -> 0 | J15: =IF(G15<0,ABS(G15+I15),(G15+I15)*-1) -> 0 | K15: =SUMIFS(CD!L:L,CD!E:E,C15)*-1 -> 0 | L15: =IF((M15<0),(MAX($L$6:L14)+1),0) -> 0 | M15: =G15+K15 -> 0
I16: =IF(F16="Y",((G16/1.15)*-0.15),0) -> 0 | J16: =IF(G16<0,ABS(G16+I16),(G16+I16)*-1) -> 0 | K16: =SUMIFS(CD!L:L,CD!E:E,C16)*-1 -> 0 | L16: =IF((M16<0),(MAX($L$6:L15)+1),0) -> 0 | M16: =G16+K16 -> 0
I17: =IF(F17="Y",((G17/1.15)*-0.15),0) -> 0 | J17: =IF(G17<0,ABS(G17+I17),(G17+I17)*-1) -> 0 | K17: =SUMIFS(CD!L:L,CD!E:E,C17)*-1 -> 0 | L17: =IF((M17<0),(MAX($L$6:L16)+1),0) -> 0 | M17: =G17+K17 -> 0
I18: =IF(F18="Y",((G18/1.15)*-0.15),0) -> 0 | J18: =IF(G18<0,ABS(G18+I18),(G18+I18)*-1) -> 0 | K18: =SUMIFS(CD!L:L,CD!E:E,C18)*-1 -> 0 | L18: =IF((M18<0),(MAX($L$6:L17)+1),0) -> 0 | M18: =G18+K18 -> 0
I19: =IF(F19="Y",((G19/1.15)*-0.15),0) -> 0 | J19: =IF(G19<0,ABS(G19+I19),(G19+I19)*-1) -> 0 | K19: =SUMIFS(CD!L:L,CD!E:E,C19)*-1 -> 0 | L19: =IF((M19<0),(MAX($L$6:L18)+1),0) -> 0 | M19: =G19+K19 -> 0
B20: TEMPLATE ROW

Sheet CCJ
A1: TABLE OF CONTENTS | C1: CREDIT CARD JOURNAL | BD1: =COUNT(G:G,"<>0") -> 8
B2: =COA!$B$2 -> ANONYMOUS COMPANY
B3: CREDIT CARD JOURNAL
B4: ="FOR THE PERIOD ENDED "&UPPER(TEXT(COA!B4,"MMMM DD, YYYY")) -> FOR THE PERIOD ENDED DECEMBER 31, 2025
H6: PROOF | J6: =SUM(J9:J22) -> 4.5474735e-13
B7: =NOW() -> 45960.611
B8: DATE | C8: REF | D8: SOURCE | E8: PARTICULARS | F8: HST Code | G8: TOTAL | H8: ACCOUNT | I8: HST | J8: AMOUNT
B9: =COA!B4 -> 46022 | C9: 251299 | D9: CCJ | E9: Total ITC | H9: 2210 ITC | J9: =SUM(I12:I23) -> 0
B10: =COA!B4 -> 46022 | C10: 251299 | D10: CCJ | E10: Total Charges | H10: 2990 Due from a shareholder | J10: =SUM(G12:G23) -> -4523.85
D11: CCJ | G11: 0 | I11: =IF(DE_CCJ[[#This Row],[HST Code]]="Y",DE_CCJ[[#This Row],[TOTAL]]/1.15*-0.15,0) -> 0 | J11: =(DE_CCJ[[#This Row],[TOTAL]]+DE_CCJ[[#This Row],[HST]])*-1 -> 0
B12: 45899 | C12: 250801 | D12: CCJ | E12: Fast Food Supplies | G12: -458.52 | H12: 5600 Direct supplies | I12: =IF(DE_CCJ[[#This Row],[HST Code]]="Y",DE_CCJ[[#This Row],[TOTAL]]/1.15*-0.15,0) -> 0 | J12: =(DE_CCJ[[#This Row],[TOTAL]]+DE_CCJ[[#This Row],[HST]])*-1 -> 458.52
B13: 45869 | C13: 250701 | D13: CCJ | E13: Detriot Cleaners | G13: -1750 | H13: 6487 Glass Cleaning | I13: =IF(DE_CCJ[[#This Row],[HST Code]]="Y",DE_CCJ[[#This Row],[TOTAL]]/1.15*-0.15,0) -> 0 | J13: =(DE_CCJ[[#This Row],[TOTAL]]+DE_CCJ[[#This Row],[HST]])*-1 -> 1750
B14: 45907 | C14: 250901 | D14: CCJ | E14: Supplier two | G14: -115 | H14: 4910 Equipment | I14: =IF(DE_CCJ[[#This Row],[HST Code]]="Y",DE_CCJ[[#This Row],[TOTAL]]/1.15*-0.15,0) -> 0 | J14: =(DE_CCJ[[#This Row],[TOTAL]]+DE_CCJ[[#This Row],[HST]])*-1 -> 115
B15: 45911 | C15: 250902 | D15: CCJ | E15: K-2000 KEYSTONE PROPERTIES INC. | G15: -458.75 | H15: 6450 Property repairs | I15: =IF(DE_CCJ[[#This Row],[HST Code]]="Y",DE_CCJ[[#This Row],[TOTAL]]/1.15*-0.15,0) -> 0 | J15: =(DE_CCJ[[#This Row],[TOTAL]]+DE_CCJ[[#This Row],[HST]])*-1 -> 458.75
B16: 45911 | C16: 250903 | D16: CCJ | E16: G-1002 Great Lakes Gas | G16: -115 | H16: 6430 Light and heat | I16: =IF(DE_CCJ[[#This Row],[HST Code]]="Y",DE_CCJ[[#This Row],[TOTAL]]/1.15*-0.15,0) -> 0 | J16: =(DE_CCJ[[#This Row],[TOTAL]]+DE_CCJ[[#This Row],[HST]])*-1 -> 115
B17: 45911 | C17: 250904 | D17: CCJ | E17: M-1000 Motor City Beverage Company | G17: -1057.84 | H17: 5500 Cost of Sales | I17: =IF(DE_CCJ[[#This Row],[HST Code]]="Y",DE_CCJ[[#This Row],[TOTAL]]/1.15*-0.15,0) -> 0 | J17: =(DE_CCJ[[#This Row],[TOTAL]]+DE_CCJ[[#This Row],[HST]])*-1 -> 1057.84
B18: 45911 | C18: 250905 | D18: CCJ | E18: E-1000 Eastern Market Wholesale | G18: -568.74 | H18: 5500 Cost of Sales | I18: =IF(DE_CCJ[[#This Row],[HST Code]]="Y",DE_CCJ[[#This Row],[TOTAL]]/1.15*-0.15,0) -> 0 | J18: =(DE_CCJ[[#This Row],[TOTAL]]+DE_CCJ[[#This Row],[HST]])*-1 -> 568.74
I19: =IF(DE_CCJ[[#This Row],[HST Code]]="Y",DE_CCJ[[#This Row],[TOTAL]]/1.15*-0.15,0) -> 0 | J19: =(DE_CCJ[[#This Row],[TOTAL]]+DE_CCJ[[#This Row],[HST]])*-1 -> 0
I20: =IF(DE_CCJ[[#This Row],[HST Code]]="Y",DE_CCJ[[#This Row],[TOTAL]]/1.15*-0.15,0) -> 0 | J20: =(DE_CCJ[[#This Row],[TOTAL]]+DE_CCJ[[#This Row],[HST]])*-1 -> 0
I21: =IF(DE_CCJ[[#This Row],[HST Code]]="Y",DE_CCJ[[#This Row],[TOTAL]]/1.15*-0.15,0) -> 0 | J21: =(DE_CCJ[[#This Row],[TOTAL]]+DE_CCJ[[#This Row],[HST]])*-1 -> 0
I22: =IF(DE_CCJ[[#This Row],[HST Code]]="Y",DE_CCJ[[#This Row],[TOTAL]]/1.15*-0.15,0) -> 0 | J22: =(DE_CCJ[[#This Row],[TOTAL]]+DE_CCJ[[#This Row],[HST]])*-1 -> 0
B23: TEMPLATE ROW
J25: =SUM(J9:J24) -> 4.5474735e-13

Sheet WJ
A1: TABLE OF CONTENTS | C1: WAGE JOURNAL
B3: =COA!$B$2 -> ANONYMOUS COMPANY
B4: WAGE JOURNAL
B5: ="TRANSACTION LISTING FOR THE PERIOD ENDED "&UPPER(TEXT(COA!B4,"MMMM DD, YYYY")) -> TRANSACTION LISTING FOR THE PERIOD ENDED DECEMBER 31, 2025
C6: https://apps.cra-arc.gc.ca/ebci/rhpd/beta/entry
B9: Staff | C9: DATE | D9: Month | E9: Employee | F9: Bonus | G9: Wage | H9: Gross | I9: CPP | J9: EI | K9: Tax Fed | L9: Tax Prov | M9: Other | N9: Net | O9: Exp CPP | P9: Exp EI | Q9: Remittance
C10: 45658 | D10: =MONTH(C10) -> 1 | E10: =VLOOKUP(B10,STAFF!B7:D15,3,0) -> #N/A | F10: 0 | G10: 0 | H10: =WAGE_J[[#This Row],[Bonus]]+WAGE_J[[#This Row],[Wage]] -> 0 | I10: =WAGE_J[[#This Row],[Gross]]*0.03 -> 0 | J10: =WAGE_J[[#This Row],[Gross]]*0.04 -> 0 | K10: =WAGE_J[[#This Row],[Gross]]*0.15 -> 0 | L10: =WAGE_J[[#This Row],[Gross]]*0.075 -> 0 | M10: 0 | N10: =WAGE_J[[#This Row],[Gross]]-WAGE_J[[#This Row],[CPP]]-WAGE_J[[#This Row],[EI]]-WAGE_J[[#This Row],[Tax Fed]]-WAGE_J[[#This Row],[Tax Prov]]-WAGE_J[[#This Row],[Other]] -> 0 | O10: =WAGE_J[[#This Row],[CPP]] -> 0 | P10: =WAGE_J[[#This Row],[EI]]*1.4 -> 0 | Q10: =WAGE_J[[#This Row],[CPP]]+WAGE_J[[#This Row],[EI]]+WAGE_J[[#This Row],[Tax Fed]]+WAGE_J[[#This Row],[Tax Prov]]+WAGE_J[[#This Row],[Exp EI]]+WAGE_J[[#This Row],[Exp CPP]] -> 0
B11: 1 | C11: 45899 | D11: =MONTH(C11) -> 8 | E11: =VLOOKUP(B11,STAFF!B8:D16,3,0) -> FRED BLOGGS | F11: 1000 | G11: 2500 | H11: =WAGE_J[[#This Row],[Bonus]]+WAGE_J[[#This Row],[Wage]] -> 3500 | I11: =WAGE_J[[#This Row],[Gross]]*0.03 -> 105 | J11: =WAGE_J[[#This Row],[Gross]]*0.04 -> 140 | K11: =WAGE_J[[#This Row],[Gross]]*0.15 -> 525 | L11: =WAGE_J[[#This Row],[Gross]]*0.075 -> 262.5 | M11: 10 | N11: =WAGE_J[[#This Row],[Gross]]-WAGE_J[[#This Row],[CPP]]-WAGE_J[[#This Row],[EI]]-WAGE_J[[#This Row],[Tax Fed]]-WAGE_J[[#This Row],[Tax Prov]]-WAGE_J[[#This Row],[Other]] -> 2457.5 | O11: =WAGE_J[[#This Row],[CPP]] -> 105 | P11: =WAGE_J[[#This Row],[EI]]*1.4 -> 196 | Q11: =WAGE_J[[#This Row],[CPP]]+WAGE_J[[#This Row],[EI]]+WAGE_J[[#This Row],[Tax Fed]]+WAGE_J[[#This Row],[Tax Prov]]+WAGE_J[[#This Row],[Exp EI]]+WAGE_J[[#This Row],[Exp CPP]] -> 1333.5
B12: 2 | C12: 45899 | D12: =MONTH(C12) -> 8 | E12: =VLOOKUP(B12,STAFF!B9:D17,3,0) -> JUNCTIA BLOGGS | F12: 1000 | G12: 2500 | H12: =WAGE_J[[#This Row],[Bonus]]+WAGE_J[[#This Row],[Wage]] -> 3500 | I12: =WAGE_J[[#This Row],[Gross]]*0.03 -> 105 | J12: =WAGE_J[[#This Row],[Gross]]*0.04 -> 140 | K12: =WAGE_J[[#This Row],[Gross]]*0.15 -> 525 | L12: =WAGE_J[[#This Row],[Gross]]*0.075 -> 262.5 | M12: 10 | N12: =WAGE_J[[#This Row],[Gross]]-WAGE_J[[#This Row],[CPP]]-WAGE_J[[#This Row],[EI]]-WAGE_J[[#This Row],[Tax Fed]]-WAGE_J[[#This Row],[Tax Prov]]-WAGE_J[[#This Row],[Other]] -> 2457.5 | O12: =WAGE_J[[#This Row],[CPP]] -> 105 | P12: =WAGE_J[[#This Row],[EI]]*1.4 -> 196 | Q12: =WAGE_J[[#This Row],[CPP]]+WAGE_J[[#This Row],[EI]]+WAGE_J[[#This Row],[Tax Fed]]+WAGE_J[[#This Row],[Tax Prov]]+WAGE_J[[#This Row],[Exp EI]]+WAGE_J[[#This Row],[Exp CPP]] -> 1333.5
F13: 0 | G13: 0 | H13: =WAGE_J[[#This Row],[Bonus]]+WAGE_J[[#This Row],[Wage]] -> 0 | I13: =WAGE_J[[#This Row],[Gross]]*0.03 -> 0 | J13: =WAGE_J[[#This Row],[Gross]]*0.04 -> 0 | K13: =WAGE_J[[#This Row],[Gross]]*0.15 -> 0 | L13: =WAGE_J[[#This Row],[Gross]]*0.075 -> 0 | N13: =WAGE_J[[#This Row],[Gross]]-WAGE_J[[#This Row],[CPP]]-WAGE_J[[#This Row],[EI]]-WAGE_J[[#This Row],[Tax Fed]]-WAGE_J[[#This Row],[Tax Prov]]-WAGE_J[[#This Row],[Other]] -> 0 | O13: =WAGE_J[[#This Row],[CPP]] -> 0 | P13: =WAGE_J[[#This Row],[EI]]*1.4 -> 0 | Q13: =WAGE_J[[#This Row],[CPP]]+WAGE_J[[#This Row],[EI]]+WAGE_J[[#This Row],[Tax Fed]]+WAGE_J[[#This Row],[Tax Prov]]+WAGE_J[[#This Row],[Exp EI]]+WAGE_J[[#This Row],[Exp CPP]] -> 0
F14: 0 | G14: 0 | H14: =WAGE_J[[#This Row],[Bonus]]+WAGE_J[[#This Row],[Wage]] -> 0 | I14: =WAGE_J[[#This Row],[Gross]]*0.03 -> 0 | J14: =WAGE_J[[#This Row],[Gross]]*0.04 -> 0 | K14: =WAGE_J[[#This Row],[Gross]]*0.15 -> 0 | L14: =WAGE_J[[#This Row],[Gross]]*0.075 -> 0 | N14: =WAGE_J[[#This Row],[Gross]]-WAGE_J[[#This Row],[CPP]]-WAGE_J[[#This Row],[EI]]-WAGE_J[[#This Row],[Tax Fed]]-WAGE_J[[#This Row],[Tax Prov]]-WAGE_J[[#This Row],[Other]] -> 0 | O14: =WAGE_J[[#This Row],[CPP]] -> 0 | P14: =WAGE_J[[#This Row],[EI]]*1.4 -> 0 | Q14: =WAGE_J[[#This Row],[CPP]]+WAGE_J[[#This Row],[EI]]+WAGE_J[[#This Row],[Tax Fed]]+WAGE_J[[#This Row],[Tax Prov]]+WAGE_J[[#This Row],[Exp EI]]+WAGE_J[[#This Row],[Exp CPP]] -> 0
F15: 0 | G15: 0 | H15: =WAGE_J[[#This Row],[Bonus]]+WAGE_J[[#This Row],[Wage]] -> 0 | I15: =WAGE_J[[#This Row],[Gross]]*0.03 -> 0 | J15: =WAGE_J[[#This Row],[Gross]]*0.04 -> 0 | K15: =WAGE_J[[#This Row],[Gross]]*0.15 -> 0 | L15: =WAGE_J[[#This Row],[Gross]]*0.075 -> 0 | N15: =WAGE_J[[#This Row],[Gross]]-WAGE_J[[#This Row],[CPP]]-WAGE_J[[#This Row],[EI]]-WAGE_J[[#This Row],[Tax Fed]]-WAGE_J[[#This Row],[Tax Prov]]-WAGE_J[[#This Row],[Other]] -> 0 | O15: =WAGE_J[[#This Row],[CPP]] -> 0 | P15: =WAGE_J[[#This Row],[EI]]*1.4 -> 0 | Q15: =WAGE_J[[#This Row],[CPP]]+WAGE_J[[#This Row],[EI]]+WAGE_J[[#This Row],[Tax Fed]]+WAGE_J[[#This Row],[Tax Prov]]+WAGE_J[[#This Row],[Exp EI]]+WAGE_J[[#This Row],[Exp CPP]] -> 0
F16: 0 | G16: 0 | H16: =WAGE_J[[#This Row],[Bonus]]+WAGE_J[[#This Row],[Wage]] -> 0 | I16: =WAGE_J[[#This Row],[Gross]]*0.03 -> 0 | J16: =WAGE_J[[#This Row],[Gross]]*0.04 -> 0 | K16: =WAGE_J[[#This Row],[Gross]]*0.15 -> 0 | L16: =WAGE_J[[#This Row],[Gross]]*0.075 -> 0 | N16: =WAGE_J[[#This Row],[Gross]]-WAGE_J[[#This Row],[CPP]]-WAGE_J[[#This Row],[EI]]-WAGE_J[[#This Row],[Tax Fed]]-WAGE_J[[#This Row],[Tax Prov]]-WAGE_J[[#This Row],[Other]] -> 0 | O16: =WAGE_J[[#This Row],[CPP]] -> 0 | P16: =WAGE_J[[#This Row],[EI]]*1.4 -> 0 | Q16: =WAGE_J[[#This Row],[CPP]]+WAGE_J[[#This Row],[EI]]+WAGE_J[[#This Row],[Tax Fed]]+WAGE_J[[#This Row],[Tax Prov]]+WAGE_J[[#This Row],[Exp EI]]+WAGE_J[[#This Row],[Exp CPP]] -> 0

Sheet WJ_SUM
A1: TABLE OF CONTENTS | C1: WAGE SUM JOURNAL
B3: =COA!$B$2 -> ANONYMOUS COMPANY
B4: WAGE SUM JOURNAL
B5: ="TRANSACTION LISTING FOR THE PERIOD ENDED "&UPPER(TEXT(COA!B4,"MMMM DD, YYYY")) -> TRANSACTION LISTING FOR THE PERIOD ENDED DECEMBER 31, 2025
C6: https://apps.cra-arc.gc.ca/ebci/rhpd/beta/entry
B8: Column1 | C8: DATE | D8: Bonus | E8: Wage | F8: Gross | G8: CPP | H8: EI | I8: Tax Fed | J8: Tax Prov | K8: Other | L8: Payroll clearing | M8: Exp CPP | N8: Exp EI | O8: Remittance | P8: Column4 | Q8: Column5 | R8: Wage Cost
B9: month | D9: 2158 Bonus Payable | E9: 5101 Wages | L9: 2160 Payroll Clearing | O9: 2162 Employee deductions | R9: 5102 Wage Costs
B10: 1 | C10: 45322 | D10: =DSUM(WJ!$D$9:$Q$16,3,$B$9:B10)-SUM($D$9:D9) -> 0 | E10: =DSUM(WJ!$D$9:$Q$16,4,$B$9:B10)-SUM($E$9:E9) -> 0 | F10: =DSUM(WJ!$D$9:$Q$16,5,$B$9:B10)-SUM($F$9:F9) -> 0 | G10: =DSUM(WJ!$D$9:$Q$16,6,$B$9:B10)-SUM($G$9:G9) -> 0 | H10: =DSUM(WJ!$D$9:$Q$16,7,$B$9:B10)-SUM($H$9:H9) -> 0 | I10: =DSUM(WJ!$D$9:$Q$16,8,$B$9:B10)-SUM($I$9:I9) -> 0 | J10: =DSUM(WJ!$D$9:$Q$16,9,$B$9:B10)-SUM($J$9:J9) -> 0 | K10: =DSUM(WJ!$D$9:$Q$16,10,$B$9:B10)-SUM($K$9:K9) -> 0 | L10: =DSUM(WJ!$D$9:$Q$16,11,$B$9:B10)-SUM($L$9:L9) -> 0 | M10: =DSUM(WJ!$D$9:$Q$16,12,$B$9:B10)-SUM($M$9:M9) -> 0 | N10: =DSUM(WJ!$D$9:$Q$16,13,$B$9:B10)-SUM($N$9:N9) -> 0 | O10: =DSUM(WJ!$D$9:$Q$16,14,$B$9:B10)-SUM($O$9:O9) -> 0 | R10: =M10+N10 -> 0
B11: 2 | C11: 45350 | D11: =DSUM(WJ!$D$9:$Q$16,3,$B$9:B11)-SUM($D$9:D10) -> 0 | E11: =DSUM(WJ!$D$9:$Q$16,4,$B$9:B11)-SUM($E$9:E10) -> 0 | F11: =DSUM(WJ!$D$9:$Q$16,5,$B$9:B11)-SUM($F$9:F10) -> 0 | G11: =DSUM(WJ!$D$9:$Q$16,6,$B$9:B11)-SUM($G$9:G10) -> 0 | H11: =DSUM(WJ!$D$9:$Q$16,7,$B$9:B11)-SUM($H$9:H10) -> 0 | I11: =DSUM(WJ!$D$9:$Q$16,8,$B$9:B11)-SUM($I$9:I10) -> 0 | J11: =DSUM(WJ!$D$9:$Q$16,9,$B$9:B11)-SUM($J$9:J10) -> 0 | K11: =DSUM(WJ!$D$9:$Q$16,10,$B$9:B11)-SUM($K$9:K10) -> 0 | L11: =DSUM(WJ!$D$9:$Q$16,11,$B$9:B11)-SUM($L$9:L10) -> 0 | M11: =DSUM(WJ!$D$9:$Q$16,12,$B$9:B11)-SUM($M$9:M10) -> 0 | N11: =DSUM(WJ!$D$9:$Q$16,13,$B$9:B11)-SUM($N$9:N10) -> 0 | O11: =DSUM(WJ!$D$9:$Q$16,14,$B$9:B11)-SUM($O$9:O10) -> 0 | R11: =M11+N11 -> 0
B12: 3 | C12: 45382 | D12: =DSUM(WJ!$D$9:$Q$16,3,$B$9:B12)-SUM($D$9:D11) -> 0 | E12: =DSUM(WJ!$D$9:$Q$16,4,$B$9:B12)-SUM($E$9:E11) -> 0 | F12: =DSUM(WJ!$D$9:$Q$16,5,$B$9:B12)-SUM($F$9:F11) -> 0 | G12: =DSUM(WJ!$D$9:$Q$16,6,$B$9:B12)-SUM($G$9:G11) -> 0 | H12: =DSUM(WJ!$D$9:$Q$16,7,$B$9:B12)-SUM($H$9:H11) -> 0 | I12: =DSUM(WJ!$D$9:$Q$16,8,$B$9:B12)-SUM($I$9:I11) -> 0 | J12: =DSUM(WJ!$D$9:$Q$16,9,$B$9:B12)-SUM($J$9:J11) -> 0 | K12: =DSUM(WJ!$D$9:$Q$16,10,$B$9:B12)-SUM($K$9:K11) -> 0 | L12: =DSUM(WJ!$D$9:$Q$16,11,$B$9:B12)-SUM($L$9:L11) -> 0 | M12: =DSUM(WJ!$D$9:$Q$16,12,$B$9:B12)-SUM($M$9:M11) -> 0 | N12: =DSUM(WJ!$D$9:$Q$16,13,$B$9:B12)-SUM($N$9:N11) -> 0 | O12: =DSUM(WJ!$D$9:$Q$16,14,$B$9:B12)-SUM($O$9:O11) -> 0 | R12: =M12+N12 -> 0
B13: 4 | C13: 45412 | D13: =DSUM(WJ!$D$9:$Q$16,3,$B$9:B13)-SUM($D$9:D12) -> 0 | E13: =DSUM(WJ!$D$9:$Q$16,4,$B$9:B13)-SUM($E$9:E12) -> 0 | F13: =DSUM(WJ!$D$9:$Q$16,5,$B$9:B13)-SUM($F$9:F12) -> 0 | G13: =DSUM(WJ!$D$9:$Q$16,6,$B$9:B13)-SUM($G$9:G12) -> 0 | H13: =DSUM(WJ!$D$9:$Q$16,7,$B$9:B13)-SUM($H$9:H12) -> 0 | I13: =DSUM(WJ!$D$9:$Q$16,8,$B$9:B13)-SUM($I$9:I12) -> 0 | J13: =DSUM(WJ!$D$9:$Q$16,9,$B$9:B13)-SUM($J$9:J12) -> 0 | K13: =DSUM(WJ!$D$9:$Q$16,10,$B$9:B13)-SUM($K$9:K12) -> 0 | L13: =DSUM(WJ!$D$9:$Q$16,11,$B$9:B13)-SUM($L$9:L12) -> 0 | M13: =DSUM(WJ!$D$9:$Q$16,12,$B$9:B13)-SUM($M$9:M12) -> 0 | N13: =DSUM(WJ!$D$9:$Q$16,13,$B$9:B13)-SUM($N$9:N12) -> 0 | O13: =DSUM(WJ!$D$9:$Q$16,14,$B$9:B13)-SUM($O$9:O12) -> 0 | R13: =M13+N13 -> 0
B14: 5 | C14: 45442 | D14: =DSUM(WJ!$D$9:$Q$16,3,$B$9:B14)-SUM($D$9:D13) -> 0 | E14: =DSUM(WJ!$D$9:$Q$16,4,$B$9:B14)-SUM($E$9:E13) -> 0 | F14: =DSUM(WJ!$D$9:$Q$16,5,$B$9:B14)-SUM($F$9:F13) -> 0 | G14: =DSUM(WJ!$D$9:$Q$16,6,$B$9:B14)-SUM($G$9:G13) -> 0 | H14: =DSUM(WJ!$D$9:$Q$16,7,$B$9:B14)-SUM($H$9:H13) -> 0 | I14: =DSUM(WJ!$D$9:$Q$16,8,$B$9:B14)-SUM($I$9:I13) -> 0 | J14: =DSUM(WJ!$D$9:$Q$16,9,$B$9:B14)-SUM($J$9:J13) -> 0 | K14: =DSUM(WJ!$D$9:$Q$16,10,$B$9:B14)-SUM($K$9:K13) -> 0 | L14: =DSUM(WJ!$D$9:$Q$16,11,$B$9:B14)-SUM($L$9:L13) -> 0 | M14: =DSUM(WJ!$D$9:$Q$16,12,$B$9:B14)-SUM($M$9:M13) -> 0 | N14: =DSUM(WJ!$D$9:$Q$16,13,$B$9:B14)-SUM($N$9:N13) -> 0 | O14: =DSUM(WJ!$D$9:$Q$16,14,$B$9:B14)-SUM($O$9:O13) -> 0 | R14: =M14+N14 -> 0
B15: 6 | C15: 45473 | D15: =DSUM(WJ!$D$9:$Q$16,3,$B$9:B15)-SUM($D$9:D14) -> 0 | E15: =DSUM(WJ!$D$9:$Q$16,4,$B$9:B15)-SUM($E$9:E14) -> 0 | F15: =DSUM(WJ!$D$9:$Q$16,5,$B$9:B15)-SUM($F$9:F14) -> 0 | G15: =DSUM(WJ!$D$9:$Q$16,6,$B$9:B15)-SUM($G$9:G14) -> 0 | H15: =DSUM(WJ!$D$9:$Q$16,7,$B$9:B15)-SUM($H$9:H14) -> 0 | I15: =DSUM(WJ!$D$9:$Q$16,8,$B$9:B15)-SUM($I$9:I14) -> 0 | J15: =DSUM(WJ!$D$9:$Q$16,9,$B$9:B15)-SUM($J$9:J14) -> 0 | K15: =DSUM(WJ!$D$9:$Q$16,10,$B$9:B15)-SUM($K$9:K14) -> 0 | L15: =DSUM(WJ!$D$9:$Q$16,11,$B$9:B15)-SUM($L$9:L14) -> 0 | M15: =DSUM(WJ!$D$9:$Q$16,12,$B$9:B15)-SUM($M$9:M14) -> 0 | N15: =DSUM(WJ!$D$9:$Q$16,13,$B$9:B15)-SUM($N$9:N14) -> 0 | O15: =DSUM(WJ!$D$9:$Q$16,14,$B$9:B15)-SUM($O$9:O14) -> 0 | R15: =M15+N15 -> 0
B16: 7 | C16: 45504 | D16: =DSUM(WJ!$D$9:$Q$16,3,$B$9:B16)-SUM($D$9:D15) -> 0 | E16: =DSUM(WJ!$D$9:$Q$16,4,$B$9:B16)-SUM($E$9:E15) -> 0 | F16: =DSUM(WJ!$D$9:$Q$16,5,$B$9:B16)-SUM($F$9:F15) -> 0 | G16: =DSUM(WJ!$D$9:$Q$16,6,$B$9:B16)-SUM($G$9:G15) -> 0 | H16: =DSUM(WJ!$D$9:$Q$16,7,$B$9:B16)-SUM($H$9:H15) -> 0 | I16: =DSUM(WJ!$D$9:$Q$16,8,$B$9:B16)-SUM($I$9:I15) -> 0 | J16: =DSUM(WJ!$D$9:$Q$16,9,$B$9:B16)-SUM($J$9:J15) -> 0 | K16: =DSUM(WJ!$D$9:$Q$16,10,$B$9:B16)-SUM($K$9:K15) -> 0 | L16: =DSUM(WJ!$D$9:$Q$16,11,$B$9:B16)-SUM($L$9:L15) -> 0 | M16: =DSUM(WJ!$D$9:$Q$16,12,$B$9:B16)-SUM($M$9:M15) -> 0 | N16: =DSUM(WJ!$D$9:$Q$16,13,$B$9:B16)-SUM($N$9:N15) -> 0 | O16: =DSUM(WJ!$D$9:$Q$16,14,$B$9:B16)-SUM($O$9:O15) -> 0 | R16: =M16+N16 -> 0
B17: 8 | C17: 45535 | D17: =DSUM(WJ!$D$9:$Q$16,3,$B$9:B17)-SUM($D$9:D16) -> 2000 | E17: =DSUM(WJ!$D$9:$Q$16,4,$B$9:B17)-SUM($E$9:E16) -> 5000 | F17: =DSUM(WJ!$D$9:$Q$16,5,$B$9:B17)-SUM($F$9:F16) -> 7000 | G17: =DSUM(WJ!$D$9:$Q$16,6,$B$9:B17)-SUM($G$9:G16) -> 210 | H17: =DSUM(WJ!$D$9:$Q$16,7,$B$9:B17)-SUM($H$9:H16) -> 280 | I17: =DSUM(WJ!$D$9:$Q$16,8,$B$9:B17)-SUM($I$9:I16) -> 1050 | J17: =DSUM(WJ!$D$9:$Q$16,9,$B$9:B17)-SUM($J$9:J16) -> 525 | K17: =DSUM(WJ!$D$9:$Q$16,10,$B$9:B17)-SUM($K$9:K16) -> 20 | L17: =DSUM(WJ!$D$9:$Q$16,11,$B$9:B17)-SUM($L$9:L16) -> 4915 | M17: =DSUM(WJ!$D$9:$Q$16,12,$B$9:B17)-SUM($M$9:M16) -> 210 | N17: =DSUM(WJ!$D$9:$Q$16,13,$B$9:B17)-SUM($N$9:N16) -> 392 | O17: =DSUM(WJ!$D$9:$Q$16,14,$B$9:B17)-SUM($O$9:O16) -> 2667 | R17: =M17+N17 -> 602
B18: 9 | C18: 45565 | D18: =DSUM(WJ!$D$9:$Q$16,3,$B$9:B18)-SUM($D$9:D17) -> 0 | E18: =DSUM(WJ!$D$9:$Q$16,4,$B$9:B18)-SUM($E$9:E17) -> 0 | F18: =DSUM(WJ!$D$9:$Q$16,5,$B$9:B18)-SUM($F$9:F17) -> 0 | G18: =DSUM(WJ!$D$9:$Q$16,6,$B$9:B18)-SUM($G$9:G17) -> 0 | H18: =DSUM(WJ!$D$9:$Q$16,7,$B$9:B18)-SUM($H$9:H17) -> 0 | I18: =DSUM(WJ!$D$9:$Q$16,8,$B$9:B18)-SUM($I$9:I17) -> 0 | J18: =DSUM(WJ!$D$9:$Q$16,9,$B$9:B18)-SUM($J$9:J17) -> 0 | K18: =DSUM(WJ!$D$9:$Q$16,10,$B$9:B18)-SUM($K$9:K17) -> 0 | L18: =DSUM(WJ!$D$9:$Q$16,11,$B$9:B18)-SUM($L$9:L17) -> 0 | M18: =DSUM(WJ!$D$9:$Q$16,12,$B$9:B18)-SUM($M$9:M17) -> 0 | N18: =DSUM(WJ!$D$9:$Q$16,13,$B$9:B18)-SUM($N$9:N17) -> 0 | O18: =DSUM(WJ!$D$9:$Q$16,14,$B$9:B18)-SUM($O$9:O17) -> 0 | R18: =M18+N18 -> 0
B19: 10 | C19: 45596 | D19: =DSUM(WJ!$D$9:$Q$16,3,$B$9:B19)-SUM($D$9:D18) -> 0 | E19: =DSUM(WJ!$D$9:$Q$16,4,$B$9:B19)-SUM($E$9:E18) -> 0 | F19: =DSUM(WJ!$D$9:$Q$16,5,$B$9:B19)-SUM($F$9:F18) -> 0 | G19: =DSUM(WJ!$D$9:$Q$16,6,$B$9:B19)-SUM($G$9:G18) -> 0 | H19: =DSUM(WJ!$D$9:$Q$16,7,$B$9:B19)-SUM($H$9:H18) -> 0 | I19: =DSUM(WJ!$D$9:$Q$16,8,$B$9:B19)-SUM($I$9:I18) -> 0 | J19: =DSUM(WJ!$D$9:$Q$16,9,$B$9:B19)-SUM($J$9:J18) -> 0 | K19: =DSUM(WJ!$D$9:$Q$16,10,$B$9:B19)-SUM($K$9:K18) -> 0 | L19: =DSUM(WJ!$D$9:$Q$16,11,$B$9:B19)-SUM($L$9:L18) -> 0 | M19: =DSUM(WJ!$D$9:$Q$16,12,$B$9:B19)-SUM($M$9:M18) -> 0 | N19: =DSUM(WJ!$D$9:$Q$16,13,$B$9:B19)-SUM($N$9:N18) -> 0 | O19: =DSUM(WJ!$D$9:$Q$16,14,$B$9:B19)-SUM($O$9:O18) -> 0 | R19: =M19+N19 -> 0
B20: 11 | C20: 45626 | D20: =DSUM(WJ!$D$9:$Q$16,3,$B$9:B20)-SUM($D$9:D19) -> 0 | E20: =DSUM(WJ!$D$9:$Q$16,4,$B$9:B20)-SUM($E$9:E19) -> 0 | F20: =DSUM(WJ!$D$9:$Q$16,5,$B$9:B20)-SUM($F$9:F19) -> 0 | G20: =DSUM(WJ!$D$9:$Q$16,6,$B$9:B20)-SUM($G$9:G19) -> 0 | H20: =DSUM(WJ!$D$9:$Q$16,7,$B$9:B20)-SUM($H$9:H19) -> 0 | I20: =DSUM(WJ!$D$9:$Q$16,8,$B$9:B20)-SUM($I$9:I19) -> 0 | J20: =DSUM(WJ!$D$9:$Q$16,9,$B$9:B20)-SUM($J$9:J19) -> 0 | K20: =DSUM(WJ!$D$9:$Q$16,10,$B$9:B20)-SUM($K$9:K19) -> 0 | L20: =DSUM(WJ!$D$9:$Q$16,11,$B$9:B20)-SUM($L$9:L19) -> 0 | M20: =DSUM(WJ!$D$9:$Q$16,12,$B$9:B20)-SUM($M$9:M19) -> 0 | N20: =DSUM(WJ!$D$9:$Q$16,13,$B$9:B20)-SUM($N$9:N19) -> 0 | O20: =DSUM(WJ!$D$9:$Q$16,14,$B$9:B20)-SUM($O$9:O19) -> 0 | R20: =M20+N20 -> 0
B21: 12 | C21: 45627 | D21: =DSUM(WJ!$D$9:$Q$16,3,$B$9:B21)-SUM($D$9:D20) -> 0 | E21: =DSUM(WJ!$D$9:$Q$16,4,$B$9:B21)-SUM($E$9:E20) -> 0 | F21: =DSUM(WJ!$D$9:$Q$16,5,$B$9:B21)-SUM($F$9:F20) -> 0 | G21: =DSUM(WJ!$D$9:$Q$16,6,$B$9:B21)-SUM($G$9:G20) -> 0 | H21: =DSUM(WJ!$D$9:$Q$16,7,$B$9:B21)-SUM($H$9:H20) -> 0 | I21: =DSUM(WJ!$D$9:$Q$16,8,$B$9:B21)-SUM($I$9:I20) -> 0 | J21: =DSUM(WJ!$D$9:$Q$16,9,$B$9:B21)-SUM($J$9:J20) -> 0 | K21: =DSUM(WJ!$D$9:$Q$16,10,$B$9:B21)-SUM($K$9:K20) -> 0 | L21: =DSUM(WJ!$D$9:$Q$16,11,$B$9:B21)-SUM($L$9:L20) -> 0 | M21: =DSUM(WJ!$D$9:$Q$16,12,$B$9:B21)-SUM($M$9:M20) -> 0 | N21: =DSUM(WJ!$D$9:$Q$16,13,$B$9:B21)-SUM($N$9:N20) -> 0 | O21: =DSUM(WJ!$D$9:$Q$16,14,$B$9:B21)-SUM($O$9:O20) -> 0 | R21: =M21+N21 -> 0
D23: =SUM(D10:D22) -> 2000 | E23: =SUM(E10:E22) -> 5000 | F23: =SUM(F10:F22) -> 7000 | G23: =SUM(G10:G22) -> 210 | H23: =SUM(H10:H22) -> 280 | I23: =SUM(I10:I22) -> 1050 | J23: =SUM(J10:J22) -> 525 | K23: =SUM(K10:K22) -> 20 | ... O23: =SUM(O10:O22) -> 2667 | R23: =SUM(R10:R22) -> 602
E29: Month | F29: DATE | G29: REF | H29: SOURCE | I29: PARTICULARS | J29: ACCOUNT | K29: AMOUNT
F30: =COA!$B$4 -> 46022 | G30: 2025 | H30: WJ | I30: =$D$8 -> Bonus | J30: 6175 Executive salaries | K30: =D23 -> 2000
F31: =COA!$B$4 -> 46022 | G31: 2025 | H31: WJ | I31: =$E$8 -> Wage | J31: 6175 Executive salaries | K31: =E23 -> 5000
F32: =COA!$B$4 -> 46022 | G32: 2025 | H32: WJ | I32: =$R$8 -> Wage Cost | J32: 6186 Admin Wage costs | K32: =R23 -> 602
F33: =COA!$B$4 -> 46022 | G33: 2025 | H33: WJ | I33: Other | J33: 2161 Union dues payable | K33: =K23*-1 -> -20
F34: =COA!$B$4 -> 46022 | G34: 2025 | H34: WJ | I34: =$O$8 -> Remittance | J34: 2162 Payroll Liabilities | K34: =O23*-1 -> -2667
F35: =COA!$B$4 -> 46022 | G35: 2025 | H35: WJ | I35: =$L$9 -> 2160 Payroll Clearing | J35: 2160 Payroll Clearing | K35: =L23*-1 -> -4915
K36: =SUBTOTAL(109,K30:K35) -> 0

Sheet CD
A1: TABLE OF CONTENTS | C1: CHEQUE DISBURSEMENTS JOURNALS | AZ1: =COUNT(M:M,"<>0") -> 0
B2: =COA!$B$2 -> ANONYMOUS COMPANY
B3: Cheque Disbursements
B4: ="FOR THE PERIOD ENDED "&UPPER(TEXT(COA!B4,"MMMM DD, YYYY")) -> FOR THE PERIOD ENDED DECEMBER 31, 2025 | N4: PROOF | P4: =SUM(P7:P41) -> -4.5474735e-13
B6: VENDOR | C6: OS CK Ref | D6: DATE | E6: INVOICE NO | F6: REF | G6: ITEM COUNT | H6: LINE NO | I6: SOURCE | J6: PARTICULARS | K6: HST Code | L6: CHEQUE AMOUNT | M6: CLEARED | N6: ACCOUNT | O6: HST Amount | P6: AMOUNT | Q6: AP
C7: =IF(O7=0,0,(IF((P7="C"),0,(MAX($C$6:C6)+1)))) -> 0 | D7: 221338 | F7: 251299 | I7: CD | J7: Total ITC | N7: 2210 ITC | P7: =SUM($O$10:O41) -> 0
C8: =IF(O8=0,0,(IF((P8="C"),0,(MAX($C$6:C6)+1)))) -> 0 | D8: 221338 | F8: 251299 | I8: CD | J8: Total Cheques | N8: 1102 General Bank Account | P8: =SUM($L$10:L41) -> -26288.18
C9: =IF(L9=0,0,(IF((M9="C"),0,(MAX($C$6:C7)+1)))) -> 0 | G9: =COUNTIF($F$6:F40,F9)+COUNTIF(($F$6:F40),F9=F9) -> 1 | H9: =CONCATENATE(F9,"-",G9) -> -1 | I9: CD | J9: =B9 | L9: 0 | O9: =IF(K9="Y",((L9/1.15)*-0.15),0) -> 0 | P9: =(L9+O9)*-1 -> 0 | Q9: =IF(N9="2150 Accounts Payable",L9*-1,0) -> 0
B10: L-1000 Level One Bank | C10: =IF(L10=0,0,(IF((M10="C"),0,(MAX($C$6:C8)+1)))) -> 0 | D10: 45678 | F10: 250501 | G10: =COUNTIF($F$6:F41,F10)+COUNTIF(($F$6:F41),F10=F10) -> 1 | H10: =CONCATENATE(F10,"-",G10) -> 250501-1 | I10: CD | J10: =B10 -> L-1000 Level One Bank | L10: -451.89 | M10: C | N10: 6230 Interest Long Term Debt | O10: =IF(K10="Y",((L10/1.15)*-0.15),0) -> 0 | P10: =(L10+O10)*-1 -> 451.89 | Q10: =IF(N10="2150 Accounts Payable",L10*-1,0) -> 0
B11: E-1000 Eastern Market Wholesale | C11: =IF(L11=0,0,(IF((M11="C"),0,(MAX($C$6:C10)+1)))) -> 0 | D11: 45682 | E11: 122 | F11: =F10+1 -> 250502 | G11: =COUNTIF($F$6:F42,F11)+COUNTIF(($F$6:F42),F11=F11) -> 1 | H11: =CONCATENATE(F11,"-",G11) -> 250502-1 | I11: CD | J11: =B11 -> E-1000 Eastern Market Wholesale | L11: -791.52 | M11: C | N11: 2150 Accounts payable | O11: =IF(K11="Y",((L11/1.15)*-0.15),0) -> 0 | P11: =(L11+O11)*-1 -> 791.52 | Q11: =IF(N11="2150 Accounts Payable",L11*-1,0) -> 791.52
B12: G-1002 Great Lakes Gas | C12: =IF(L12=0,0,(IF((M12="C"),0,(MAX($C$6:C11)+1)))) -> 0 | D12: 45670 | F12: =F11+1 -> 250503 | G12: =COUNTIF($F$6:F43,F12)+COUNTIF(($F$6:F43),F12=F12) -> 1 | H12: =CONCATENATE(F12,"-",G12) -> 250503-1 | I12: CD | J12: =B12 -> G-1002 Great Lakes Gas | L12: -810 | M12: C | N12: 6430 Light and heat | O12: =IF(K12="Y",((L12/1.15)*-0.15),0) -> 0 | P12: =(L12+O12)*-1 -> 810 | Q12: =IF(N12="2150 Accounts Payable",L12*-1,0) -> 0
B13: K-2000 KEYSTONE PROPERTIES INC. | C13: =IF(L13=0,0,(IF((M13="C"),0,(MAX($C$6:C12)+1)))) -> 0 | D13: 45702 | F13: =F12+1 -> 250504 | G13: =COUNTIF($F$6:F44,F13)+COUNTIF(($F$6:F44),F13=F13) -> 1 | H13: =CONCATENATE(F13,"-",G13) -> 250504-1 | I13: CD | J13: =B13 -> K-2000 KEYSTONE PROPERTIES INC. | L13: -810 | M13: C | N13: 6410 Rent | O13: =IF(K13="Y",((L13/1.15)*-0.15),0) -> 0 | P13: =(L13+O13)*-1 -> 810 | Q13: =IF(N13="2150 Accounts Payable",L13*-1,0) -> 0
B14: R-1099 Rock Security | C14: =IF(L14=0,0,(IF((M14="C"),0,(MAX($C$6:C13)+1)))) -> 0 | D14: 45688 | E14: 123 | F14: =F13+1 -> 250505 | G14: =COUNTIF($F$6:F45,F14)+COUNTIF(($F$6:F45),F14=F14) -> 1 | H14: =CONCATENATE(F14,"-",G14) -> 250505-1 | I14: CD | J14: =B14 -> R-1099 Rock Security | L14: -541 | M14: C | N14: 2150 Accounts payable | O14: =IF(K14="Y",((L14/1.15)*-0.15),0) -> 0 | P14: =(L14+O14)*-1 -> 541 | Q14: =IF(N14="2150 Accounts Payable",L14*-1,0) -> 541
B15: M-1000 Motor City Beverage Company | C15: =IF(L15=0,0,(IF((M15="C"),0,(MAX($C$6:C14)+1)))) -> 1 | D15: 45744 | E15: 121 | F15: =F14+1 -> 250506 | G15: =COUNTIF($F$6:F46,F15)+COUNTIF(($F$6:F46),F15=F15) -> 1 | H15: =CONCATENATE(F15,"-",G15) -> 250506-1 | I15: CD | J15: =B15 -> M-1000 Motor City Beverage Company | L15: -15180 | N15: 2150 Accounts payable | O15: =IF(K15="Y",((L15/1.15)*-0.15),0) -> 0 | P15: =(L15+O15)*-1 -> 15180 | Q15: =IF(N15="2150 Accounts Payable",L15*-1,0) -> 15180
B16: S-1000 Sysco | C16: =IF(L16=0,0,(IF((M16="C"),0,(MAX($C$6:C15)+1)))) -> 2 | D16: 45896 | E16: 78291 | F16: =F15+1 -> 250507 | G16: =COUNTIF($F$6:F16,F16)+COUNTIF(($F$6:F16),F16=F16) -> 1 | H16: =CONCATENATE(F16,"-",G16) -> 250507-1 | I16: CD | J16: =B16 -> S-1000 Sysco | L16: -2850.75 | N16: 5500 Cost of Sales | O16: =IF(K16="Y",((L16/1.15)*-0.15),0) -> 0 | P16: =(L16+O16)*-1 -> 2850.75 | Q16: =IF(N16="2150 Accounts Payable",L16*-1,0) -> 0
B17: S-1000 Sysco | C17: =IF(L17=0,0,(IF((M17="C"),0,(MAX($C$6:C16)+1)))) -> 3 | D17: 45896 | E17: 78536 | F17: 250507 | G17: =COUNTIF($F$6:F17,F17)+COUNTIF(($F$6:F17),F17=F17) -> 2 | H17: =CONCATENATE(F17,"-",G17) -> 250507-2 | I17: CD | J17: =B17 -> S-1000 Sysco | L17: -3275.42 | N17: 5500 Cost of Sales | O17: =IF(K17="Y",((L17/1.15)*-0.15),0) -> 0 | P17: =(L17+O17)*-1 -> 3275.42 | Q17: =IF(N17="2150 Accounts Payable",L17*-1,0) -> 0
B18: S-1000 Sysco | C18: =IF(L18=0,0,(IF((M18="C"),0,(MAX($C$6:C17)+1)))) -> 4 | D18: 45896 | E18: 77342 | F18: 250507 | G18: =COUNTIF($F$6:F18,F18)+COUNTIF(($F$6:F18),F18=F18) -> 3 | H18: =CONCATENATE(F18,"-",G18) -> 250507-3 | I18: CD | J18: =B18 -> S-1000 Sysco | L18: 157.4 | N18: 5500 Cost of Sales | O18: =IF(K18="Y",((L18/1.15)*-0.15),0) -> 0 | P18: =(L18+O18)*-1 -> -157.4 | Q18: =IF(N18="2150 Accounts Payable",L18*-1,0) -> 0
B19: M-1000 Mastercard | C19: =IF(L19=0,0,(IF((M19="C"),0,(MAX($C$6:C18)+1)))) -> 5 | D19: 45913 | E19: 54589 | F19: =F18+1 -> 250508 | G19: =COUNTIF($F$6:F19,F19)+COUNTIF(($F$6:F19),F19=F19) -> 1 | H19: =CONCATENATE(F19,"-",G19) -> 250508-1 | I19: CD | J19: =B19 -> M-1000 Mastercard | L19: -115 | N19: 4912 Freight\Courier | O19: =IF(K19="Y",((L19/1.15)*-0.15),0) -> 0 | P19: =(L19+O19)*-1 -> 115 | Q19: =IF(N19="2150 Accounts Payable",L19*-1,0) -> 0
B20: E-1000 EZ Ledgers Inc. | C20: =IF(L20=0,0,(IF((M20="C"),0,(MAX($C$6:C19)+1)))) -> 6 | D20: 45913 | E20: 257128 | F20: =F19+1 -> 250509 | G20: =COUNTIF($F$6:F20,F20)+COUNTIF(($F$6:F20),F20=F20) -> 1 | H20: =CONCATENATE(F20,"-",G20) -> 250509-1 | I20: CD | J20: =B20 -> E-1000 EZ Ledgers Inc. | L20: -1620 | N20: 6510 Professional fees | O20: =IF(K20="Y",((L20/1.15)*-0.15),0) -> 0 | P20: =(L20+O20)*-1 -> 1620 | Q20: =IF(N20="2150 Accounts Payable",L20*-1,0) -> 0
C21: =IF(L21=0,0,(IF((M21="C"),0,(MAX($C$6:C20)+1)))) -> 0 | F21: =F20+1 -> 250510 | G21: =COUNTIF($F$6:F21,F21)+COUNTIF(($F$6:F21),F21=F21) -> 1 | H21: =CONCATENATE(F21,"-",G21) -> 250510-1 | I21: CD | J21: =B21 | L21: 0 | O21: =IF(K21="Y",((L21/1.15)*-0.15),0) -> 0 | P21: =(L21+O21)*-1 -> 0 | Q21: =IF(N21="2150 Accounts Payable",L21*-1,0) -> 0
C22: =IF(L22=0,0,(IF((M22="C"),0,(MAX($C$6:C21)+1)))) -> 0 | F22: =F21+1 -> 250511 | G22: =COUNTIF($F$6:F22,F22)+COUNTIF(($F$6:F22),F22=F22) -> 1 | H22: =CONCATENATE(F22,"-",G22) -> 250511-1 | I22: CD | J22: =B22 | L22: 0 | O22: =IF(K22="Y",((L22/1.15)*-0.15),0) -> 0 | P22: =(L22+O22)*-1 -> 0 | Q22: =IF(N22="2150 Accounts Payable",L22*-1,0) -> 0
C23: =IF(L23=0,0,(IF((M23="C"),0,(MAX($C$6:C22)+1)))) -> 0 | F23: =F22+1 -> 250512 | G23: =COUNTIF($F$6:F23,F23)+COUNTIF(($F$6:F23),F23=F23) -> 1 | H23: =CONCATENATE(F23,"-",G23) -> 250512-1 | I23: CD | J23: =B23 | L23: 0 | O23: =IF(K23="Y",((L23/1.15)*-0.15),0) -> 0 | P23: =(L23+O23)*-1 -> 0 | Q23: =IF(N23="2150 Accounts Payable",L23*-1,0) -> 0
C24: =IF(L24=0,0,(IF((M24="C"),0,(MAX($C$6:C23)+1)))) -> 0 | F24: =F23+1 -> 250513 | G24: =COUNTIF($F$6:F24,F24)+COUNTIF(($F$6:F24),F24=F24) -> 1 | H24: =CONCATENATE(F24,"-",G24) -> 250513-1 | I24: CD | J24: =B24 | L24: 0 | O24: =IF(K24="Y",((L24/1.15)*-0.15),0) -> 0 | P24: =(L24+O24)*-1 -> 0 | Q24: =IF(N24="2150 Accounts Payable",L24*-1,0) -> 0
C25: =IF(L25=0,0,(IF((M25="C"),0,(MAX($C$6:C24)+1)))) -> 0 | F25: =F24+1 -> 250514 | G25: =COUNTIF($F$6:F25,F25)+COUNTIF(($F$6:F25),F25=F25) -> 1 | H25: =CONCATENATE(F25,"-",G25) -> 250514-1 | I25: CD | J25: =B25 | L25: 0 | O25: =IF(K25="Y",((L25/1.15)*-0.15),0) -> 0 | P25: =(L25+O25)*-1 -> 0 | Q25: =IF(N25="2150 Accounts Payable",L25*-1,0) -> 0
C26: =IF(L26=0,0,(IF((M26="C"),0,(MAX($C$6:C25)+1)))) -> 0 | F26: =F25+1 -> 250515 | G26: =COUNTIF($F$6:F26,F26)+COUNTIF(($F$6:F26),F26=F26) -> 1 | H26: =CONCATENATE(F26,"-",G26) -> 250515-1 | I26: CD | J26: =B26 | L26: 0 | O26: =IF(K26="Y",((L26/1.15)*-0.15),0) -> 0 | P26: =(L26+O26)*-1 -> 0 | Q26: =IF(N26="2150 Accounts Payable",L26*-1,0) -> 0
C27: =IF(L27=0,0,(IF((M27="C"),0,(MAX($C$6:C26)+1)))) -> 0 | F27: =F26+1 -> 250516 | G27: =COUNTIF($F$6:F27,F27)+COUNTIF(($F$6:F27),F27=F27) -> 1 | H27: =CONCATENATE(F27,"-",G27) -> 250516-1 | I27: CD | J27: =B27 | L27: 0 | O27: =IF(K27="Y",((L27/1.15)*-0.15),0) -> 0 | P27: =(L27+O27)*-1 -> 0 | Q27: =IF(N27="2150 Accounts Payable",L27*-1,0) -> 0
C28: =IF(L28=0,0,(IF((M28="C"),0,(MAX($C$6:C27)+1)))) -> 0 | F28: =F27+1 -> 250517 | G28: =COUNTIF($F$6:F28,F28)+COUNTIF(($F$6:F28),F28=F28) -> 1 | H28: =CONCATENATE(F28,"-",G28) -> 250517-1 | I28: CD | J28: =B28 | L28: 0 | O28: =IF(K28="Y",((L28/1.15)*-0.15),0) -> 0 | P28: =(L28+O28)*-1 -> 0 | Q28: =IF(N28="2150 Accounts Payable",L28*-1,0) -> 0
C29: =IF(L29=0,0,(IF((M29="C"),0,(MAX($C$6:C28)+1)))) -> 0 | F29: =F28+1 -> 250518 | G29: =COUNTIF($F$6:F29,F29)+COUNTIF(($F$6:F29),F29=F29) -> 1 | H29: =CONCATENATE(F29,"-",G29) -> 250518-1 | I29: CD | J29: =B29 | L29: 0 | O29: =IF(K29="Y",((L29/1.15)*-0.15),0) -> 0 | P29: =(L29+O29)*-1 -> 0 | Q29: =IF(N29="2150 Accounts Payable",L29*-1,0) -> 0
C30: =IF(L30=0,0,(IF((M30="C"),0,(MAX($C$6:C29)+1)))) -> 0 | F30: =F29+1 -> 250519 | G30: =COUNTIF($F$6:F30,F30)+COUNTIF(($F$6:F30),F30=F30) -> 1 | H30: =CONCATENATE(F30,"-",G30) -> 250519-1 | I30: CD | J30: =B30 | L30: 0 | O30: =IF(K30="Y",((L30/1.15)*-0.15),0) -> 0 | P30: =(L30+O30)*-1 -> 0 | Q30: =IF(N30="2150 Accounts Payable",L30*-1,0) -> 0
C31: =IF(L31=0,0,(IF((M31="C"),0,(MAX($C$6:C30)+1)))) -> 0 | F31: =F30+1 -> 250520 | G31: =COUNTIF($F$6:F31,F31)+COUNTIF(($F$6:F31),F31=F31) -> 1 | H31: =CONCATENATE(F31,"-",G31) -> 250520-1 | I31: CD | J31: =B31 | L31: 0 | O31: =IF(K31="Y",((L31/1.15)*-0.15),0) -> 0 | P31: =(L31+O31)*-1 -> 0 | Q31: =IF(N31="2150 Accounts Payable",L31*-1,0) -> 0
C32: =IF(L32=0,0,(IF((M32="C"),0,(MAX($C$6:C31)+1)))) -> 0 | F32: =F31+1 -> 250521 | G32: =COUNTIF($F$6:F32,F32)+COUNTIF(($F$6:F32),F32=F32) -> 1 | H32: =CONCATENATE(F32,"-",G32) -> 250521-1 | I32: CD | J32: =B32 | L32: 0 | O32: =IF(K32="Y",((L32/1.15)*-0.15),0) -> 0 | P32: =(L32+O32)*-1 -> 0 | Q32: =IF(N32="2150 Accounts Payable",L32*-1,0) -> 0
... C40: =IF(L40=0,0,(IF((M40="C"),0,(MAX($C$6:C39)+1)))) -> 0 | F40: =F39+1 -> 250529 | G40: =COUNTIF($F$6:F40,F40)+COUNTIF(($F$6:F40),F40=F40) -> 1 | H40: =CONCATENATE(F40,"-",G40) -> 250529-1 | I40: CD | J40: =B40 | L40: 0 | O40: =IF(K40="Y",((L40/1.15)*-0.15),0) -> 0 | P40: =(L40+O40)*-1 -> 0 | Q40: =IF(N40="2150 Accounts Payable",L40*-1,0) -> 0
B41: TEMPLATE ROW | C41: =IF(L41=0,0,(IF((M41="C"),0,(MAX($C$6:C40)+1)))) -> 0 | G41: =COUNTIF($F$6:F41,F41)+COUNTIF(($F$6:F41),F41=F41) -> 0 | H41: =CONCATENATE(F41,"-",G41) -> -0 | I41: CD | J41: =B41 -> TEMPLATE ROW | O41: =IF(K41="Y",((L41/1.15)*-0.15),0) -> 0 | P41: =(L41+O41)*-1 -> 0 | Q41: =IF(N41="2150 Accounts Payable",L41*-1,0) -> 0

Sheet SJ
A1: TABLE OF CONTENTS | C1: SALES JOURNAL | BF1: =COUNT(J:J,"<>0") -> 6
C2: =COA!$B$2 -> ANONYMOUS COMPANY
C3: Invoice listing
C4: ="FOR THE PERIOD ENDED "&UPPER(TEXT(COA!B4,"MMMM DD, YYYY")) -> FOR THE PERIOD ENDED DECEMBER 31, 2025 | M4: PROOF | N4: =SUM(N6:N35) -> 0
C5: REF | D5: SOURCE | E5: CUSTOMER # | F5: PARTICULARS | G5: DATE | H5: INVOICE DETAIL | I5: H S T CODE | J5: FEES | K5: HST | L5: TOTAL | M5: ACCOUNT | N5: AMOUNT | O5: PYMT | P5: BALANCE | Q5: KM
C6: 2506199 | D6: SJ | F6: Total Sales | G6: 221338 | J6: =SUM(J9:J35) -> 20725 | K6: =SUM(K9:K35) -> 3108.75 | L6: =SUM(L9:L35) -> 23833.75 | M6: 1140 Accounts Receivable | N6: =SUM(L9:L35) -> 23833.75 | P6: =SUM(P9:P34) -> 8572.5
C7: 25016199 | D7: SJ | F7: Total ITC | G7: 221338 | M7: 2210 ITC | N7: =SUM(K9:K35)*-1 -> -3108.75
A8: =IF((P8>0.01),(MAX($A$4:A7)+1),0) -> 0 | F8: =MID(E8,8,45) | I8: Y | J8: 0 | K8: =IF(DE_SJ[[#This Row],[H S T CODE]]="Y",DE_SJ[[#This Row],[FEES]]*0.15,0) -> 0 | L8: =DE_SJ[[#This Row],[FEES]]+DE_SJ[[#This Row],[HST]] -> 0 | M8: 4010 Sales | N8: =DE_SJ[[#This Row],[FEES]]*-1 -> 0 | O8: =SUMIFS(CR!H:H,CR!C:C, C8) -> 0 | P8: =L8-O8 -> 0
A9: =IF((P9>0.01),(MAX($A$4:A8)+1),0) -> 0 | C9: SJ-251181 | D9: SJ | E9: K-1000 KEITH'S WINE BAR | F9: =MID(E9,8,45) -> KEITH'S WINE BAR | G9: 45664 | H9: Bookkeeping and accounting services for the six months ended December 31, 2024 | I9: Y | J9: 3000 | K9: =IF(DE_SJ[[#This Row],[H S T CODE]]="Y",DE_SJ[[#This Row],[FEES]]*0.15,0) -> 450 | L9: =DE_SJ[[#This Row],[FEES]]+DE_SJ[[#This Row],[HST]] -> 3450 | M9: 4010 Sales | N9: =DE_SJ[[#This Row],[FEES]]*-1 -> -3000 | O9: =SUMIFS(CR!G:G,CR!B:B, C9) -> 3450 | P9: =L9-O9 -> 0
A10: =IF((P10>0.01),(MAX($A$4:A9)+1),0) -> 0 | C10: =LEFT(C9, 3) & TEXT(VALUE(RIGHT(C9, 6)) + 1, "000") -> SJ-251182 | D10: SJ | E10: C-1000 COTTAGES FOR RENT | F10: =MID(E10,8,45) -> COTTAGES FOR RENT | G10: 45706 | H10: To preliminary work for the Year Ended December 31, 2024, and preparation and filing of the company's T4's for the year than ended. | I10: Y | J10: 1575 | K10: =IF(DE_SJ[[#This Row],[H S T CODE]]="Y",DE_SJ[[#This Row],[FEES]]*0.15,0) -> 236.25 | L10: =DE_SJ[[#This Row],[FEES]]+DE_SJ[[#This Row],[HST]] -> 1811.25 | M10: 4010 Sales | N10: =DE_SJ[[#This Row],[FEES]]*-1 -> -1575 | O10: =SUMIFS(CR!G:G,CR!B:B, C10) -> 1811.25 | P10: =L10-O10 -> 0
A11: =IF((P11>0.01),(MAX($A$4:A10)+1),0) -> 1 | C11: =LEFT(C10, 3) & TEXT(VALUE(RIGHT(C10, 6)) + 1, "000") -> SJ-251183 | D11: SJ | E11: B-1000 BIG BAD WOLF INC | F11: =MID(E11,8,45) -> BIG BAD WOLF INC | G11: 45777 | H11: Description of Services: For the years ended October 31, 2022, October 31, 2023 and October 31, 2024 1. Set up and preparation of books of original entry from incomplete records: With reference to bank statements and deposits With input from management 2. Set up of company's general ledger and posting the books of original entry, and 3. Compiling Financial Statements for the years than ended | I11: Y | J11: 15000 | K11: =IF(DE_SJ[[#This Row],[H S T CODE]]="Y",DE_SJ[[#This Row],[FEES]]*0.15,0) -> 2250 | L11: =DE_SJ[[#This Row],[FEES]]+DE_SJ[[#This Row],[HST]] -> 17250 | M11: 4010 Sales | N11: =DE_SJ[[#This Row],[FEES]]*-1 -> -15000 | O11: =SUMIFS(CR!G:G,CR!B:B, C11) -> 10000 | P11: =L11-O11 -> 7250
A12: =IF((P12>0.01),(MAX($A$4:A11)+1),0) -> 2 | C12: =LEFT(C11, 3) & TEXT(VALUE(RIGHT(C11, 6)) + 1, "000") -> SJ-251184 | D12: SJ | E12: O-1000 OLEANNA'S LITTLE HELPER INC | F12: =MID(E12,8,45) -> OLEANNA'S LITTLE HELPER INC | G12: 45752 | H12: To preliminary work for the Year Ended December 31, 2024. | I12: Y | J12: 1150 | K12: =IF(DE_SJ[[#This Row],[H S T CODE]]="Y",DE_SJ[[#This Row],[FEES]]*0.15,0) -> 172.5 | L12: =DE_SJ[[#This Row],[FEES]]+DE_SJ[[#This Row],[HST]] -> 1322.5 | M12: 4010 Sales | N12: =DE_SJ[[#This Row],[FEES]]*-1 -> -1150 | O12: =SUMIFS(CR!G:G,CR!B:B, C12) -> 0 | P12: =L12-O12 -> 1322.5
A13: =IF((P13>0.01),(MAX($A$4:A12)+1),0) -> 0 | K13: =IF(DE_SJ[[#This Row],[H S T CODE]]="Y",DE_SJ[[#This Row],[FEES]]*0.15,0) -> 0 | L13: =DE_SJ[[#This Row],[FEES]]+DE_SJ[[#This Row],[HST]] -> 0 | N13: =DE_SJ[[#This Row],[FEES]]*-1 -> 0 | O13: =SUMIFS(CR!G:G,CR!B:B, C13) -> 0 | P13: =L13-O13 -> 0
A14: =IF((P14>0.01),(MAX($A$4:A13)+1),0) -> 0 | K14: =IF(DE_SJ[[#This Row],[H S T CODE]]="Y",DE_SJ[[#This Row],[FEES]]*0.15,0) -> 0 | L14: =DE_SJ[[#This Row],[FEES]]+DE_SJ[[#This Row],[HST]] -> 0 | N14: =DE_SJ[[#This Row],[FEES]]*-1 -> 0 | O14: =SUMIFS(CR!G:G,CR!B:B, C14) -> 0 | P14: =L14-O14 -> 0
A15: =IF((P15>0.01),(MAX($A$4:A14)+1),0) -> 0 | K15: =IF(DE_SJ[[#This Row],[H S T CODE]]="Y",DE_SJ[[#This Row],[FEES]]*0.15,0) -> 0 | L15: =DE_SJ[[#This Row],[FEES]]+DE_SJ[[#This Row],[HST]] -> 0 | N15: =DE_SJ[[#This Row],[FEES]]*-1 -> 0 | O15: =SUMIFS(CR!G:G,CR!B:B, C15) -> 0 | P15: =L15-O15 -> 0
A16: =IF((P16>0.01),(MAX($A$4:A15)+1),0) -> 0 | K16: =IF(DE_SJ[[#This Row],[H S T CODE]]="Y",DE_SJ[[#This Row],[FEES]]*0.15,0) -> 0 | L16: =DE_SJ[[#This Row],[FEES]]+DE_SJ[[#This Row],[HST]] -> 0 | N16: =DE_SJ[[#This Row],[FEES]]*-1 -> 0 | O16: =SUMIFS(CR!G:G,CR!B:B, C16) -> 0 | P16: =L16-O16 -> 0
A17: =IF((P17>0.01),(MAX($A$4:A16)+1),0) -> 0 | K17: =IF(DE_SJ[[#This Row],[H S T CODE]]="Y",DE_SJ[[#This Row],[FEES]]*0.15,0) -> 0 | L17: =DE_SJ[[#This Row],[FEES]]+DE_SJ[[#This Row],[HST]] -> 0 | N17: =DE_SJ[[#This Row],[FEES]]*-1 -> 0 | O17: =SUMIFS(CR!G:G,CR!B:B, C17) -> 0 | P17: =L17-O17 -> 0
A18: =IF((P18>0.01),(MAX($A$4:A17)+1),0) -> 0 | K18: =IF(DE_SJ[[#This Row],[H S T CODE]]="Y",DE_SJ[[#This Row],[FEES]]*0.15,0) -> 0 | L18: =DE_SJ[[#This Row],[FEES]]+DE_SJ[[#This Row],[HST]] -> 0 | N18: =DE_SJ[[#This Row],[FEES]]*-1 -> 0 | O18: =SUMIFS(CR!G:G,CR!B:B, C18) -> 0 | P18: =L18-O18 -> 0
A19: =IF((P19>0.01),(MAX($A$4:A18)+1),0) -> 0 | K19: =IF(DE_SJ[[#This Row],[H S T CODE]]="Y",DE_SJ[[#This Row],[FEES]]*0.15,0) -> 0 | L19: =DE_SJ[[#This Row],[FEES]]+DE_SJ[[#This Row],[HST]] -> 0 | N19: =DE_SJ[[#This Row],[FEES]]*-1 -> 0 | O19: =SUMIFS(CR!G:G,CR!B:B, C19) -> 0 | P19: =L19-O19 -> 0
A20: =IF((P20>0.01),(MAX($A$4:A19)+1),0) -> 0 | K20: =IF(DE_SJ[[#This Row],[H S T CODE]]="Y",DE_SJ[[#This Row],[FEES]]*0.15,0) -> 0 | L20: =DE_SJ[[#This Row],[FEES]]+DE_SJ[[#This Row],[HST]] -> 0 | N20: =DE_SJ[[#This Row],[FEES]]*-1 -> 0 | O20: =SUMIFS(CR!G:G,CR!B:B, C20) -> 0 | P20: =L20-O20 -> 0
A21: =IF((P21>0.01),(MAX($A$4:A20)+1),0) -> 0 | K21: =IF(DE_SJ[[#This Row],[H S T CODE]]="Y",DE_SJ[[#This Row],[FEES]]*0.15,0) -> 0 | L21: =DE_SJ[[#This Row],[FEES]]+DE_SJ[[#This Row],[HST]] -> 0 | N21: =DE_SJ[[#This Row],[FEES]]*-1 -> 0 | O21: =SUMIFS(CR!G:G,CR!B:B, C21) -> 0 | P21: =L21-O21 -> 0
A22: =IF((P22>0.01),(MAX($A$4:A21)+1),0) -> 0 | K22: =IF(DE_SJ[[#This Row],[H S T CODE]]="Y",DE_SJ[[#This Row],[FEES]]*0.15,0) -> 0 | L22: =DE_SJ[[#This Row],[FEES]]+DE_SJ[[#This Row],[HST]] -> 0 | N22: =DE_SJ[[#This Row],[FEES]]*-1 -> 0 | O22: =SUMIFS(CR!G:G,CR!B:B, C22) -> 0 | P22: =L22-O22 -> 0
A23: =IF((P23>0.01),(MAX($A$4:A22)+1),0) -> 0 | K23: =IF(DE_SJ[[#This Row],[H S T CODE]]="Y",DE_SJ[[#This Row],[FEES]]*0.15,0) -> 0 | L23: =DE_SJ[[#This Row],[FEES]]+DE_SJ[[#This Row],[HST]] -> 0 | N23: =DE_SJ[[#This Row],[FEES]]*-1 -> 0 | O23: =SUMIFS(CR!G:G,CR!B:B, C23) -> 0 | P23: =L23-O23 -> 0
A24: =IF((P24>0.01),(MAX($A$4:A23)+1),0) -> 0 | K24: =IF(DE_SJ[[#This Row],[H S T CODE]]="Y",DE_SJ[[#This Row],[FEES]]*0.15,0) -> 0 | L24: =DE_SJ[[#This Row],[FEES]]+DE_SJ[[#This Row],[HST]] -> 0 | N24: =DE_SJ[[#This Row],[FEES]]*-1 -> 0 | O24: =SUMIFS(CR!G:G,CR!B:B, C24) -> 0 | P24: =L24-O24 -> 0
... A34: =IF((P34>0.01),(MAX($A$4:A33)+1),0) -> 0 | K34: =IF(DE_SJ[[#This Row],[H S T CODE]]="Y",DE_SJ[[#This Row],[FEES]]*0.15,0) -> 0 | L34: =DE_SJ[[#This Row],[FEES]]+DE_SJ[[#This Row],[HST]] -> 0 | N34: =DE_SJ[[#This Row],[FEES]]*-1 -> 0 | O34: =SUMIFS(CR!G:G,CR!B:B, C34) -> 0 | P34: =L34-O34 -> 0
A35: =IF((P35>0.01),(MAX($A$5:A34)+1),0) -> 0 | C35: TEMPLATE ROW | K35: =DE_SJ[[#This Row],[FEES]]*0.15 -> 0 | L35: =DE_SJ[[#This Row],[FEES]]+DE_SJ[[#This Row],[HST]] -> 0 | N35: =DE_SJ[[#This Row],[FEES]]*-1 -> 0 | O35: =SUMIFS(CR!H:H,CR!C:C, C35) -> 0 | P35: =L35-O35 -> 0

Sheet GJ
A1: TABLE OF CONTENTS | C1: GENERAL JOURNAL | AX1: =COUNT(G:G,"<>0") -> 14
B2: =COA!$B$2 -> ANONYMOUS COMPANY
B3: =COA!B4 -> 46022
B4: GENERAL JOURNAL
F7: PROOF | G7: =SUM(G10:G99) -> -1.8189894e-12
B9: DATE | C9: REF | D9: SOURCE | E9: PARTICULARS | F9: ACCOUNT | G9: AMOUNT | H9: Column1
B11: 45904 | C11: 1 | D11: JE | E11: TO SHOW MKT SECURITIES AT MARKET | F11: 1139 Exchange/mark to market | G11: 18415
B12: 45904 | C12: 1 | D12: JE | E12: TO SHOW MKT SECURITIES AT MARKET | F12: 4190 Unrealized gain/loss on Canadian securities | G12: -12350
B13: 45904 | C13: 1 | D13: JE | E13: TO SHOW MKT SECURITIES AT MARKET | F13: 4191 Unrealized gain/loss on foreign securities | G13: -6065
B14: 45904 | C14: 1 | D14: JE | E14: TO SHOW MKT SECURITIES AT MARKET | F14: 1139 Exchange/mark to market | G14: 200
B15: 45904 | C15: 1 | D15: JE | E15: TO SHOW MKT SECURITIES AT MARKET | F15: 4191 Unrealized gain/loss on foreign securities | G15: -200
B17: 45953 | C17: 2 | D17: JE | E17: SALE OF FORF F150 | F17: 8900 Gain on disposition of assets | G17: -25000
B18: 45953 | C18: 2 | D18: JE | E18: HST THEREON | F18: 2205 HST Returns | G18: -3750
B19: 45953 | C19: 2 | D19: JE | E19: sale of Ford | F19: 1141 Miscellaneous receivables | G19: 28750
B20: 45953 | C20: 2 | D20: JE | E20: to TFR NBV of asset sold | F20: 8900 Gain on disposition of assets | G20: 17674.26
B21: 45953 | C21: 2 | D21: JE | E21: to remove cost of auto sold | F21: 1742 Automobile | G21: -29704.95
B22: 45953 | C22: 2 | D22: JE | E22: To remove Ac Amort of asset sold | F22: 1743 Automobile:Accum Dep | G22: 12030.69
B24: 45953 | C24: 3 | D24: JE | E24: to adjust amortization | F24: 1743 Automobile:Accum Dep | G24: -1490.322
B25: 45953 | C25: 3 | D25: JE | E25: to adjust amortization | F25: 5010 Amortization Expense | G25: 1490.322

Sheet BK_CDN
A1: TABLE OF CONTENTS | C1: CANADIAN BROKER JOURNAL
B2: =COA!B2 -> ANONYMOUS COMPANY
B3: BROKER TRANSACTION US ACCOUNT
B4: ="AS AT "&UPPER(TEXT(COA!B4,"MMMM DD, YYYY")) -> AS AT DECEMBER 31, 2025
C5: BK-CDN | J5: 93828.66 | K5: 1.439 | L5: =J5*K5 -> 135019.44 | V5: PROOF | X5: =SUM(X10:X98) -> -2.910383e-11
B7: TRANSACTIONS | M7: HELPER COLUMNS | V7: GENERAL LEDGER | Y7: UNITS | AC7: ACB | AG7: GAIN/(LOSS) ON DISPOSITION | AL7: HOLDINGS | AT7: CONVERT TO CANADIAN $
B8: REF | C8: SOURCE | D8: PARTICULARS | E8: TYPE | F8: DATE | G8: PRICE | H8: QTY | I8: COMM | J8: ACTIVITY | K8: BALANCE | L8: ACCOUNT | M8: SYMBOL OPEN BUY/SALE | N8: H2 | O8: H | P8: M | Q8: B2 | R8: S | S8: O/E | T8: SYMBOL MATCH | U8: GL CODE REF | V8: OPENING QTY2 | W8: OPENING BALANCES | X8: AMOUNT | Y8: PREVIOUS UNITS | Z8: SHARES BOUGHT | AA8: SHARES SOLD | AB8: TOTAL SHARES | AC8: PRIOR ACB | AD8: ACB OF BUYS | AE8: SOLD | AF8: ACB ENDING | AG8: PROCEEDS | AH8: GAINS (lOSSES) | AI8: DATE PURCHASED | AJ8: DAYS HELD | AK8: PURCHASE DATE | AL8: HOLDINGS | AM8: ACB | AN8: MKT | AO8: TOTAL MKT | AP8: DIVIDENDS | AT8: TYPE | AU8: Column1 | AV8: Column2 | AW8: AMOUNT | AX8: SECURITIES | AY8: TOTAL MKT PY/CY | AZ8: UNREALIZED GAIN (LOSS) | BA8: EXCHNAGE METHOD | BB8: EXCHANGE RATE | BC8: CDN $
G9: =IF(H9<>0,J9/H9*-1," ") | H9: 0 | J9: 0 | K9: =J9 -> 0 | L9: {=IFERROR(INDEX(M_TRX_TYPE[#Data], U9, MATCH($C$5,M_TRX_TYPE[#Headers], 0)), "")} | M9: =IF(OR(E9="O",E9="B",E9="S"),D9,"") | N9: =IF((O9="H"),(MAX($N7:N$8)+1),0) -> 0 | O9: =IF(OR(P9=0,P9=""),"",IF(P9-R9=S9,"H","")) | P9: 0 | Q9: =IF((E9="B"),(MAX($Q$6:Q7)+1),0) -> 0 | R9: =IF((AG9<0),(MAX($R7:$R$8)+1),0) -> 0 | S9: =IF((M9=""),0,COUNTIF($M$8:M9,M9)) -> 0 | T9: =IFERROR(MATCH(M9,M_SYMBOL[SYMBOL],0),"") | U9: =IFERROR(MATCH(E9,M_TRX_TYPE[TYPE],0),"") | V9: =IF((E9="O"),H9,0) -> 0 | W9: =IF((E9="O"),J9,IF(E9="OC",J9,0)) -> 0 | X9: =IF(OR(E9="O",E9="OC"),0,J9*-1) -> 0 | Y9: =IF(S9=1,0,IF(M9="",0,IF(S9>1,(SUMIF($M7:Z$8,M9,$Z7:Z$8))+(SUMIF($M7:Z$8,M9,$AA7:AA$8)),0))) -> 0 | Z9: =IF(E9="B",H9,IF(E9="O",H9,0)) -> 0 | AA9: =IF(E9="S",H9,0) -> 0 | AB9: =DE_BKCDN[[#This Row],[PREVIOUS UNITS]]+DE_BKCDN[[#This Row],[SHARES BOUGHT]]+DE_BKCDN[[#This Row],[SHARES SOLD]] -> 0 | AC9: =IF(S9=1,0,IF(M9="",0,IF(S9>1,SUMIF($M7:AE$8,M9,$AE7:AE$8)+SUMIF($M7:AE$8,M9,$AD7:AD$8),0))) -> 0 | AD9: =IF(M9="",0,IF(OR(E9="B",E9="O"),J9*-1,0)) -> 0 | AE9: =IF(E9="S",(AC9/Y9)*H9,0) -> 0 | AF9: =AC9+AD9+AE9 -> 0 | AG9: =IF(M9="",0,IF(OR(E9="S"),J9*-1,0)) -> 0 | AH9: =DE_BKCDN[[#This Row],[PROCEEDS]]-DE_BKCDN[[#This Row],[SOLD]] -> 0 | AI9: =IF(AB9=0, IF(AND(OR(E9="B", E9="O"), D9=D7), F9, ""), IF(F7="", F9, IF(D9=D7, AI7, F9))) | AJ9: =IF(E9="S", DATEDIF(_xlfn.MAXIFS($F9:F$10, $D9:D$10, D9, $AB9:AB$10, ">0"), F9, "d"), "") | AK9: =IF(O9="H",DE_BKCDN[[#This Row],[DATE]],"") | AL9: =IF(O9="","",IF(O9="H",SUMIF($M$8:$Z$93,M9,$Z$8:$Z$93)+SUMIF($M$8:$AA$93,M9,$AA$8:$AA$93))) | AM9: =IF(O9="H",SUMIF($M$8:$AF$93,M9,$AD$8:$AD$93)+SUMIF($M$8:$AF$93,M9,$AE$8:$AE$93),0) -> 0 | AN9: 0 | AO9: =IFERROR(DE_BKCDN[[#This Row],[MKT]]*DE_BKCDN[[#This Row],[HOLDINGS]],0) -> 0 | AP9: =IF(E9="D",J9," ") | AT9: BALFWD | AU9: =IFERROR(MATCH(AT9,M_TRX_TYPE[TYPE],0),"") | AV9: {=IFERROR(INDEX(M_TRX_TYPE[#Data], AU9, MATCH($C$5, M_TRX_TYPE[#Headers], 0)), "")} | AW9: =SUMIF($E$10:$X$98,AT9,$X$10:$X$98) -> 0 | AX9: 0 | AY9: =FR_U118[[#This Row],[AMOUNT]] -> 0 | AZ9: 0 | BA9: DEC 31 2024 | BB9: =K5 -> 1.439 | BC9: =FR_U118[[#This Row],[EXCHANGE RATE]]*FR_U118[[#This Row],[AMOUNT]] -> 0
